Workbook
Name AcademiaAdministrativeSupportCategories: Constants!$A$58:$A$59
Name AcademiaConsultantCategories: Constants!$A$55
Name AcademiaLaborGroups: Constants!$A$21:$A$24
Name AcademiaProjectManagementCategories: Constants!$A$35:$A$38
Name AcademiaResearchCategories: Constants!$A$41:$A$52
Name ff.dlrs.Base: 'Total Amount'!$F$72
Name ff.dlrs.Op1: 'Total Amount'!$I$72
Name ff.dlrs.Op2: 'Total Amount'!$L$72
Name ff.dlrs.Op3: 'Total Amount'!#REF!
Name ff.dlrs.Op4: 'Total Amount'!#REF!
Name ff.dlrs.Op5: 'Total Amount'!#REF!
Name GeneralConsultantCategories: Constants!$A$107
Name GeneralLaborGroups: Constants!$A$27:$A$32
Name GeneralManufacturingCategories: Constants!$A$92:$A$103
Name GeneralProjectManagementCategories: Constants!$A$68:$A$73
Name GeneralScienceandEngineeringCategories: Constants!$A$76:$A$81
Name GeneralSoftwareDevelopmentCategories: Constants!$A$84:$A$89
Name GeneralSupportCategories: Constants!$A$62:$A$65
Name Indirect.Rate.Table: 'Indirect Rates and Profit_Fee'!$A$4:$L$11
Name IndirectRateCategories: Constants!$A$113:$A$129
Name Labor.Rates.Table: 'Labor Rates'!$A$7:$AN$32
Name Labor_Cats_Sorted_Table: Constants!$A$111:$A$156
Name LaborCollection: Constants!$A$15
Name NoBusinessTypeSelected: Constants!$A$18
Name Offeror.Bus.Type: 'Proposer Constants'!$A$4
Name OfferorBusinessTypes: Constants!$A$8:$A$12
Name OfferorBusType: 'Proposer Constants'!$A$4
Name Period1_Label: 'Proposer Constants'!$B$9
Name Period2_Label: 'Proposer Constants'!$C$9
Name Period3_Label: 'Proposer Constants'!$D$9
Name Period4_Label: 'Proposer Constants'!$E$9
Name Period5_Label: 'Proposer Constants'!$F$9
Name Period6_Label: 'Proposer Constants'!$G$9
Name SBIRSTTRPhaseChoices: [1]Constants!$A$144:$A$147
Name SBIRSTTRPhaseChoices: [2]Constants!$A$134:$A$137
Name SBIRSTTRPhaseChoices: Constants!$A$135:$A$138
Name sc.dlrs.Base: 'Total Amount'!$F$61
Name sc.dlrs.Op1: 'Total Amount'!$I$61
Name sc.dlrs.Op2: 'Total Amount'!$L$61
Name sc.dlrs.Op3: 'Total Amount'!#REF!
Name sc.dlrs.Op4: 'Total Amount'!#REF!
Name sc.dlrs.Op5: 'Total Amount'!#REF!
Name SmallBusinessSizeChoices: Constants!$A$143:$A$146
Name SpecificAnnouncementNumber: Constants!$A$5
Name SpreadsheetVersionNumber: Constants!$A$2
Name tcc.dlrs.Base: 'Total Amount'!$F$50
Name tcc.dlrs.Op1: 'Total Amount'!$I$50
Name tcc.dlrs.Op2: 'Total Amount'!$L$50
Name tcc.dlrs.Op3: 'Total Amount'!#REF!
Name tcc.dlrs.Op4: 'Total Amount'!#REF!
Name tcc.dlrs.Op5: 'Total Amount'!#REF!
Name tcm.dlrs.Base: 'Total Amount'!$F$70
Name tcm.dlrs.Op1: 'Total Amount'!$I$70
Name tcm.dlrs.Op2: 'Total Amount'!$L$70
Name tcm.dlrs.Op3: 'Total Amount'!#REF!
Name tcm.dlrs.Op4: 'Total Amount'!#REF!
Name tcm.dlrs.Op5: 'Total Amount'!#REF!
Name tdlc.dlrs.Base: 'Total Amount'!$F$32
Name tdlc.dlrs.Op1: 'Total Amount'!$I$32
Name tdlc.dlrs.Op2: 'Total Amount'!$L$32

Sheet Coversheet

Sheet General
A1: DARPA Standard Cost Proposal Spreadsheet (Single Technical Area) November 2021
A2: Proposer Name: | C2: Proposer's Name (Prime or Subcontractor) | D2: Proposer's CAGE
A3: Top Prime Proposer: | C3: Prime Contractor (Fill-in) (if applicable) | D3: Prime's CAGE
A4: Solicitation No. | C4: Solicitation # (Fill-in)
A5: Proposer's Proposal ID: | C5: Proposer's Proposal ID
A6: SBIR/STTR Phase: | C6: Not Applicable | D6: (drop-down list)
B8: GENERAL INFORMATION
B9: The purpose of the requested information in the 25 attached worksheets is to assist government personnel in the review and evaluation of cost proposals submitted by proposers. Proposers are reminded that the responsibility for providing adequate supporting data and attachments lies solely with them. Further, the proposer must also bear the burden of proof in establishing reasonableness of proposed costs; therefore, it is in the proposer’s best interest to submit a fully supportable and well-prepared cost proposal. The basis and rationale for all proposed costs should be provided as part of the proposal so that Government personnel can place reliance on the information as current, complete and accurate. Further, for procurement contracts, FAR 15.403-4 sets forth those circumstances in which proposers are required to submit certified cost or pricing data. This spreadsheet should be used for all cost proposals, regardless of award instrument: grant, cooperative agreement, contract, other transaction, or technology investment agreement.
B11: The purpose of this cost proposal spreadsheet is to assist the Government in completing a rapid analysis of your proposed costs and, if your proposal is selected for award, speeding up the negotiation and award execution process.
B12: Cost by Task: In addition to providing summary by period of performance (Base and any Options), the contractor is also responsible for providing a breakdown of cost for each task identified in the statement of work. The sum of all cost by task worksheets MUST equal the total cost summary.
B14: Options: Unpriced Options will not be accepted. Any Option that is not fully priced, will not be included in any resulting award.
B16: Enter the proposed cost detail for the Base and each Option period (as needed) on the tabs entitled,, "Base", "O-I". "O-II", O-III", "O-IV", and "O-V". The tab entitled, "Total Amount" will automatically calculate from the Base and Option tabs.
B18: • Before entering other data, fill in yellow fields on General tab, Proposer Constants tab, Labor Rates tab, and Indirect Rates tab. A Business Type on the Proposer Constants tab must be selected before Labor Groups and Labor Categories can be selected on the Labor Rates tab.
B19: • Proposers may add additional specific cost categories (Subcontractors, ODC types, etc.) as needed but must ensure those new cost categories track to the Total Amount tab. See the General Instructions document below for details. | P19: DARPA is interested in your feedback on this updated cost proposal spreadsheet. If you have suggestions for improving this spreadsheet, please send an email to costproposal@darpa.mil
B20: • Yellow and Clear cells are for data entry. Gray cells indicate references or formulas that should not be changed unless the formula does not match your organization's business rules. If you change these formulas, you must ensure the change does not affect the overall flow of the spreadsheet.
B21: • Ensure all costs from other worksheets are correct.
B22: • If a row, column, or worksheet in this spreadsheet is not needed for your proposal, either ignore it or Hide it; do not delete it.
B25: Below is a summary of the proposed cost. This chart will automatically fill in from the "Total Amount" tab. | J25: Below is a summary of Documentation/Documents Required
C26: ='Total Amount'!B32 -> Total Direct Labor Costs | D26: ='Total Amount'!N32 -> 0 | J26: Prior to Negotiations
C27: ='Total Amount'!B35 -> Total Fringe Benefit Costs | D27: ='Total Amount'!N35 -> 0 | J27: =IF(COUNTIF(Subcontractor!B16:O24,"<>"&"")>0, "Prime Contractor's Cost Analysis and Source Selection documentationfor each Subcontractor", "")
C28: ='Total Amount'!B38 -> Total Labor Overhead Costs | D28: ='Total Amount'!N38 -> 0 | J28: =IF(COUNTIF(Consultants!B4:D12,"<>"&"")>0, "Consulting Agreement for each Consultant", "")
C29: ='Total Amount'!B44 -> Total Subcontract Costs | D29: ='Total Amount'!N44 -> 0 | J29: =IF(COUNTIF('Materials-Supplies'!B4:D12,"<>"&"")>0, "Supporting documentation for Materials/Supplies", "")
C30: ='Total Amount'!B50 -> Total Consultant Costs | D30: ='Total Amount'!N50 -> 0 | J30: =IF(COUNTIF(Equipment!B4:H8,"<>"&"")>0, "Supporting documentation for Equipment", "")
C31: ='Total Amount'!B56 -> Total Other Direct Costs | D31: ='Total Amount'!N56 -> 0 | J31: =IF(COUNTIF('ODC Details'!B4:D10,"<>"&"")>0, "Supporting documentation for Other ODC", "")
C32: ='Total Amount'!B60 -> Total Material Handling Costs | D32: ='Total Amount'!N60 -> 0 | J32: =IF(COUNTIF('Labor Rates'!C8:C30,"<>"&"")>0, "Basis of Indirect Rate for each Indirect Rate", "")
C33: ='Total Amount'!A61 -> Subtotal Costs | D33: ='Total Amount'!N61 -> 0
C34: ='Total Amount'!B65 -> Total G&A Costs | D34: ='Total Amount'!N65 -> 0
C35: ='Total Amount'!A66 -> Subtotal Costs | D35: ='Total Amount'!N66 -> 0
C36: ='Total Amount'!B70 -> Total Cost of Money | D36: ='Total Amount'!N70 -> 0 | J36: Prior to Contract
C37: ='Total Amount'!A71 -> Total Estimated Costs | D37: ='Total Amount'!N71 -> 0 | J37: Certificate of Current Cost/Pricing Data for Prime if Contract > $2,000,000
C38: ='Total Amount'!A72 -> Fixed Fee (If proposing a CPFF contract) or Profit | D38: ='Total Amount'!N72 -> 0 | J38: Certificate of Current Cost/Pricing Data for each Subcontractor > $2,000,000
C39: ='Total Amount'!A73 -> Total Estimated Costs Plus Fixed Fee | D39: ='Total Amount'!N73 -> 0 | J39: If small business or non-traditional defense contractor, Certificate of Current Cost/Pricing Data for each Contract/Subcontractor > $7,500,000

Sheet Instructions
A1: Spreadsheet Instructions
A3: • These instructions describe how to use this DARPA Standard Cost Proposal spreadsheet to prepare an organization's cost proposal. These instructions do not replace or supersede cost proposal instructions given in the solicitation or announcement.
A4: • This spreadsheet can be used by both prime and sub proposers. Each proposer completes a spreadsheet specific to their organization.
A5: • The instructions that follow apply to the tabs/worksheets that are colored yellow, dark-gray, purple, and orange because these tabs are linked together using references and formulas. The light-gray tabs, such as Subcontractor, Consultants, Travel, etc., are stand-alone tabs that provide space for cost proposal details as required. You may modify formulas on the light-gray tabs. You may add tabs to clarify your proposal.
A6: • In addition to the instructions provided below, each tab may have additional guidance and instructions on it.
A8: Worksheet/Tab (Yellow, Dark-Gray, Purple or Orange color tabs)
A9: All Tabs
B10: • DO NOT DELETE tabs, rows, or columns that exist in this template. This will damage the structure of the spreadsheet. If you don't want to see a tab, row, or column, use the Hide function.
B11: • Before entering detailed proposal data, fill in the yellow fields on the General, Proposer Constants, Labor Rates, and Indirect Rates tabs. A Business Type on the Proposer Constants tab must be selected before Labor Groups and Labor Categories can be selected on the Labor Rates tab.
B12: • Yellow and Clear cells are for data entry. Gray cells indicate references or formulas that should not be changed unless the formula does not match your organization's business rules. If you change these formulas, you must ensure the change does not affect the overall flow of the spreadsheet.
B13: • When you are asked to select from a pick-list, use your best judgement and choose the closest fit.
B14: • If you need to add a new line on any tab, the line must be simultaneously added to multiple tabs. See the instructions below to add new lines.
A16: General Tab
B17: • Complete the yellow cells as appropriate. CAGE codes and an accurate DARPA solicitation number are helpful.
B18: • The Summary of Proposed Cost and Summary of Documentation will self-complete as you enter cost data into the template.
A20: Proposer Constants Tab
B21: • In cell A4, select the organization type that best describes your organization. This selection drives the list of DARPA Labor Groups and Labor Categories that appear on the Labor Rates tab. If you change this selection, you need to reselect Labor Categories and Labor Categories on the Labor Rates tab.
B22: • If you select a Business Type of 'Small Business', the Small Business Size Estimate area will activate. Select the range of the number of employees that best fits your organization at the time of this proposal.
B23: • Proposer Accounting Periods describe the begin/end dates for your organization's accounting periods. Transitions between accounting periods represent when labor rates and other costs change. Most likely, each part of a proposed effort will include more than one proposer accounting period. Do not leave a gap between fiscal years.
B24: • Change the Proposer's Preferred Label for each fiscal year as you see fit. This label will appear on the Labor Rates, Indirect Rates, and all Cost Detail tabs.
B25: • This spreadsheet provides six proposer fiscal years, which is typically sufficient for DARPA efforts. If you need more fiscal years (or accounting periods), use a second spreadsheet -- do not attempt to add fiscal years to this spreadsheet.
A27: Labor Rates Tab
B28: • This spreadsheet heavily relies on the Labor Rates tab. This tab is where you list all labor categories and changing rates to be used in all Cost Detail tabs of the proposal, be it the Base/Option tabs, Task tabs, or Technical Area tabs.
B29: • Each of your labor categories represent one line in this table. Enter your labor category name in column C and more details (if needed) in column D. These two columns will appear on all of the cost detail tabs.
B30: • For each of your labor categories, select the DARPA Labor Group and Category that best fits the labor category. First select a Group, and this will shorten the list of Categories. See the Labor Rates tab itself for a description of the DARPA Labor Categories. These descriptions do not have strictly defined boundaries.
B31: • For academic institutions (or other organizations) that may normally apply a percentage of a Full Time Equivalent (FTE) to an annual salary, please show the labor rate calculation in the Hourly Labor Rate cell. This can be done by dividing an annual salary by the FTE labor hours (for example, hourly labor rate = annual salary/2080)
B32: • You only need to enter rate information for the fiscal years when that particular labor category will be used.
B33: • If you need more labor categories than the 24 provided lines, see the instructions below to add more lines to this Labor Rates tab and all of the Cost Detail tabs.
A35: Indirect Rates and Profit_Fee Tab
B36: • For each proposer fiscal year, list each indirect rate (or profit/fee rate) your organization uses in this proposal. Pick the DARPA Rate Category that best matches each indirect rate. If no Category matches, pick "Other".
B37: • You should connect the Fringe, Overhead, and G&A/F&A rates entered on this tab to the appropriate cells in the Labor Rates tab. A relationship is set by default, and you can change this relationship to make it accurate for your organization. For example, University organizations should change the G&A DARPA Category to be F&A.
A39: Cost Detail Tabs (These include Base, Options, TA, TA Summary, and Task tabs)
B40: • Place costs and labor hours under the appropriate proposer fiscal year for this particular section of work.
B41: • In the Direct Labor section, do not change the labor categories or names on these Cost Detail tabs. All changes to labor categories and names must be done centrally on the Labor Rates tab.
B42: • Other than the Direct Labor section, the names or labels that appear in column B of the Base, Option, Task and Total Amount tabs (after row 38) all come from column B of the Base (Phase I) tab. Enter/change all names/labels on the Base tab, even if that particular row is not used for the Base phase. All cost detail tabs should have the exact same rows. For example, if you have a particular consultant that will only be involved in Option II, enter that consultant’s name on the Base tab but only enter that consultant’s costs on the Option II tab.
B43: • Proposers may add additional specific cost categories (Subcontractors, ODC types, etc.) as needed but must ensure those new cost categories track to the Total Amount tab. Follow the instructions below to add more rows.
B44: • The orange Task tabs (at the far right end of the many tabs) should be used when the proposal instructions request a breakdown of costs below the Option, Phase, or Technical Area level. Examples are task-breakout, milestones, or months. Costs should be entered on these Task tabs and mapped up to the proper Option, Phase or Technical Area tab using formulas. The Task tabs can be duplicated as many times as needed and can be renamed to be appropriate for your proposal.
A46: Adding Rows
B47: • This spreadsheet is designed to handle the addition of rows. It cannot handle the addition or removal of columns. As you use the spreadsheet, feel free to use the Excel Hide function to hide rows or columns that seem excessive.
B48: • When you add rows to the spreadsheet, it must be done consistently for all related worksheets. The instructions below describe how to add rows for the Labor Rates and Cost Detail tabs.
A50: Add Rows to Labor Rates Tab
B51: • Whenever an additional labor category row is needed (in addition to the 24 provided rows), a row must be added to all related worksheets. The worksheets involved are: Labor Rates, Total Amount, Base, O-I, O-II, O-III, O-IV, O-V, and all Task or Technical Area worksheets.
B52: 1. First, select any one of the involved worksheets.
B53: 2. Holding down the Ctrl key, multi-select all of the other related worksheets tabs. These tabs will remain selected as you execute steps 3 and 4.
B54: 3. Highlight one or more rows in the Direct Labor section of the active worksheet. Right click on a highlighted row number and choose the Insert function. This will insert one or more rows in all selected worksheets.
B55: 4. Select the formula-populated row above the newly inserted blank rows. Using your mouse, grab the dark square in the lower left corner of the column A cell. Drag this down to cover all of the just-created blank rows. This will copy all relevant formulas and formats down into the new rows in all selected worksheets.
B56: 5. DE-SELECT the involved worksheets by clicking any other (not currently selected) worksheet tab.
B57: 6. Go to the Labor Rates worksheet and enter data for the newly inserted labor category rows.
A59: Add Rows to Cost Detail Tabs
B60: • Whenever an additional cost category row is needed (in addition to the several provided rows), a row must be added to all related worksheets. The worksheets involved are: Total Amount, Base, O-I, O-II, O-III, O-IV, O-V, and all Task or Technical Area worksheets.
B61: 1. First, select any one of the involved worksheets.
B62: 2. Holding down the Ctrl key, multi-select all of the other related worksheets tabs. These tabs will remain selected as you execute steps 3 and 4.
B63: 3. Highlight one or more rows in the active worksheet. Right click on a highlighted row number and choose the Insert function. This will insert one or more rows in all selected worksheets.
B64: 4. Select the formula-populated row above the newly inserted blank rows. Using your mouse, grab the dark square in the lower left corner of the column A cell. Drag this down to cover all of the just-created blank rows. This will copy all relevant formulas and formats down into the new rows in all selected worksheets.
B65: 5. DE-SELECT the involved worksheets by clicking any other (not currently selected) worksheet tab.
B66: 6. Go to the BASE tab and enter labels in column B for the newly inserted cost category rows.

Sheet Change Notes
A1: Version ID | B1: Tab | C1: Changes from Previous
A2: 12-2019 | C2: Original Version used for BTO BAA.
A3: 01-2020.1 | B3: Base, all Options, Tasks | C3: In Base and all Option tabs and two TASK tabs, column Q in Labor Rates table, now refers to correct column (N) instead of (M). Incorrect column caused Fringe Benefit Rate to be used instead of Labor Overhead Rate in calculations. This was only incorrect for the second fiscal year (only column Q).
A4: 01-2020.1 | B4: Base, all Options, Tasks | C4: In all of the same tabs described above, cell U72 was distributed with "10%" as the default value. This is changed to be 0%
A5: 01-2020.1 | B5: Summary Cost Table | C5: Removed the inclusion of row D (hours) in the Checksum value in the bottom row.
A6: 03-2020 | B6: Base, all Options, Tasks | C6: Summed the Hours for Consultants.
A7: 03-2020 | B7: General | C7: Updated the General Instructions Word document.
A8: 03-2020 | B8: Base | C8: Yellow highlights added to column B.
A9: 04-2020 | B9: Constants | C9: There were two "Program/Project Manager III" categories. Changed second one to be "Program/Project Manager II"
A10: 1.04.00 | B10: General | C10: Top, added CAGE codes and proposer's proposal ID.
A11: 1.04.00 | B11: Constants | C11: Added Fringe, Overhead (Labor), G&A (Labor) and F&A (Labor) to the Indirect Rates list.
A12: 1.04.00 | B12: General | C12: Cells B18 & B19 instructions expanded.
A13: 1.04.00 | B13: Labor Rates | C13: Updated A7, B7 to include the word "Required".
A14: 1.04.00 | B14: Offeror Constants | C14: Replaced out-year fiscal year dates with formulas that add 12 months to the prior FY date. Plus conditional formatting on FY Begin Dates.
... A31: 1.06.03 | B31: Labor Rates | C31: Changed column name from Fully Loaded Rate to Loaded Hourly Rate

Sheet Constants
A1: Spreadsheet Version Number
A2: 1.06.03 | B2: First digit change --> prior functions changes. Second digit change --> new function added. Third digit change --> change in spreadsheet that does not affect CPDB.
A4: SpecificAnnouncementNumber
A7: General, I2, Picklist of Offeror Business Types | D7: Cell Range Naming Conventions:
A8: Large Business | D8: ThisIsAName = internal constants such as pick-lists
A9: Small Business | D9: This.Is.a.Name = named ranges holding proposer data
A10: Non-Profit
A11: Academia
A12: Lab/FFRDC | D12: Labor Collection --> Labor Group --> Labor Category
A14: Labor Collection based on Offeror Business Type Selection | C14: =CONCATENATE("Offeror.Bus.Type is ",Offeror.Bus.Type) -> Offeror.Bus.Type is
A15: =IF(Offeror.Bus.Type = "", "",IF(Offeror.Bus.Type = "Academia","Academia","General")) | B15: Valid values are Academia or General | D15: Add/Change Labor Collection requires Data Validation code change on Labor Rates tab, and new Labor Group list below.
A17: No Business Type Selected | B17: instructional choice
A18: First select a Business Type | B18: No Labor Collection is available
A20: Academia Labor Groups | D20: Add/Change Labor Group requires changes below to Categories
A21: Project Management
A22: Research
A23: Consultant
A24: Administrative Support
A26: General Labor Groups
A27: Project Management
A28: Science and Engineering
A29: Software Development
A30: Manufacturing
A31: Consultant
A32: Support
A34: Academia Project Management Categories
... A178: Business

Sheet Proposer Constants
A1: Proposer's Data Affecting Entire Spreadsheet
A3: This Organization's Business Type: | C3: Small Business Size Estimate:
B4: (drop-down-list) | C4: Not Applicable | D4: (drop-down-list)
A7: Proposer Accounting Periods
A8: Enter the expected date range of each accounting period from the Proposer's perspective. A period change would represent a change in hourly rates or indirect cost rates.
A9: Proposer's Preferred Label: | B9: Proposer FY 1 | C9: Proposer FY 2 | D9: Proposer FY 3 | E9: Proposer FY 4 | F9: Proposer FY 5 | G9: Proposer FY 6
A10: Fiscal Year Begin Date: | B10: 44348 | C10: =EDATE(B10,12) -> 44713 | D10: =EDATE(C10,12) -> 45078 | E10: =EDATE(D10,12) -> 45444 | F10: =EDATE(E10,12) -> 45809 | G10: =EDATE(F10,12) -> 46174
A11: Fiscal Year End Date: | B11: 44712 | C11: =EDATE(B11,12) -> 45077 | D11: =EDATE(C11,12) -> 45443 | E11: =EDATE(D11,12) -> 45808 | F11: =EDATE(E11,12) -> 46173 | G11: =EDATE(F11,12) -> 46538
A13: Note 1 - Proposers should set the period of performance for the Base and each Option in cell C1 of the corresponding tabs.
A15: Note 2 - A Fiscal Year Begin Date should be one day after the Fiscal Year End Date of the prior fiscal year (or accounting period). Cells will turn red if this condition is not met.

Sheet Labor Rates
A1: Labor Rates
A2: =General!C2 -> Proposer's Name (Prime or Subcontractor)
A3: This line is blank to help align row numbers on this tab with the rows on the Base and Options tabs
A4: This line is blank to help align row numbers on this tab with the rows on the Base and Options tabs
E5: =Period1_Label -> Proposer FY 1 | K5: =Period2_Label -> Proposer FY 2 | Q5: =Period3_Label -> Proposer FY 3 | W5: =Period4_Label -> Proposer FY 4 | AC5: =Period5_Label -> Proposer FY 5 | AI5: =Period6_Label -> Proposer FY 6 | AO5: Basis of Labor Rate (Note 1)
A6: Pick-List | B6: Pick-List | C6: Open Text | D6: Open Text | E6: $$$ | G6: % | H6: % | I6: % | J6: Calculated | K6: $$$ | L6: Calculated | M6: % | N6: % | O6: % | P6: Calculated | Q6: $$$ | R6: Calculated | S6: % | T6: % | U6: % | V6: Calculated | W6: $$$ | X6: Calculated | Y6: % | Z6: % | AA6: % | AB6: Calculated | AC6: $$$ | AD6: Calculated | AE6: % | AF6: % | AG6: % | AH6: Calculated | AI6: $$$ | AJ6: Calculated | AK6: % | AL6: % | AM6: % | AN6: Calculated
A7: Required 1. DARPA Labor Group | B7: Required 2. DARPA Labor Category | C7: Proposer's Labor Category | D7: Name or Comment | E7: Hourly Labor Rate | G7: Fringe Benefits Rate | H7: Labor Overhead Rate | I7: =IF(LaborCollection="Academia","F&A Rate","G&A Rate") -> G&A Rate | J7: Loaded Hourly Rate | K7: Hourly Labor Rate | L7: Labor Escalation Rate | M7: Fringe Benefits Rate | N7: Labor Overhead Rate | O7: =IF(LaborCollection="Academia","F&A Rate","G&A Rate") -> G&A Rate | P7: Loaded Hourly Rate | Q7: Hourly Labor Rate | R7: Labor Escalation Rate | S7: Fringe Benefits Rate | T7: Labor Overhead Rate | U7: =IF(LaborCollection="Academia","F&A Rate","G&A Rate") -> G&A Rate | V7: Loaded Hourly Rate | W7: Hourly Labor Rate | X7: Labor Escalation Rate | Y7: Fringe Benefits Rate | Z7: Labor Overhead Rate | AA7: =IF(LaborCollection="Academia","F&A Rate","G&A Rate") -> G&A Rate | AB7: Loaded Hourly Rate | AC7: Hourly Labor Rate | AD7: Labor Escalation Rate | AE7: Fringe Benefits Rate | AF7: Labor Overhead Rate | AG7: =IF(LaborCollection="Academia","F&A Rate","G&A Rate") -> G&A Rate | AH7: Loaded Hourly Rate | AI7: Hourly Labor Rate | AJ7: Labor Escalation Rate | AK7: Fringe Benefits Rate | AL7: Labor Overhead Rate | AM7: =IF(LaborCollection="Academia","F&A Rate","G&A Rate") -> G&A Rate | AN7: Loaded Hourly Rate | AO7: (Example: FPRA, Individual Payrate, Average for Job Category, etc.)
B8: =IF(ISBLANK(C8),"","Select a DARPA Labor Cat.") | E8: 0 | F8: N/A | G8: ='Indirect Rates and Profit_Fee'!$D$5 -> 0 | H8: ='Indirect Rates and Profit_Fee'!$D$6 -> 0 | I8: ='Indirect Rates and Profit_Fee'!$D$7 -> 0 | J8: =E8*(1+G8)*(1+H8)*(1+I8) -> 0 | L8: =IF(E8=0,"N/A",((K8-E8)/E8)) -> N/A | M8: ='Indirect Rates and Profit_Fee'!$E$5 -> 0 | N8: ='Indirect Rates and Profit_Fee'!$E$6 -> 0 | O8: ='Indirect Rates and Profit_Fee'!$E$7 -> 0 | P8: =K8*(1+M8)*(1+N8)*(1+O8) -> 0 | R8: =IF(K8=0,"N/A",((Q8-K8)/K8)) -> N/A | S8: ='Indirect Rates and Profit_Fee'!$F$5 -> 0 | T8: ='Indirect Rates and Profit_Fee'!$F$6 -> 0 | U8: ='Indirect Rates and Profit_Fee'!$F$7 -> 0 | V8: =Q8*(1+S8)*(1+T8)*(1+U8) -> 0 | X8: =IF(Q8=0,"N/A",((W8-Q8)/Q8)) -> N/A | Y8: ='Indirect Rates and Profit_Fee'!$G$5 -> 0 | Z8: ='Indirect Rates and Profit_Fee'!$G$6 -> 0 | AA8: ='Indirect Rates and Profit_Fee'!$G$7 -> 0 | AB8: =W8*(1+Y8)*(1+Z8)*(1+AA8) -> 0 | AD8: =IF(W8=0,"N/A",((AC8-W8)/W8)) -> N/A | AE8: ='Indirect Rates and Profit_Fee'!$H$5 -> 0 | AF8: ='Indirect Rates and Profit_Fee'!$H$6 -> 0 | AG8: ='Indirect Rates and Profit_Fee'!$H$7 -> 0 | AH8: =AC8*(1+AE8)*(1+AF8)*(1+AG8) -> 0 | AJ8: =IF(AC8=0,"N/A",((AI8-AC8)/AC8)) -> N/A | AK8: ='Indirect Rates and Profit_Fee'!$I$5 -> 0 | AL8: ='Indirect Rates and Profit_Fee'!$I$6 -> 0 | AM8: ='Indirect Rates and Profit_Fee'!$I$7 -> 0 | AN8: =AI8*(1+AK8)*(1+AL8)*(1+AM8) -> 0
B9: =IF(ISBLANK(C9),"","Select a DARPA Labor Cat.") | F9: N/A | G9: ='Indirect Rates and Profit_Fee'!$D$5 -> 0 | H9: ='Indirect Rates and Profit_Fee'!$D$6 -> 0 | I9: ='Indirect Rates and Profit_Fee'!$D$7 -> 0 | J9: =E9*(1+G9)*(1+H9)*(1+I9) -> 0 | L9: =IF(E9=0,"N/A",((K9-E9)/E9)) -> N/A | M9: ='Indirect Rates and Profit_Fee'!$E$5 -> 0 | N9: ='Indirect Rates and Profit_Fee'!$E$6 -> 0 | O9: ='Indirect Rates and Profit_Fee'!$E$7 -> 0 | P9: =K9*(1+M9)*(1+N9)*(1+O9) -> 0 | R9: =IF(K9=0,"N/A",((Q9-K9)/K9)) -> N/A | S9: ='Indirect Rates and Profit_Fee'!$F$5 -> 0 | T9: ='Indirect Rates and Profit_Fee'!$F$6 -> 0 | U9: ='Indirect Rates and Profit_Fee'!$F$7 -> 0 | V9: =Q9*(1+S9)*(1+T9)*(1+U9) -> 0 | X9: =IF(Q9=0,"N/A",((W9-Q9)/Q9)) -> N/A | Y9: ='Indirect Rates and Profit_Fee'!$G$5 -> 0 | Z9: ='Indirect Rates and Profit_Fee'!$G$6 -> 0 | AA9: ='Indirect Rates and Profit_Fee'!$G$7 -> 0 | AB9: =W9*(1+Y9)*(1+Z9)*(1+AA9) -> 0 | AD9: =IF(W9=0,"N/A",((AC9-W9)/W9)) -> N/A | AE9: ='Indirect Rates and Profit_Fee'!$H$5 -> 0 | AF9: ='Indirect Rates and Profit_Fee'!$H$6 -> 0 | AG9: ='Indirect Rates and Profit_Fee'!$H$7 -> 0 | AH9: =AC9*(1+AE9)*(1+AF9)*(1+AG9) -> 0 | AJ9: =IF(AC9=0,"N/A",((AI9-AC9)/AC9)) -> N/A | AK9: ='Indirect Rates and Profit_Fee'!$I$5 -> 0 | AL9: ='Indirect Rates and Profit_Fee'!$I$6 -> 0 | AM9: ='Indirect Rates and Profit_Fee'!$I$7 -> 0 | AN9: =AI9*(1+AK9)*(1+AL9)*(1+AM9) -> 0
B10: =IF(ISBLANK(C10),"","Select a DARPA Labor Cat.") | F10: N/A | G10: ='Indirect Rates and Profit_Fee'!$D$5 -> 0 | H10: ='Indirect Rates and Profit_Fee'!$D$6 -> 0 | I10: ='Indirect Rates and Profit_Fee'!$D$7 -> 0 | J10: =E10*(1+G10)*(1+H10)*(1+I10) -> 0 | L10: =IF(E10=0,"N/A",((K10-E10)/E10)) -> N/A | M10: ='Indirect Rates and Profit_Fee'!$E$5 -> 0 | N10: ='Indirect Rates and Profit_Fee'!$E$6 -> 0 | O10: ='Indirect Rates and Profit_Fee'!$E$7 -> 0 | P10: =K10*(1+M10)*(1+N10)*(1+O10) -> 0 | R10: =IF(K10=0,"N/A",((Q10-K10)/K10)) -> N/A | S10: ='Indirect Rates and Profit_Fee'!$F$5 -> 0 | T10: ='Indirect Rates and Profit_Fee'!$F$6 -> 0 | U10: ='Indirect Rates and Profit_Fee'!$F$7 -> 0 | V10: =Q10*(1+S10)*(1+T10)*(1+U10) -> 0 | X10: =IF(Q10=0,"N/A",((W10-Q10)/Q10)) -> N/A | Y10: ='Indirect Rates and Profit_Fee'!$G$5 -> 0 | Z10: ='Indirect Rates and Profit_Fee'!$G$6 -> 0 | AA10: ='Indirect Rates and Profit_Fee'!$G$7 -> 0 | AB10: =W10*(1+Y10)*(1+Z10)*(1+AA10) -> 0 | AD10: =IF(W10=0,"N/A",((AC10-W10)/W10)) -> N/A | AE10: ='Indirect Rates and Profit_Fee'!$H$5 -> 0 | AF10: ='Indirect Rates and Profit_Fee'!$H$6 -> 0 | AG10: ='Indirect Rates and Profit_Fee'!$H$7 -> 0 | AH10: =AC10*(1+AE10)*(1+AF10)*(1+AG10) -> 0 | AJ10: =IF(AC10=0,"N/A",((AI10-AC10)/AC10)) -> N/A | AK10: ='Indirect Rates and Profit_Fee'!$I$5 -> 0 | AL10: ='Indirect Rates and Profit_Fee'!$I$6 -> 0 | AM10: ='Indirect Rates and Profit_Fee'!$I$7 -> 0 | AN10: =AI10*(1+AK10)*(1+AL10)*(1+AM10) -> 0
B11: =IF(ISBLANK(C11),"","Select a DARPA Labor Cat.") | F11: N/A | G11: ='Indirect Rates and Profit_Fee'!$D$5 -> 0 | H11: ='Indirect Rates and Profit_Fee'!$D$6 -> 0 | I11: ='Indirect Rates and Profit_Fee'!$D$7 -> 0 | J11: =E11*(1+G11)*(1+H11)*(1+I11) -> 0 | L11: =IF(E11=0,"N/A",((K11-E11)/E11)) -> N/A | M11: ='Indirect Rates and Profit_Fee'!$E$5 -> 0 | N11: ='Indirect Rates and Profit_Fee'!$E$6 -> 0 | O11: ='Indirect Rates and Profit_Fee'!$E$7 -> 0 | P11: =K11*(1+M11)*(1+N11)*(1+O11) -> 0 | R11: =IF(K11=0,"N/A",((Q11-K11)/K11)) -> N/A | S11: ='Indirect Rates and Profit_Fee'!$F$5 -> 0 | T11: ='Indirect Rates and Profit_Fee'!$F$6 -> 0 | U11: ='Indirect Rates and Profit_Fee'!$F$7 -> 0 | V11: =Q11*(1+S11)*(1+T11)*(1+U11) -> 0 | X11: =IF(Q11=0,"N/A",((W11-Q11)/Q11)) -> N/A | Y11: ='Indirect Rates and Profit_Fee'!$G$5 -> 0 | Z11: ='Indirect Rates and Profit_Fee'!$G$6 -> 0 | AA11: ='Indirect Rates and Profit_Fee'!$G$7 -> 0 | AB11: =W11*(1+Y11)*(1+Z11)*(1+AA11) -> 0 | AD11: =IF(W11=0,"N/A",((AC11-W11)/W11)) -> N/A | AE11: ='Indirect Rates and Profit_Fee'!$H$5 -> 0 | AF11: ='Indirect Rates and Profit_Fee'!$H$6 -> 0 | AG11: ='Indirect Rates and Profit_Fee'!$H$7 -> 0 | AH11: =AC11*(1+AE11)*(1+AF11)*(1+AG11) -> 0 | AJ11: =IF(AC11=0,"N/A",((AI11-AC11)/AC11)) -> N/A | AK11: ='Indirect Rates and Profit_Fee'!$I$5 -> 0 | AL11: ='Indirect Rates and Profit_Fee'!$I$6 -> 0 | AM11: ='Indirect Rates and Profit_Fee'!$I$7 -> 0 | AN11: =AI11*(1+AK11)*(1+AL11)*(1+AM11) -> 0
B12: =IF(ISBLANK(C12),"","Select a DARPA Labor Cat.") | F12: N/A | G12: ='Indirect Rates and Profit_Fee'!$D$5 -> 0 | H12: ='Indirect Rates and Profit_Fee'!$D$6 -> 0 | I12: ='Indirect Rates and Profit_Fee'!$D$7 -> 0 | J12: =E12*(1+G12)*(1+H12)*(1+I12) -> 0 | L12: =IF(E12=0,"N/A",((K12-E12)/E12)) -> N/A | M12: ='Indirect Rates and Profit_Fee'!$E$5 -> 0 | N12: ='Indirect Rates and Profit_Fee'!$E$6 -> 0 | O12: ='Indirect Rates and Profit_Fee'!$E$7 -> 0 | P12: =K12*(1+M12)*(1+N12)*(1+O12) -> 0 | R12: =IF(K12=0,"N/A",((Q12-K12)/K12)) -> N/A | S12: ='Indirect Rates and Profit_Fee'!$F$5 -> 0 | T12: ='Indirect Rates and Profit_Fee'!$F$6 -> 0 | U12: ='Indirect Rates and Profit_Fee'!$F$7 -> 0 | V12: =Q12*(1+S12)*(1+T12)*(1+U12) -> 0 | X12: =IF(Q12=0,"N/A",((W12-Q12)/Q12)) -> N/A | Y12: ='Indirect Rates and Profit_Fee'!$G$5 -> 0 | Z12: ='Indirect Rates and Profit_Fee'!$G$6 -> 0 | AA12: ='Indirect Rates and Profit_Fee'!$G$7 -> 0 | AB12: =W12*(1+Y12)*(1+Z12)*(1+AA12) -> 0 | AD12: =IF(W12=0,"N/A",((AC12-W12)/W12)) -> N/A | AE12: ='Indirect Rates and Profit_Fee'!$H$5 -> 0 | AF12: ='Indirect Rates and Profit_Fee'!$H$6 -> 0 | AG12: ='Indirect Rates and Profit_Fee'!$H$7 -> 0 | AH12: =AC12*(1+AE12)*(1+AF12)*(1+AG12) -> 0 | AJ12: =IF(AC12=0,"N/A",((AI12-AC12)/AC12)) -> N/A | AK12: ='Indirect Rates and Profit_Fee'!$I$5 -> 0 | AL12: ='Indirect Rates and Profit_Fee'!$I$6 -> 0 | AM12: ='Indirect Rates and Profit_Fee'!$I$7 -> 0 | AN12: =AI12*(1+AK12)*(1+AL12)*(1+AM12) -> 0
B13: =IF(ISBLANK(C13),"","Select a DARPA Labor Cat.") | F13: N/A | G13: ='Indirect Rates and Profit_Fee'!$D$5 -> 0 | H13: ='Indirect Rates and Profit_Fee'!$D$6 -> 0 | I13: ='Indirect Rates and Profit_Fee'!$D$7 -> 0 | J13: =E13*(1+G13)*(1+H13)*(1+I13) -> 0 | L13: =IF(E13=0,"N/A",((K13-E13)/E13)) -> N/A | M13: ='Indirect Rates and Profit_Fee'!$E$5 -> 0 | N13: ='Indirect Rates and Profit_Fee'!$E$6 -> 0 | O13: ='Indirect Rates and Profit_Fee'!$E$7 -> 0 | P13: =K13*(1+M13)*(1+N13)*(1+O13) -> 0 | R13: =IF(K13=0,"N/A",((Q13-K13)/K13)) -> N/A | S13: ='Indirect Rates and Profit_Fee'!$F$5 -> 0 | T13: ='Indirect Rates and Profit_Fee'!$F$6 -> 0 | U13: ='Indirect Rates and Profit_Fee'!$F$7 -> 0 | V13: =Q13*(1+S13)*(1+T13)*(1+U13) -> 0 | X13: =IF(Q13=0,"N/A",((W13-Q13)/Q13)) -> N/A | Y13: ='Indirect Rates and Profit_Fee'!$G$5 -> 0 | Z13: ='Indirect Rates and Profit_Fee'!$G$6 -> 0 | AA13: ='Indirect Rates and Profit_Fee'!$G$7 -> 0 | AB13: =W13*(1+Y13)*(1+Z13)*(1+AA13) -> 0 | AD13: =IF(W13=0,"N/A",((AC13-W13)/W13)) -> N/A | AE13: ='Indirect Rates and Profit_Fee'!$H$5 -> 0 | AF13: ='Indirect Rates and Profit_Fee'!$H$6 -> 0 | AG13: ='Indirect Rates and Profit_Fee'!$H$7 -> 0 | AH13: =AC13*(1+AE13)*(1+AF13)*(1+AG13) -> 0 | AJ13: =IF(AC13=0,"N/A",((AI13-AC13)/AC13)) -> N/A | AK13: ='Indirect Rates and Profit_Fee'!$I$5 -> 0 | AL13: ='Indirect Rates and Profit_Fee'!$I$6 -> 0 | AM13: ='Indirect Rates and Profit_Fee'!$I$7 -> 0 | AN13: =AI13*(1+AK13)*(1+AL13)*(1+AM13) -> 0
B14: =IF(ISBLANK(C14),"","Select a DARPA Labor Cat.") | F14: N/A | G14: ='Indirect Rates and Profit_Fee'!$D$5 -> 0 | H14: ='Indirect Rates and Profit_Fee'!$D$6 -> 0 | I14: ='Indirect Rates and Profit_Fee'!$D$7 -> 0 | J14: =E14*(1+G14)*(1+H14)*(1+I14) -> 0 | L14: =IF(E14=0,"N/A",((K14-E14)/E14)) -> N/A | M14: ='Indirect Rates and Profit_Fee'!$E$5 -> 0 | N14: ='Indirect Rates and Profit_Fee'!$E$6 -> 0 | O14: ='Indirect Rates and Profit_Fee'!$E$7 -> 0 | P14: =K14*(1+M14)*(1+N14)*(1+O14) -> 0 | R14: =IF(K14=0,"N/A",((Q14-K14)/K14)) -> N/A | S14: ='Indirect Rates and Profit_Fee'!$F$5 -> 0 | T14: ='Indirect Rates and Profit_Fee'!$F$6 -> 0 | U14: ='Indirect Rates and Profit_Fee'!$F$7 -> 0 | V14: =Q14*(1+S14)*(1+T14)*(1+U14) -> 0 | X14: =IF(Q14=0,"N/A",((W14-Q14)/Q14)) -> N/A | Y14: ='Indirect Rates and Profit_Fee'!$G$5 -> 0 | Z14: ='Indirect Rates and Profit_Fee'!$G$6 -> 0 | AA14: ='Indirect Rates and Profit_Fee'!$G$7 -> 0 | AB14: =W14*(1+Y14)*(1+Z14)*(1+AA14) -> 0 | AD14: =IF(W14=0,"N/A",((AC14-W14)/W14)) -> N/A | AE14: ='Indirect Rates and Profit_Fee'!$H$5 -> 0 | AF14: ='Indirect Rates and Profit_Fee'!$H$6 -> 0 | AG14: ='Indirect Rates and Profit_Fee'!$H$7 -> 0 | AH14: =AC14*(1+AE14)*(1+AF14)*(1+AG14) -> 0 | AJ14: =IF(AC14=0,"N/A",((AI14-AC14)/AC14)) -> N/A | AK14: ='Indirect Rates and Profit_Fee'!$I$5 -> 0 | AL14: ='Indirect Rates and Profit_Fee'!$I$6 -> 0 | AM14: ='Indirect Rates and Profit_Fee'!$I$7 -> 0 | AN14: =AI14*(1+AK14)*(1+AL14)*(1+AM14) -> 0
B15: =IF(ISBLANK(C15),"","Select a DARPA Labor Cat.") | F15: N/A | G15: ='Indirect Rates and Profit_Fee'!$D$5 -> 0 | H15: ='Indirect Rates and Profit_Fee'!$D$6 -> 0 | I15: ='Indirect Rates and Profit_Fee'!$D$7 -> 0 | J15: =E15*(1+G15)*(1+H15)*(1+I15) -> 0 | L15: =IF(E15=0,"N/A",((K15-E15)/E15)) -> N/A | M15: ='Indirect Rates and Profit_Fee'!$E$5 -> 0 | N15: ='Indirect Rates and Profit_Fee'!$E$6 -> 0 | O15: ='Indirect Rates and Profit_Fee'!$E$7 -> 0 | P15: =K15*(1+M15)*(1+N15)*(1+O15) -> 0 | R15: =IF(K15=0,"N/A",((Q15-K15)/K15)) -> N/A | S15: ='Indirect Rates and Profit_Fee'!$F$5 -> 0 | T15: ='Indirect Rates and Profit_Fee'!$F$6 -> 0 | U15: ='Indirect Rates and Profit_Fee'!$F$7 -> 0 | V15: =Q15*(1+S15)*(1+T15)*(1+U15) -> 0 | X15: =IF(Q15=0,"N/A",((W15-Q15)/Q15)) -> N/A | Y15: ='Indirect Rates and Profit_Fee'!$G$5 -> 0 | Z15: ='Indirect Rates and Profit_Fee'!$G$6 -> 0 | AA15: ='Indirect Rates and Profit_Fee'!$G$7 -> 0 | AB15: =W15*(1+Y15)*(1+Z15)*(1+AA15) -> 0 | AD15: =IF(W15=0,"N/A",((AC15-W15)/W15)) -> N/A | AE15: ='Indirect Rates and Profit_Fee'!$H$5 -> 0 | AF15: ='Indirect Rates and Profit_Fee'!$H$6 -> 0 | AG15: ='Indirect Rates and Profit_Fee'!$H$7 -> 0 | AH15: =AC15*(1+AE15)*(1+AF15)*(1+AG15) -> 0 | AJ15: =IF(AC15=0,"N/A",((AI15-AC15)/AC15)) -> N/A | AK15: ='Indirect Rates and Profit_Fee'!$I$5 -> 0 | AL15: ='Indirect Rates and Profit_Fee'!$I$6 -> 0 | AM15: ='Indirect Rates and Profit_Fee'!$I$7 -> 0 | AN15: =AI15*(1+AK15)*(1+AL15)*(1+AM15) -> 0
B16: =IF(ISBLANK(C16),"","Select a DARPA Labor Cat.") | F16: N/A | G16: ='Indirect Rates and Profit_Fee'!$D$5 -> 0 | H16: ='Indirect Rates and Profit_Fee'!$D$6 -> 0 | I16: ='Indirect Rates and Profit_Fee'!$D$7 -> 0 | J16: =E16*(1+G16)*(1+H16)*(1+I16) -> 0 | L16: =IF(E16=0,"N/A",((K16-E16)/E16)) -> N/A | M16: ='Indirect Rates and Profit_Fee'!$E$5 -> 0 | N16: ='Indirect Rates and Profit_Fee'!$E$6 -> 0 | O16: ='Indirect Rates and Profit_Fee'!$E$7 -> 0 | P16: =K16*(1+M16)*(1+N16)*(1+O16) -> 0 | R16: =IF(K16=0,"N/A",((Q16-K16)/K16)) -> N/A | S16: ='Indirect Rates and Profit_Fee'!$F$5 -> 0 | T16: ='Indirect Rates and Profit_Fee'!$F$6 -> 0 | U16: ='Indirect Rates and Profit_Fee'!$F$7 -> 0 | V16: =Q16*(1+S16)*(1+T16)*(1+U16) -> 0 | X16: =IF(Q16=0,"N/A",((W16-Q16)/Q16)) -> N/A | Y16: ='Indirect Rates and Profit_Fee'!$G$5 -> 0 | Z16: ='Indirect Rates and Profit_Fee'!$G$6 -> 0 | AA16: ='Indirect Rates and Profit_Fee'!$G$7 -> 0 | AB16: =W16*(1+Y16)*(1+Z16)*(1+AA16) -> 0 | AD16: =IF(W16=0,"N/A",((AC16-W16)/W16)) -> N/A | AE16: ='Indirect Rates and Profit_Fee'!$H$5 -> 0 | AF16: ='Indirect Rates and Profit_Fee'!$H$6 -> 0 | AG16: ='Indirect Rates and Profit_Fee'!$H$7 -> 0 | AH16: =AC16*(1+AE16)*(1+AF16)*(1+AG16) -> 0 | AJ16: =IF(AC16=0,"N/A",((AI16-AC16)/AC16)) -> N/A | AK16: ='Indirect Rates and Profit_Fee'!$I$5 -> 0 | AL16: ='Indirect Rates and Profit_Fee'!$I$6 -> 0 | AM16: ='Indirect Rates and Profit_Fee'!$I$7 -> 0 | AN16: =AI16*(1+AK16)*(1+AL16)*(1+AM16) -> 0
B17: =IF(ISBLANK(C17),"","Select a DARPA Labor Cat.") | F17: N/A | G17: ='Indirect Rates and Profit_Fee'!$D$5 -> 0 | H17: ='Indirect Rates and Profit_Fee'!$D$6 -> 0 | I17: ='Indirect Rates and Profit_Fee'!$D$7 -> 0 | J17: =E17*(1+G17)*(1+H17)*(1+I17) -> 0 | L17: =IF(E17=0,"N/A",((K17-E17)/E17)) -> N/A | M17: ='Indirect Rates and Profit_Fee'!$E$5 -> 0 | N17: ='Indirect Rates and Profit_Fee'!$E$6 -> 0 | O17: ='Indirect Rates and Profit_Fee'!$E$7 -> 0 | P17: =K17*(1+M17)*(1+N17)*(1+O17) -> 0 | R17: =IF(K17=0,"N/A",((Q17-K17)/K17)) -> N/A | S17: ='Indirect Rates and Profit_Fee'!$F$5 -> 0 | T17: ='Indirect Rates and Profit_Fee'!$F$6 -> 0 | U17: ='Indirect Rates and Profit_Fee'!$F$7 -> 0 | V17: =Q17*(1+S17)*(1+T17)*(1+U17) -> 0 | X17: =IF(Q17=0,"N/A",((W17-Q17)/Q17)) -> N/A | Y17: ='Indirect Rates and Profit_Fee'!$G$5 -> 0 | Z17: ='Indirect Rates and Profit_Fee'!$G$6 -> 0 | AA17: ='Indirect Rates and Profit_Fee'!$G$7 -> 0 | AB17: =W17*(1+Y17)*(1+Z17)*(1+AA17) -> 0 | AD17: =IF(W17=0,"N/A",((AC17-W17)/W17)) -> N/A | AE17: ='Indirect Rates and Profit_Fee'!$H$5 -> 0 | AF17: ='Indirect Rates and Profit_Fee'!$H$6 -> 0 | AG17: ='Indirect Rates and Profit_Fee'!$H$7 -> 0 | AH17: =AC17*(1+AE17)*(1+AF17)*(1+AG17) -> 0 | AJ17: =IF(AC17=0,"N/A",((AI17-AC17)/AC17)) -> N/A | AK17: ='Indirect Rates and Profit_Fee'!$I$5 -> 0 | AL17: ='Indirect Rates and Profit_Fee'!$I$6 -> 0 | AM17: ='Indirect Rates and Profit_Fee'!$I$7 -> 0 | AN17: =AI17*(1+AK17)*(1+AL17)*(1+AM17) -> 0
B18: =IF(ISBLANK(C18),"","Select a DARPA Labor Cat.") | F18: N/A | G18: ='Indirect Rates and Profit_Fee'!$D$5 -> 0 | H18: ='Indirect Rates and Profit_Fee'!$D$6 -> 0 | I18: ='Indirect Rates and Profit_Fee'!$D$7 -> 0 | J18: =E18*(1+G18)*(1+H18)*(1+I18) -> 0 | L18: =IF(E18=0,"N/A",((K18-E18)/E18)) -> N/A | M18: ='Indirect Rates and Profit_Fee'!$E$5 -> 0 | N18: ='Indirect Rates and Profit_Fee'!$E$6 -> 0 | O18: ='Indirect Rates and Profit_Fee'!$E$7 -> 0 | P18: =K18*(1+M18)*(1+N18)*(1+O18) -> 0 | R18: =IF(K18=0,"N/A",((Q18-K18)/K18)) -> N/A | S18: ='Indirect Rates and Profit_Fee'!$F$5 -> 0 | T18: ='Indirect Rates and Profit_Fee'!$F$6 -> 0 | U18: ='Indirect Rates and Profit_Fee'!$F$7 -> 0 | V18: =Q18*(1+S18)*(1+T18)*(1+U18) -> 0 | X18: =IF(Q18=0,"N/A",((W18-Q18)/Q18)) -> N/A | Y18: ='Indirect Rates and Profit_Fee'!$G$5 -> 0 | Z18: ='Indirect Rates and Profit_Fee'!$G$6 -> 0 | AA18: ='Indirect Rates and Profit_Fee'!$G$7 -> 0 | AB18: =W18*(1+Y18)*(1+Z18)*(1+AA18) -> 0 | AD18: =IF(W18=0,"N/A",((AC18-W18)/W18)) -> N/A | AE18: ='Indirect Rates and Profit_Fee'!$H$5 -> 0 | AF18: ='Indirect Rates and Profit_Fee'!$H$6 -> 0 | AG18: ='Indirect Rates and Profit_Fee'!$H$7 -> 0 | AH18: =AC18*(1+AE18)*(1+AF18)*(1+AG18) -> 0 | AJ18: =IF(AC18=0,"N/A",((AI18-AC18)/AC18)) -> N/A | AK18: ='Indirect Rates and Profit_Fee'!$I$5 -> 0 | AL18: ='Indirect Rates and Profit_Fee'!$I$6 -> 0 | AM18: ='Indirect Rates and Profit_Fee'!$I$7 -> 0 | AN18: =AI18*(1+AK18)*(1+AL18)*(1+AM18) -> 0
B19: =IF(ISBLANK(C19),"","Select a DARPA Labor Cat.") | F19: N/A | G19: ='Indirect Rates and Profit_Fee'!$D$5 -> 0 | H19: ='Indirect Rates and Profit_Fee'!$D$6 -> 0 | I19: ='Indirect Rates and Profit_Fee'!$D$7 -> 0 | J19: =E19*(1+G19)*(1+H19)*(1+I19) -> 0 | L19: =IF(E19=0,"N/A",((K19-E19)/E19)) -> N/A | M19: ='Indirect Rates and Profit_Fee'!$E$5 -> 0 | N19: ='Indirect Rates and Profit_Fee'!$E$6 -> 0 | O19: ='Indirect Rates and Profit_Fee'!$E$7 -> 0 | P19: =K19*(1+M19)*(1+N19)*(1+O19) -> 0 | R19: =IF(K19=0,"N/A",((Q19-K19)/K19)) -> N/A | S19: ='Indirect Rates and Profit_Fee'!$F$5 -> 0 | T19: ='Indirect Rates and Profit_Fee'!$F$6 -> 0 | U19: ='Indirect Rates and Profit_Fee'!$F$7 -> 0 | V19: =Q19*(1+S19)*(1+T19)*(1+U19) -> 0 | X19: =IF(Q19=0,"N/A",((W19-Q19)/Q19)) -> N/A | Y19: ='Indirect Rates and Profit_Fee'!$G$5 -> 0 | Z19: ='Indirect Rates and Profit_Fee'!$G$6 -> 0 | AA19: ='Indirect Rates and Profit_Fee'!$G$7 -> 0 | AB19: =W19*(1+Y19)*(1+Z19)*(1+AA19) -> 0 | AD19: =IF(W19=0,"N/A",((AC19-W19)/W19)) -> N/A | AE19: ='Indirect Rates and Profit_Fee'!$H$5 -> 0 | AF19: ='Indirect Rates and Profit_Fee'!$H$6 -> 0 | AG19: ='Indirect Rates and Profit_Fee'!$H$7 -> 0 | AH19: =AC19*(1+AE19)*(1+AF19)*(1+AG19) -> 0 | AJ19: =IF(AC19=0,"N/A",((AI19-AC19)/AC19)) -> N/A | AK19: ='Indirect Rates and Profit_Fee'!$I$5 -> 0 | AL19: ='Indirect Rates and Profit_Fee'!$I$6 -> 0 | AM19: ='Indirect Rates and Profit_Fee'!$I$7 -> 0 | AN19: =AI19*(1+AK19)*(1+AL19)*(1+AM19) -> 0
B20: =IF(ISBLANK(C20),"","Select a DARPA Labor Cat.") | F20: N/A | G20: ='Indirect Rates and Profit_Fee'!$D$5 -> 0 | H20: ='Indirect Rates and Profit_Fee'!$D$6 -> 0 | I20: ='Indirect Rates and Profit_Fee'!$D$7 -> 0 | J20: =E20*(1+G20)*(1+H20)*(1+I20) -> 0 | L20: =IF(E20=0,"N/A",((K20-E20)/E20)) -> N/A | M20: ='Indirect Rates and Profit_Fee'!$E$5 -> 0 | N20: ='Indirect Rates and Profit_Fee'!$E$6 -> 0 | O20: ='Indirect Rates and Profit_Fee'!$E$7 -> 0 | P20: =K20*(1+M20)*(1+N20)*(1+O20) -> 0 | R20: =IF(K20=0,"N/A",((Q20-K20)/K20)) -> N/A | S20: ='Indirect Rates and Profit_Fee'!$F$5 -> 0 | T20: ='Indirect Rates and Profit_Fee'!$F$6 -> 0 | U20: ='Indirect Rates and Profit_Fee'!$F$7 -> 0 | V20: =Q20*(1+S20)*(1+T20)*(1+U20) -> 0 | X20: =IF(Q20=0,"N/A",((W20-Q20)/Q20)) -> N/A | Y20: ='Indirect Rates and Profit_Fee'!$G$5 -> 0 | Z20: ='Indirect Rates and Profit_Fee'!$G$6 -> 0 | AA20: ='Indirect Rates and Profit_Fee'!$G$7 -> 0 | AB20: =W20*(1+Y20)*(1+Z20)*(1+AA20) -> 0 | AD20: =IF(W20=0,"N/A",((AC20-W20)/W20)) -> N/A | AE20: ='Indirect Rates and Profit_Fee'!$H$5 -> 0 | AF20: ='Indirect Rates and Profit_Fee'!$H$6 -> 0 | AG20: ='Indirect Rates and Profit_Fee'!$H$7 -> 0 | AH20: =AC20*(1+AE20)*(1+AF20)*(1+AG20) -> 0 | AJ20: =IF(AC20=0,"N/A",((AI20-AC20)/AC20)) -> N/A | AK20: ='Indirect Rates and Profit_Fee'!$I$5 -> 0 | AL20: ='Indirect Rates and Profit_Fee'!$I$6 -> 0 | AM20: ='Indirect Rates and Profit_Fee'!$I$7 -> 0 | AN20: =AI20*(1+AK20)*(1+AL20)*(1+AM20) -> 0
... B31: =IF(ISBLANK(C31),"","Select a DARPA Labor Cat.") | F31: N/A | G31: ='Indirect Rates and Profit_Fee'!$D$5 -> 0 | H31: ='Indirect Rates and Profit_Fee'!$D$6 -> 0 | I31: ='Indirect Rates and Profit_Fee'!$D$7 -> 0 | J31: =E31*(1+G31)*(1+H31)*(1+I31) -> 0 | L31: =IF(E31=0,"N/A",((K31-E31)/E31)) -> N/A | M31: ='Indirect Rates and Profit_Fee'!$E$5 -> 0 | N31: ='Indirect Rates and Profit_Fee'!$E$6 -> 0 | O31: ='Indirect Rates and Profit_Fee'!$E$7 -> 0 | P31: =K31*(1+M31)*(1+N31)*(1+O31) -> 0 | R31: =IF(K31=0,"N/A",((Q31-K31)/K31)) -> N/A | S31: ='Indirect Rates and Profit_Fee'!$F$5 -> 0 | T31: ='Indirect Rates and Profit_Fee'!$F$6 -> 0 | U31: ='Indirect Rates and Profit_Fee'!$F$7 -> 0 | V31: =Q31*(1+S31)*(1+T31)*(1+U31) -> 0 | X31: =IF(Q31=0,"N/A",((W31-Q31)/Q31)) -> N/A | Y31: ='Indirect Rates and Profit_Fee'!$G$5 -> 0 | Z31: ='Indirect Rates and Profit_Fee'!$G$6 -> 0 | AA31: ='Indirect Rates and Profit_Fee'!$G$7 -> 0 | AB31: =W31*(1+Y31)*(1+Z31)*(1+AA31) -> 0 | AD31: =IF(W31=0,"N/A",((AC31-W31)/W31)) -> N/A | AE31: ='Indirect Rates and Profit_Fee'!$H$5 -> 0 | AF31: ='Indirect Rates and Profit_Fee'!$H$6 -> 0 | AG31: ='Indirect Rates and Profit_Fee'!$H$7 -> 0 | AH31: =AC31*(1+AE31)*(1+AF31)*(1+AG31) -> 0 | AJ31: =IF(AC31=0,"N/A",((AI31-AC31)/AC31)) -> N/A | AK31: ='Indirect Rates and Profit_Fee'!$I$5 -> 0 | AL31: ='Indirect Rates and Profit_Fee'!$I$6 -> 0 | AM31: ='Indirect Rates and Profit_Fee'!$I$7 -> 0 | AN31: =AI31*(1+AK31)*(1+AL31)*(1+AM31) -> 0
A32: Insert additional Labor Category rows above this line. Also select Base and all Option tabs before inserting new rows. Copy formulas from adjacent rows.
A34: Instructions: | B34: • For each row in the Labor Rates table above, the Hourly Labor Rate, Fringe Benefits Rate, and Labor Overhead Rate columns are used for cost calculations in the Base and Options tabs. The G&A/F&A Rate and Loaded Rate are not used for calculations anywhere in this spreadsheet -- these two columns are used for review and evaluation. • Do not insert new columns in this table. If needed, composite rates may be used for Fringe Benefits, Labor Overhead, and G&A/F&A. • If composite rates are used, provide the calculations used in deriving the composite rates in your cost volume or add another worksheet tab in this spreadsheet to show calculations. • As a default, the Fringe Benefits, Labor Overhead, and G&A/F&A values are tied to entries on the Indirect Rates and Profit_Fee worksheet. Modify this link as appropriate. • Do not include any Cost of Money or Profit/Fee costs on this tab. • If the rates have been approved/negotiated by a Government agency, provide a copy of the memorandum/agreement (FPRA/FPRR). • If the rates have not been approved/negotiated, provide sufficient detail to enable a determination of allowability, allocability and reasonableness of the allocation bases and how the rates are calculated. This information can be provided in your cost volume or add another worksheet tab in this spreadsheet to show calculations. • If FPRA is not available, provide back-up documentation for labor rates (e.g., current payroll records)
A35: Note 1: | B35: Set This Organization's Business Type on the Proposer Constants worksheet to populate the list of DARPA Labor Categories
A36: Note 2: | B36: Each proposed Proposer Labor Category must be associated with a DARPA Labor Category (columns A and B above). Choose the best fit using the descriptions below. Proposer's should then place their own labor category title and name of proposed personnel as they normally would (columns C and D above).
B38: Labor Category Level | C38: Description
B39: I | C39: Entry-level/Junior
B40: II | C40: Junior to Mid-level/Journeyman
B41: III | C41: Mid-level/Journeyman
B42: IV | C42: Mid-Level/Journeyman to Senior Level
B43: V | C43: Senior Level
B44: Principal | C44: Team Lead/Subject Matter Expert
B46: Description Definitions | C46: Consider experience, education, and expertise when selecting a labor category level.
B47: ENTRY-LEVEL/JUNIOR: | C47: The junior-level or entry-level position assists more senior positions and may perform tasks and duties under supervision. This level performs work that requires practical experience and training, and applies fundamental concepts, processes, practices, and procedures on technical assignments.
B48: MID-LEVEL/JOURNEYMAN: | C48: The journeyman or mid-level position usually performs tasks and duties independently. This position displays and applies intermediate expertise in several complex work assignments which may require originality, innovation, or independent thinking to accomplish. The journeyman or mid-level position contributes to deliverables and performance metrics and is afforded some flexibility to develop or design methods, processes, or solutions to problems.
B49: SENIOR-LEVEL: | C49: The senior-level position works on high-visibility or mission-critical aspects of programs or projects and performs tasks and duties independently. This position may oversee or supervise or be responsible for the work of subordinate or less senior positions assigned to programs or projects. The senior-level position displays and applies mastery or distinguished expertise in critical tasks and high-impact assignments. This position leads, manages, plans, and functions as the technical or subject matter expert across multiple programs or projects.
B50: PRINCIPAL: | C50: The Principal position leads or manages the entire program or project. The Principal is often a person who is considered to be a leader in a scientific or technical field.

Sheet Summary Cost Table
B1: Proposer Fiscal Year Labels: | C1: =Period1_Label -> Proposer FY 1 | D1: =Period2_Label -> Proposer FY 2 | E1: =Period3_Label -> Proposer FY 3 | F1: =Period4_Label -> Proposer FY 4 | G1: =Period5_Label -> Proposer FY 5 | H1: =Period6_Label -> Proposer FY 6
B2: Hours Proposed in Each Fiscal Year: | C2: =Base!D32+'Option-I'!D32+'Option-II'!D32+#REF!+#REF!+#REF! -> #REF! | D2: =Base!L32+'Option-I'!L32+'Option-II'!L32+#REF!+#REF!+#REF! -> #REF! | E2: =Base!T32+'Option-I'!T32+'Option-II'!T32+#REF!+#REF!+#REF! -> #REF! | F2: =Base!AB32+'Option-I'!AB32+'Option-II'!AB32+#REF!+#REF!+#REF! -> #REF! | G2: =Base!AJ32+'Option-I'!AJ32+'Option-II'!AJ32+#REF!+#REF!+#REF! -> #REF! | H2: =Base!AR32+'Option-I'!AR32+'Option-II'!AR32+#REF!+#REF!+#REF! -> #REF!
D5: Base | E5: Op1 | F5: Op2 | G5: Op3 | H5: Op4 | I5: Op5 | J5: Row Sum
B6: Total Direct Labor Hours | C6: tdlc.hrs | D6: =INDIRECT(CONCATENATE($C6,".",D$5)) -> 0 | E6: =INDIRECT(CONCATENATE($C6,".",E$5)) -> 0 | F6: =INDIRECT(CONCATENATE($C6,".",F$5)) -> 0 | G6: =INDIRECT(CONCATENATE($C6,".",G$5)) -> #REF! | H6: =INDIRECT(CONCATENATE($C6,".",H$5)) -> #REF! | I6: =INDIRECT(CONCATENATE($C6,".",I$5)) -> #REF! | J6: =SUM(D6:I6) -> #REF!
B7: Total Direct Labor Costs | C7: tdlc.dlrs | D7: =INDIRECT(CONCATENATE($C7,".",D$5)) -> 0 | E7: =INDIRECT(CONCATENATE($C7,".",E$5)) -> 0 | F7: =INDIRECT(CONCATENATE($C7,".",F$5)) -> 0 | G7: =INDIRECT(CONCATENATE($C7,".",G$5)) -> #REF! | H7: =INDIRECT(CONCATENATE($C7,".",H$5)) -> #REF! | I7: =INDIRECT(CONCATENATE($C7,".",I$5)) -> #REF! | J7: =SUM(D7:I7) -> #REF!
B8: Total Fringe Benefit Costs | C8: tfbc.dlrs | D8: =INDIRECT(CONCATENATE($C8,".",D$5)) -> 0 | E8: =INDIRECT(CONCATENATE($C8,".",E$5)) -> 0 | F8: =INDIRECT(CONCATENATE($C8,".",F$5)) -> 0 | G8: =INDIRECT(CONCATENATE($C8,".",G$5)) -> #REF! | H8: =INDIRECT(CONCATENATE($C8,".",H$5)) -> #REF! | I8: =INDIRECT(CONCATENATE($C8,".",I$5)) -> #REF! | J8: =SUM(D8:I8) -> #REF!
B9: Total Labor Overhead Costs | C9: tloc.dlrs | D9: =INDIRECT(CONCATENATE($C9,".",D$5)) -> 0 | E9: =INDIRECT(CONCATENATE($C9,".",E$5)) -> 0 | F9: =INDIRECT(CONCATENATE($C9,".",F$5)) -> 0 | G9: =INDIRECT(CONCATENATE($C9,".",G$5)) -> #REF! | H9: =INDIRECT(CONCATENATE($C9,".",H$5)) -> #REF! | I9: =INDIRECT(CONCATENATE($C9,".",I$5)) -> #REF! | J9: =SUM(D9:I9) -> #REF!
B10: Total Subcontract Costs | C10: tsc.dlrs | D10: =INDIRECT(CONCATENATE($C10,".",D$5)) -> 0 | E10: =INDIRECT(CONCATENATE($C10,".",E$5)) -> 0 | F10: =INDIRECT(CONCATENATE($C10,".",F$5)) -> 0 | G10: =INDIRECT(CONCATENATE($C10,".",G$5)) -> #REF! | H10: =INDIRECT(CONCATENATE($C10,".",H$5)) -> #REF! | I10: =INDIRECT(CONCATENATE($C10,".",I$5)) -> #REF! | J10: =SUM(D10:I10) -> #REF!
B11: Total Consultant Costs | C11: tcc.dlrs | D11: =INDIRECT(CONCATENATE($C11,".",D$5)) -> 0 | E11: =INDIRECT(CONCATENATE($C11,".",E$5)) -> 0 | F11: =INDIRECT(CONCATENATE($C11,".",F$5)) -> 0 | G11: =INDIRECT(CONCATENATE($C11,".",G$5)) -> #REF! | H11: =INDIRECT(CONCATENATE($C11,".",H$5)) -> #REF! | I11: =INDIRECT(CONCATENATE($C11,".",I$5)) -> #REF! | J11: =SUM(D11:I11) -> #REF!
B12: Total Other Direct Costs | C12: todc.dlrs | D12: =INDIRECT(CONCATENATE($C12,".",D$5)) -> 0 | E12: =INDIRECT(CONCATENATE($C12,".",E$5)) -> 0 | F12: =INDIRECT(CONCATENATE($C12,".",F$5)) -> 0 | G12: =INDIRECT(CONCATENATE($C12,".",G$5)) -> #REF! | H12: =INDIRECT(CONCATENATE($C12,".",H$5)) -> #REF! | I12: =INDIRECT(CONCATENATE($C12,".",I$5)) -> #REF! | J12: =SUM(D12:I12) -> #REF!
B13: Total Material Handling Costs | C13: tmhc.dlrs | D13: =INDIRECT(CONCATENATE($C13,".",D$5)) -> 0 | E13: =INDIRECT(CONCATENATE($C13,".",E$5)) -> 0 | F13: =INDIRECT(CONCATENATE($C13,".",F$5)) -> 0 | G13: =INDIRECT(CONCATENATE($C13,".",G$5)) -> #REF! | H13: =INDIRECT(CONCATENATE($C13,".",H$5)) -> #REF! | I13: =INDIRECT(CONCATENATE($C13,".",I$5)) -> #REF! | J13: =SUM(D13:I13) -> #REF!
B14: Subtotal Costs | C14: sc.dlrs | D14: =INDIRECT(CONCATENATE($C14,".",D$5)) -> 0 | E14: =INDIRECT(CONCATENATE($C14,".",E$5)) -> 0 | F14: =INDIRECT(CONCATENATE($C14,".",F$5)) -> 0 | G14: =INDIRECT(CONCATENATE($C14,".",G$5)) -> #REF! | H14: =INDIRECT(CONCATENATE($C14,".",H$5)) -> #REF! | I14: =INDIRECT(CONCATENATE($C14,".",I$5)) -> #REF! | J14: =SUM(D14:I14) -> #REF!
B15: Total G&A Costs | C15: tgac.dlrs | D15: =INDIRECT(CONCATENATE($C15,".",D$5)) -> 0 | E15: =INDIRECT(CONCATENATE($C15,".",E$5)) -> 0 | F15: =INDIRECT(CONCATENATE($C15,".",F$5)) -> 0 | G15: =INDIRECT(CONCATENATE($C15,".",G$5)) -> #REF! | H15: =INDIRECT(CONCATENATE($C15,".",H$5)) -> #REF! | I15: =INDIRECT(CONCATENATE($C15,".",I$5)) -> #REF! | J15: =SUM(D15:I15) -> #REF!
B16: Total Cost of Money | C16: tcm.dlrs | D16: =INDIRECT(CONCATENATE($C16,".",D$5)) -> 0 | E16: =INDIRECT(CONCATENATE($C16,".",E$5)) -> 0 | F16: =INDIRECT(CONCATENATE($C16,".",F$5)) -> 0 | G16: =INDIRECT(CONCATENATE($C16,".",G$5)) -> #REF! | H16: =INDIRECT(CONCATENATE($C16,".",H$5)) -> #REF! | I16: =INDIRECT(CONCATENATE($C16,".",I$5)) -> #REF! | J16: =SUM(D16:I16) -> #REF!
B17: Fixed Fee | C17: ff.dlrs | D17: =INDIRECT(CONCATENATE($C17,".",D$5)) -> 0 | E17: =INDIRECT(CONCATENATE($C17,".",E$5)) -> 0 | F17: =INDIRECT(CONCATENATE($C17,".",F$5)) -> 0 | G17: =INDIRECT(CONCATENATE($C17,".",G$5)) -> #REF! | H17: =INDIRECT(CONCATENATE($C17,".",H$5)) -> #REF! | I17: =INDIRECT(CONCATENATE($C17,".",I$5)) -> #REF! | J17: =SUM(D17:I17) -> #REF!
B18: Total Estimated Costs Plus Fixed Fee | C18: tecpff.dlrs | D18: =INDIRECT(CONCATENATE($C18,".",D$5)) -> 0 | E18: =INDIRECT(CONCATENATE($C18,".",E$5)) -> 0 | F18: =INDIRECT(CONCATENATE($C18,".",F$5)) -> 0 | G18: =INDIRECT(CONCATENATE($C18,".",G$5)) -> #REF! | H18: =INDIRECT(CONCATENATE($C18,".",H$5)) -> #REF! | I18: =INDIRECT(CONCATENATE($C18,".",I$5)) -> #REF!
B19: Column Totals | D19: =SUM(D7:D13)+SUM(D15:D17) -> 0 | E19: =SUM(E7:E13)+SUM(E15:E17) -> 0 | F19: =SUM(F7:F13)+SUM(F15:F17) -> 0 | G19: =SUM(G7:G13)+SUM(G15:G17) -> #REF! | H19: =SUM(H7:H13)+SUM(H15:H17) -> #REF! | I19: =SUM(I7:I13)+SUM(I15:I17) -> #REF! | J19: =SUM(J7:J13)+SUM(J15:J17) -> #REF!
E21: Sum of Column Totals ($) | F21: =SUM(D19:I19) -> #REF!
E22: Sum of Row Totals ($) | F22: =J19 -> #REF!
E23: COLUMN TOTALS - ROW TOTALS | F23: =F21-F22 -> #REF! | G23: This should be $0. If not, research is needed.

Sheet Indirect Rates and Profit_Fee
A1: Indirect Rates and Profit or Fee
A2: =General!C2 -> Proposer's Name (Prime or Subcontractor)
D3: =Period1_Label -> Proposer FY 1 | E3: =Period2_Label -> Proposer FY 2 | F3: =Period3_Label -> Proposer FY 3 | G3: =Period4_Label -> Proposer FY 4 | H3: =Period5_Label -> Proposer FY 5 | I3: =Period6_Label -> Proposer FY 6 | J3: Basis of Rate | K3: Applied Against
A4: DARPA Rate Category | B4: Proposer's Indirect Rate Name | D4: % Rate | E4: % Rate | F4: % Rate | G4: % Rate | H4: % Rate | I4: % Rate | J4: (Example: FPRA, FPRP, Estimate, etc.)
A5: Fringe | B5: Labor Fringe
A6: Overhead (Labor) | B6: Labor Overhead
A7: General and Administrative | B7: G&A
A12: Insert additional Indirect Rates above this line
A14: Instructions: | B14: • If the rates have been approved/negotiated by a Government agency, provide a copy of the memorandum/agreement. • If the rates have not been approved/negotiated, provide sufficient detail to enable a determination of allowability, allocability and reasonableness of the allocation bases and how the rates are calculated. This information can be provided in your cost volume or add another worksheet tab in this spreadsheet to show calculations. • If composite rates are used, provide the calculations used in deriving the composite rates in your cost volume or add another worksheet tab in this spreadsheet to show calculations.
A16: Note 1: | B16: Choose an indirect rate from the drop down box in Column A above. Add additional indirect rate category rows if needed. If one proposer rate covers two different DARPA Rate Categories, enter the rate twice with the two different DARPA Rate Categories.
A18: Note 2: | B18: If the proposer does not have a Forward Pricing Rate Agreement (FPRA), Forward Pricing Rate Recommendation (FPRR), or provisional billing rates; in order to assist the Government in evaluating the reasonableness of your proposed indirect rates, please provide the following information:
C19: 1. Proforma data used to develop your proposed indirect rates. This consists of breakout of cost pool and cost base that demonstrate how the indirect rate(s) was derived. This information can be provided in your cost volume or add another worksheet tab in this spreadsheet to show calculations
C20: 2. Information regarding your projections for out years, including your assumptions and method for developing these estimates.

Sheet Total Amount
A1: Cost Proposal - Total Amount
A2: Proposer | B2: =General!C2 -> Proposer's Name (Prime or Subcontractor)
A3: Prime Contractor | B3: =General!C3 -> Prime Contractor (Fill-in) (if applicable)
E4: (Note 2) | H4: (Note 2) | K4: (Note 2)
E5: BASE | H5: OPTION 1 | K5: OPTION 2 | M5: Total
A6: Direct Labor (DL) | E6: =Base!$C1 -> Enter proposed PoP as "MM/YY to MM/YY" | H6: ='Option-I'!$C1 -> Enter proposed PoP as "MM/YY to MM/YY" | K6: ='Option-II'!$C1 -> Enter proposed PoP as "MM/YY to MM/YY" | M6: (Note 3) | N6: X-Months
B7: Proposer's Labor Category (Note 1) | C7: Name (Last, First) | D7: Hours | E7: Rate | F7: Cost | G7: Hours | H7: Rate | I7: Cost | J7: Hours | K7: Rate | L7: Cost | M7: Hours | N7: Cost
B8: =IF(ISBLANK('Labor Rates'!C8),"",'Labor Rates'!C8) | C8: =IF(ISBLANK('Labor Rates'!D8),"",'Labor Rates'!D8) | D8: =Base!$AZ8 -> 0 | E8: See Base Tab | F8: =Base!$BA8 -> 0 | G8: ='Option-I'!$AZ8 -> 0 | H8: See O-I tab | I8: ='Option-I'!$BA8 -> 0 | J8: ='Option-II'!$AZ8 -> 0 | K8: See O-II tab | L8: ='Option-II'!$BA8 -> 0 | M8: =D8+G8+J8+L8 -> 0 | N8: =F8+I8+L8 -> 0
B9: =IF(ISBLANK('Labor Rates'!C9),"",'Labor Rates'!C9) | C9: =IF(ISBLANK('Labor Rates'!D9),"",'Labor Rates'!D9) | D9: =Base!$AZ9 -> 0 | E9: See Base Tab | F9: =Base!$BA9 -> 0 | G9: ='Option-I'!$AZ9 -> 0 | H9: See O-I tab | I9: ='Option-I'!$BA9 -> 0 | J9: ='Option-II'!$AZ9 -> 0 | K9: See O-II tab | L9: ='Option-II'!$BA9 -> 0 | M9: =D9+G9+J9+L9 -> 0 | N9: =F9+I9+L9 -> 0
B10: =IF(ISBLANK('Labor Rates'!C10),"",'Labor Rates'!C10) | C10: =IF(ISBLANK('Labor Rates'!D10),"",'Labor Rates'!D10) | D10: =Base!$AZ10 -> 0 | E10: See Base Tab | F10: =Base!$BA10 -> 0 | G10: ='Option-I'!$AZ10 -> 0 | H10: See O-I tab | I10: ='Option-I'!$BA10 -> 0 | J10: ='Option-II'!$AZ10 -> 0 | K10: See O-II tab | L10: ='Option-II'!$BA10 -> 0 | M10: =D10+G10+J10+L10 -> 0 | N10: =F10+I10+L10 -> 0
B11: =IF(ISBLANK('Labor Rates'!C11),"",'Labor Rates'!C11) | C11: =IF(ISBLANK('Labor Rates'!D11),"",'Labor Rates'!D11) | D11: =Base!$AZ11 -> 0 | E11: See Base Tab | F11: =Base!$BA11 -> 0 | G11: ='Option-I'!$AZ11 -> 0 | H11: See O-I tab | I11: ='Option-I'!$BA11 -> 0 | J11: ='Option-II'!$AZ11 -> 0 | K11: See O-II tab | L11: ='Option-II'!$BA11 -> 0 | M11: =D11+G11+J11+L11 -> 0 | N11: =F11+I11+L11 -> 0
B12: =IF(ISBLANK('Labor Rates'!C12),"",'Labor Rates'!C12) | C12: =IF(ISBLANK('Labor Rates'!D12),"",'Labor Rates'!D12) | D12: =Base!$AZ12 -> 0 | E12: See Base Tab | F12: =Base!$BA12 -> 0 | G12: ='Option-I'!$AZ12 -> 0 | H12: See O-I tab | I12: ='Option-I'!$BA12 -> 0 | J12: ='Option-II'!$AZ12 -> 0 | K12: See O-II tab | L12: ='Option-II'!$BA12 -> 0 | M12: =D12+G12+J12+L12 -> 0 | N12: =F12+I12+L12 -> 0
B13: =IF(ISBLANK('Labor Rates'!C13),"",'Labor Rates'!C13) | C13: =IF(ISBLANK('Labor Rates'!D13),"",'Labor Rates'!D13) | D13: =Base!$AZ13 -> 0 | E13: See Base Tab | F13: =Base!$BA13 -> 0 | G13: ='Option-I'!$AZ13 -> 0 | H13: See O-I tab | I13: ='Option-I'!$BA13 -> 0 | J13: ='Option-II'!$AZ13 -> 0 | K13: See O-II tab | L13: ='Option-II'!$BA13 -> 0 | M13: =D13+G13+J13+L13 -> 0 | N13: =F13+I13+L13 -> 0
B14: =IF(ISBLANK('Labor Rates'!C14),"",'Labor Rates'!C14) | C14: =IF(ISBLANK('Labor Rates'!D14),"",'Labor Rates'!D14) | D14: =Base!$AZ14 -> 0 | E14: See Base Tab | F14: =Base!$BA14 -> 0 | G14: ='Option-I'!$AZ14 -> 0 | H14: See O-I tab | I14: ='Option-I'!$BA14 -> 0 | J14: ='Option-II'!$AZ14 -> 0 | K14: See O-II tab | L14: ='Option-II'!$BA14 -> 0 | M14: =D14+G14+J14+L14 -> 0 | N14: =F14+I14+L14 -> 0
B15: =IF(ISBLANK('Labor Rates'!C15),"",'Labor Rates'!C15) | C15: =IF(ISBLANK('Labor Rates'!D15),"",'Labor Rates'!D15) | D15: =Base!$AZ15 -> 0 | E15: See Base Tab | F15: =Base!$BA15 -> 0 | G15: ='Option-I'!$AZ15 -> 0 | H15: See O-I tab | I15: ='Option-I'!$BA15 -> 0 | J15: ='Option-II'!$AZ15 -> 0 | K15: See O-II tab | L15: ='Option-II'!$BA15 -> 0 | M15: =D15+G15+J15+L15 -> 0 | N15: =F15+I15+L15 -> 0
B16: =IF(ISBLANK('Labor Rates'!C16),"",'Labor Rates'!C16) | C16: =IF(ISBLANK('Labor Rates'!D16),"",'Labor Rates'!D16) | D16: =Base!$AZ16 -> 0 | E16: See Base Tab | F16: =Base!$BA16 -> 0 | G16: ='Option-I'!$AZ16 -> 0 | H16: See O-I tab | I16: ='Option-I'!$BA16 -> 0 | J16: ='Option-II'!$AZ16 -> 0 | K16: See O-II tab | L16: ='Option-II'!$BA16 -> 0 | M16: =D16+G16+J16+L16 -> 0 | N16: =F16+I16+L16 -> 0
B17: =IF(ISBLANK('Labor Rates'!C17),"",'Labor Rates'!C17) | C17: =IF(ISBLANK('Labor Rates'!D17),"",'Labor Rates'!D17) | D17: =Base!$AZ17 -> 0 | E17: See Base Tab | F17: =Base!$BA17 -> 0 | G17: ='Option-I'!$AZ17 -> 0 | H17: See O-I tab | I17: ='Option-I'!$BA17 -> 0 | J17: ='Option-II'!$AZ17 -> 0 | K17: See O-II tab | L17: ='Option-II'!$BA17 -> 0 | M17: =D17+G17+J17+L17 -> 0 | N17: =F17+I17+L17 -> 0
B18: =IF(ISBLANK('Labor Rates'!C18),"",'Labor Rates'!C18) | C18: =IF(ISBLANK('Labor Rates'!D18),"",'Labor Rates'!D18) | D18: =Base!$AZ18 -> 0 | E18: See Base Tab | F18: =Base!$BA18 -> 0 | G18: ='Option-I'!$AZ18 -> 0 | H18: See O-I tab | I18: ='Option-I'!$BA18 -> 0 | J18: ='Option-II'!$AZ18 -> 0 | K18: See O-II tab | L18: ='Option-II'!$BA18 -> 0 | M18: =D18+G18+J18+L18 -> 0 | N18: =F18+I18+L18 -> 0
B19: =IF(ISBLANK('Labor Rates'!C19),"",'Labor Rates'!C19) | C19: =IF(ISBLANK('Labor Rates'!D19),"",'Labor Rates'!D19) | D19: =Base!$AZ19 -> 0 | E19: See Base Tab | F19: =Base!$BA19 -> 0 | G19: ='Option-I'!$AZ19 -> 0 | H19: See O-I tab | I19: ='Option-I'!$BA19 -> 0 | J19: ='Option-II'!$AZ19 -> 0 | K19: See O-II tab | L19: ='Option-II'!$BA19 -> 0 | M19: =D19+G19+J19+L19 -> 0 | N19: =F19+I19+L19 -> 0
... B31: =IF(ISBLANK('Labor Rates'!C31),"",'Labor Rates'!C31) | C31: =IF(ISBLANK('Labor Rates'!D31),"",'Labor Rates'!D31) | D31: =Base!$AZ31 -> 0 | E31: See Base Tab | F31: =Base!$BA31 -> 0 | G31: ='Option-I'!$AZ31 -> 0 | H31: See O-I tab | I31: ='Option-I'!$BA31 -> 0 | J31: ='Option-II'!$AZ31 -> 0 | K31: See O-II tab | L31: ='Option-II'!$BA31 -> 0 | M31: =D31+G31+J31+L31 -> 0 | N31: =F31+I31+L31 -> 0
B32: Total Direct Labor Costs | D32: =SUM(D8:D31) -> 0 | F32: =SUM(F8:F31) -> 0 | G32: =SUM(G8:G31) -> 0 | I32: =SUM(I8:I31) -> 0 | J32: =SUM(J8:J31) -> 0 | L32: =SUM(L8:L31) -> 0 | M32: =SUM(M8:M31) -> 0 | N32: =F32+I32+L32 -> 0
B33: F/B Based on Labor Rates Tab | F33: =Base!$BA33 -> 0 | I33: ='Option-I'!$BA33 -> 0 | L33: ='Option-II'!$BA33 -> 0 | N33: =F33+I33+L33 -> 0
B34: =Base!B34 -> Insert line(s) & title(s) for any other F/B rates | F34: =Base!$BA34 -> 0 | I34: ='Option-I'!$BA34 -> 0 | L34: ='Option-II'!$BA34 -> 0 | N34: =F34+I34+L34+#REF!+#REF!+#REF! -> #REF!
B35: Total Fringe Benefit Costs | F35: =SUM(F33:F34) -> 0 | I35: =SUM(I33:I34) -> 0 | L35: =SUM(L33:L34) -> 0 | N35: =F35+I35+L35 -> 0
B36: O/H Based on Labor Rates Tab | F36: =Base!$BA36 -> 0 | I36: ='Option-I'!$BA36 -> 0 | L36: ='Option-II'!$BA36 -> 0 | N36: =F36+I36+L36 -> 0
B37: =Base!B37 -> Insert line(s) & title(s) for any other O/H rates | F37: =Base!$BA37 -> 0 | I37: ='Option-I'!$BA37 -> 0 | L37: ='Option-II'!$BA37 -> 0 | N37: =F37+I37+L37+#REF!+#REF!+#REF! -> #REF!
B38: Total Labor Overhead Costs | F38: =SUM(F36:F37) -> 0 | I38: =SUM(I36:I37) -> 0 | L38: =SUM(L36:L37) -> 0 | N38: =F38+I38+L38 -> 0
A39: Subcontracts/Interorganizational Transfer | C39: File/Tab Name or Link
B40: =Base!B40 -> Subcontract/Interorganizational Name - #01 | C40: Provide details in Subcontractor Tab | F40: =Base!$BA40 -> 0 | I40: ='Option-I'!$BA40 -> 0 | L40: ='Option-II'!$BA40 -> 0 | N40: =F40+I40+L40 -> 0
B41: =Base!B41 -> Subcontract/Interorganizational Name - #02 | C41: Provide details in Subcontractor Tab | F41: =Base!$BA41 -> 0 | I41: ='Option-I'!$BA41 -> 0 | L41: ='Option-II'!$BA41 -> 0 | N41: =F41+I41+L41 -> 0
B42: =Base!B42 -> Subcontract/Interorganizational Name - #03 | C42: Provide details in Subcontractor Tab | F42: =Base!$BA42 -> 0 | I42: ='Option-I'!$BA42 -> 0 | L42: ='Option-II'!$BA42 -> 0 | N42: =F42+I42+L42 -> 0
B43: =Base!B43 -> Insert line(s) for any additional Subcontractors/Interorganizational | C43: Provide details in Subcontractor Tab | F43: =Base!$BA43 -> 0 | I43: ='Option-I'!$BA43 -> 0 | L43: ='Option-II'!$BA43 -> 0 | N43: =F43+I43+L43 -> 0
B44: Total Subcontract Costs | F44: =SUM(F40:F43) -> 0 | I44: =SUM(I40:I43) -> 0 | L44: =SUM(L40:L43) -> 0 | N44: =F44+I44+L44 -> 0
A45: Consultants | D45: Hours | E45: Amount | L45: Hours
B46: =Base!B46 -> Consultant Name - #01 | C46: Provide details in Consultant Tab | F46: =Base!$BA46 -> 0 | I46: ='Option-I'!$BA46 -> 0 | L46: ='Option-II'!$BA46 -> 0 | N46: =F46+I46+L46 -> 0
B47: =Base!B47 -> Consultant Name - #02 | C47: Provide details in Consultant Tab | F47: =Base!$BA47 -> 0 | I47: ='Option-I'!$BA47 -> 0 | L47: ='Option-II'!$BA47 -> 0 | N47: =F47+I47+L47 -> 0
B48: =Base!B48 -> Consultant Name - #03 | C48: Provide details in Consultant Tab | F48: =Base!$BA48 -> 0 | I48: ='Option-I'!$BA48 -> 0 | L48: ='Option-II'!$BA48 -> 0 | N48: =F48+I48+L48 -> 0
B49: =Base!B49 -> Insert line(s) for any additional Consultants | C49: Provide details in Consultant Tab | F49: =Base!$BA49 -> 0 | I49: ='Option-I'!$BA49 -> 0 | L49: ='Option-II'!$BA49 -> 0 | N49: =F49+I49+L49 -> 0
B50: Total Consultant Costs | F50: =SUM(F46:F49) -> 0 | I50: =SUM(I46:I49) -> 0 | L50: =SUM(L46:L49) -> 0 | N50: =F50+I50+L50 -> 0
A51: Other Direct Costs
B52: =Base!B52 -> Materials/Supplies | C52: Provide details in Materials Tab | F52: =Base!$BA52 -> 0 | I52: ='Option-I'!$BA52 -> 0 | L52: ='Option-II'!$BA52 -> 0 | N52: =F52+I52+L52 -> 0
B53: =Base!B53 -> Equipment | C53: Provide details in Equip. Tab | F53: =Base!$BA53 -> 0 | I53: ='Option-I'!$BA53 -> 0 | L53: ='Option-II'!$BA53 -> 0 | N53: =F53+I53+L53 -> 0
B54: =Base!B54 -> Travel | C54: Provide details in Travel Tab | F54: =Base!$BA54 -> 0 | I54: ='Option-I'!$BA54 -> 0 | L54: ='Option-II'!$BA54 -> 0 | N54: =F54+I54+L54 -> 0
B55: =Base!B55 -> Insert line(s) for any other types of ODCs | C55: Provide details in ODC Tab | F55: =Base!$BA55 -> 0 | I55: ='Option-I'!$BA55 -> 0 | L55: ='Option-II'!$BA55 -> 0 | N55: =F55+I55+L55 -> 0
B56: Total Other Direct Costs | F56: =SUM(F52:F55) -> 0 | I56: =SUM(I52:I55) -> 0 | L56: =SUM(L52:L55) -> 0 | N56: =F56+I56+L56 -> 0
A57: Material Handling (M/H O/H) (See Escalation and Indirect Rate Worksheet) | D57: Base | E57: Rate | L57: Base
B58: =Base!B58 -> Insert M/H O/H rate title | F58: =Base!$BA58 -> 0 | I58: ='Option-I'!$BA58 -> 0 | L58: ='Option-II'!$BA58 -> 0 | N58: =F58+I58+L58 -> 0
B59: =Base!B59 -> Insert line(s) & title(s) for any other M/H O/H rates | F59: =Base!$BA59 -> 0 | I59: ='Option-I'!$BA59 -> 0 | L59: ='Option-II'!$BA59 -> 0 | N59: =F59+I59+L59 -> 0
B60: Total Material Handling Costs | F60: =SUM(F58:F59) -> 0 | I60: =SUM(I58:I59) -> 0 | L60: =SUM(L58:L59) -> 0 | N60: =F60+I60+L60 -> 0
A61: Subtotal Costs | F61: =F32+F35+F38+F44+F50+F56+F60 -> 0 | I61: =I32+I35+I38+I44+I50+I56+I60 -> 0 | L61: =L32+L35+L38+L44+L50+L56+L60 -> 0 | N61: =F61+I61+L61 -> 0
A62: General and Administrative (G&A) (See Escalation and Indirect Rate Worksheet) | D62: Base | E62: Rate | L62: Base
B63: =Base!B63 -> G&A | F63: =Base!$BA63 -> 0 | I63: ='Option-I'!$BA63 -> 0 | L63: ='Option-II'!$BA63 -> 0 | N63: =F63+I63+L63 -> 0
B64: =Base!B64 -> Insert line(s) & title(s) for any other G&A rates | F64: =Base!$BA64 -> 0 | I64: ='Option-I'!$BA64 -> 0 | L64: ='Option-II'!$BA64 -> 0 | N64: =F64+I64+L64 -> 0
B65: Total G&A Costs | F65: =SUM(F63:F64) -> 0 | I65: =SUM(I63:I64) -> 0 | L65: =SUM(L63:L64) -> 0 | N65: =F65+I65+L65 -> 0
A66: Subtotal Costs | F66: =F32+F35+F38+F44+F50+F56+F60+F65 -> 0 | I66: =I32+I35+I38+I44+I50+I56+I60+I65 -> 0 | L66: =L32+L35+L38+L44+L50+L56+L60+L65 -> 0 | N66: =F66+I66+L66 -> 0
A67: Facilities Cost of Money (COM) (See Escalation and Indirect Rate Worksheet) | D67: Base | E67: Rate | L67: Base
B68: =Base!B68 -> Insert COM rate title | F68: =Base!$BA68 -> 0 | I68: ='Option-I'!$BA68 -> 0 | L68: ='Option-II'!$BA68 -> 0 | N68: =F68+I68+L68 -> 0
B69: =Base!B69 -> Insert line(s) & title(s) for any other COM rates | F69: =Base!$BA69 -> 0 | I69: ='Option-I'!$BA69 -> 0 | L69: ='Option-II'!$BA69 -> 0 | N69: =F69+I69+L69 -> 0
B70: Total Cost of Money | F70: =SUM(F68:F69) -> 0 | I70: =SUM(I68:I69) -> 0 | L70: =SUM(L68:L69) -> 0 | N70: =F70+I70+L70 -> 0
A71: Total Estimated Costs | F71: =Base!$BA71 -> 0 | I71: ='Option-I'!$BA71 -> 0 | L71: ='Option-II'!$BA71 -> 0 | N71: =F71+I71+L71 -> 0
A72: Fixed Fee (If proposing a CPFF contract) or Profit | C72: (Note 4) | F72: =Base!$BA72 -> 0 | I72: ='Option-I'!$BA72 -> 0 | L72: ='Option-II'!$BA72 -> 0 | N72: =F72+I72+L72 -> 0
A73: Total Estimated Costs Plus Fixed Fee | F73: =SUM(F71:F72) -> 0 | I73: =SUM(I71:I72) -> 0 | L73: =SUM(L71:L72) -> 0 | N73: =F73+I73+L73 -> 0
A75: Instructions: | B75: • For PRIME submission - Subcontractor Name: If there are subcontracts, list all subcontractor names. • In upper right last column, replace the X in X-Months with actual number of months for the Base and Options. • List Principal Investigator and Key Personnel working on the project even if they receive no salary support. • Subcontracts/Interorganizational Transfers: If appropriate, place Subcontractor name(s) or Interorganizational Name/Code in Column B. • Consultants: If appropriate, place Consultant name(s) in Column B. • Remember that the total of all Base and Option worksheets should equal the total of the Total Amount worksheet. • Add descriptions in Column B if costs are entered in the following areas: Fringe Benefits, Labor Overhead, Other Direct Costs/other types, Material Handling, General and Administrative, and Facilities Cost of Money.
A76: Note 1: | B76: Any proposed personnel in the technical proposal should be identified with their labor category.
A77: Note 2: | B77: Indicate the period of performance for the Base effort and each Option on their respective worksheets in cell C1. Ensure that the time periods match those stated in the technical proposal.
A78: Note 3: | B78: The values under Total Direct Labor "Hours" column indicate the total level of effort for the project for each labor category. The Proposer must define the split of hours between initial and subsequent rate years based on its FY in the detail worksheets.
A79: Note 4: | B79: Profit or fee is not allowed on direct costs for equipment, Government entities or cost share contracts. In addition, a DD Form 1547 (DFARS 215.404-70) will be utilized in calculating the Government objective for fee.

Sheet Base
A1: Cost Proposal - Base Effort | C1: Enter proposed PoP as "MM/YY to MM/YY"
A2: Proposer | B2: =General!C2 -> Proposer's Name (Prime or Subcontractor)
A3: Prime Contractor | B3: =General!C3 -> Prime Contractor (Fill-in) (if applicable)
G4: (Note 2) | O4: (Note 2) | W4: (Note 2) | AE4: (Note 2) | AM4: (Note 2) | AV4: (Note 2)
G5: =Period1_Label -> Proposer FY 1 | O5: =Period2_Label -> Proposer FY 2 | W5: =Period3_Label -> Proposer FY 3 | AE5: =Period4_Label -> Proposer FY 4 | AM5: =Period5_Label -> Proposer FY 5 | AV5: =Period6_Label -> Proposer FY 6 | BA5: Total
A6: Direct Labor (DL) | G6: =CONCATENATE(TEXT('Proposer Constants'!B10,"MM/DD/YY")," to ",TEXT('Proposer Constants'!B11,"MM/DD/YY")) -> 06/01/21 to 05/31/22 | O6: =CONCATENATE(TEXT('Proposer Constants'!C10,"MM/DD/YY")," to ",TEXT('Proposer Constants'!C11,"MM/DD/YY")) -> 06/01/22 to 05/31/23 | W6: =CONCATENATE(TEXT('Proposer Constants'!D10,"MM/DD/YY")," to ",TEXT('Proposer Constants'!D11,"MM/DD/YY")) -> 06/01/23 to 05/31/24 | AE6: =CONCATENATE(TEXT('Proposer Constants'!E10,"MM/DD/YY")," to ",TEXT('Proposer Constants'!E11,"MM/DD/YY")) -> 06/01/24 to 05/31/25 | AM6: =CONCATENATE(TEXT('Proposer Constants'!F10,"MM/DD/YY")," to ",TEXT('Proposer Constants'!F11,"MM/DD/YY")) -> 06/01/25 to 05/31/26 | AV6: =CONCATENATE(TEXT('Proposer Constants'!G10,"MM/DD/YY")," to ",TEXT('Proposer Constants'!G11,"MM/DD/YY")) -> 06/01/26 to 05/31/27 | AZ6: (Note 3) | BA6: X-Months
B7: Proposer's Labor Category (Note 1) | C7: Name (Last, First) | D7: Hours | E7: Hourly Labor Rate | F7: Direct Labor Cost | G7: Fringe Benefit Rate | H7: Fringe Benefit Cost | I7: Labor Overhead Rate | J7: Labor Overhead Cost | K7: Total $ | L7: Hours | M7: Hourly Labor Rate | N7: Direct Labor Cost | O7: Fringe Benefit Rate | P7: Fringe Benefit Cost | Q7: Labor Overhead Rate | R7: Labor Overhead Cost | S7: Total $ | T7: Hours | U7: Hourly Labor Rate | V7: Direct Labor Cost | W7: Fringe Benefit Rate | X7: Fringe Benefit Cost | Y7: Labor Overhead Rate | Z7: Labor Overhead Cost | AA7: Total $ | AB7: Hours | AC7: Hourly Labor Rate | AD7: Direct Labor Cost | AE7: Fringe Benefit Rate | AF7: Fringe Benefit Cost | AG7: Labor Overhead Rate | AH7: Labor Overhead Cost | AI7: Total $ | AJ7: Hours | AK7: Hourly Labor Rate | AL7: Direct Labor Cost | AM7: Fringe Benefit Rate | AN7: Fringe Benefit Cost | AO7: Labor Overhead Rate | AP7: Labor Overhead Cost | AQ7: Total $ | AR7: Hours | AS7: Hourly Labor Rate | AT7: Direct Labor Cost | AU7: Fringe Benefit Rate | AV7: Fringe Benefit Cost | AW7: Labor Overhead Rate | AX7: Labor Overhead Cost | AY7: Total $ | AZ7: Hours | BA7: Total $ | BB7: Loaded Labor Cost
B8: =IF(ISBLANK('Labor Rates'!C8),"",'Labor Rates'!C8) | C8: =IF(ISBLANK('Labor Rates'!D8),"",'Labor Rates'!D8) | E8: ='Labor Rates'!E8 -> 0 | F8: =D8*E8 -> 0 | G8: ='Labor Rates'!G8 -> 0 | H8: =F8*G8 -> 0 | I8: ='Labor Rates'!H8 -> 0 | J8: =(F8+H8)*I8 -> 0 | K8: =F8+H8+J8 -> 0 | M8: ='Labor Rates'!K8 -> 0 | N8: =L8*M8 -> 0 | O8: ='Labor Rates'!M8 -> 0 | P8: =N8*O8 -> 0 | Q8: ='Labor Rates'!N8 -> 0 | R8: =(N8+P8)*Q8 -> 0 | S8: =ROUND(L8*M8*(1+O8)*(1+Q8),0) -> 0 | U8: ='Labor Rates'!Q8 -> 0 | V8: =T8*U8 -> 0 | W8: ='Labor Rates'!S8 -> 0 | X8: =V8*W8 -> 0 | Y8: ='Labor Rates'!T8 -> 0 | Z8: =(V8+X8)*Y8 -> 0 | AA8: =ROUND(T8*U8*(1+W8)*(1+Y8),0) -> 0 | AC8: ='Labor Rates'!W8 -> 0 | AD8: =AB8*AC8 -> 0 | AE8: ='Labor Rates'!Y8 -> 0 | AF8: =AD8*AE8 -> 0 | AG8: ='Labor Rates'!Z8 -> 0 | AH8: =(AD8+AF8)*AG8 -> 0 | AI8: =ROUND(AB8*AC8*(1+AE8)*(1+AG8),0) -> 0 | AK8: ='Labor Rates'!AC8 -> 0 | AL8: =AJ8*AK8 -> 0 | AM8: ='Labor Rates'!AE8 -> 0 | AN8: =AL8*AM8 -> 0 | AO8: ='Labor Rates'!AF8 -> 0 | AP8: =(AL8+AN8)*AO8 -> 0 | AQ8: =ROUND(AJ8*AK8*(1+AM8)*(1+AO8),0) -> 0 | AS8: ='Labor Rates'!AI8 -> 0 | AT8: =AR8*AS8 -> 0 | AU8: ='Labor Rates'!AK8 -> 0 | AV8: =AT8*AU8 -> 0 | AW8: ='Labor Rates'!AL8 -> 0 | AX8: =(AT8+AV8)*AW8 -> 0 | AY8: =ROUND(AR8*AS8*(1+AU8)*(1+AW8),0) -> 0 | AZ8: =D8+L8+T8+AB8+AJ8+AR8 -> 0 | BA8: =F8+N8+V8+AD8+AL8+AT8 -> 0 | BB8: =K8+S8+AA8+AI8+AQ8+AY8 -> 0
B9: =IF(ISBLANK('Labor Rates'!C9),"",'Labor Rates'!C9) | C9: =IF(ISBLANK('Labor Rates'!D9),"",'Labor Rates'!D9) | E9: ='Labor Rates'!E9 -> 0 | F9: =D9*E9 -> 0 | G9: ='Labor Rates'!G9 -> 0 | H9: =F9*G9 -> 0 | I9: ='Labor Rates'!H9 -> 0 | J9: =(F9+H9)*I9 -> 0 | K9: =F9+H9+J9 -> 0 | M9: ='Labor Rates'!K9 -> 0 | N9: =L9*M9 -> 0 | O9: ='Labor Rates'!M9 -> 0 | P9: =N9*O9 -> 0 | Q9: ='Labor Rates'!N9 -> 0 | R9: =(N9+P9)*Q9 -> 0 | S9: =ROUND(L9*M9*(1+O9)*(1+Q9),0) -> 0 | U9: ='Labor Rates'!Q9 -> 0 | V9: =T9*U9 -> 0 | W9: ='Labor Rates'!S9 -> 0 | X9: =V9*W9 -> 0 | Y9: ='Labor Rates'!T9 -> 0 | Z9: =(V9+X9)*Y9 -> 0 | AA9: =ROUND(T9*U9*(1+W9)*(1+Y9),0) -> 0 | AC9: ='Labor Rates'!W9 -> 0 | AD9: =AB9*AC9 -> 0 | AE9: ='Labor Rates'!Y9 -> 0 | AF9: =AD9*AE9 -> 0 | AG9: ='Labor Rates'!Z9 -> 0 | AH9: =(AD9+AF9)*AG9 -> 0 | AI9: =ROUND(AB9*AC9*(1+AE9)*(1+AG9),0) -> 0 | AK9: ='Labor Rates'!AC9 -> 0 | AL9: =AJ9*AK9 -> 0 | AM9: ='Labor Rates'!AE9 -> 0 | AN9: =AL9*AM9 -> 0 | AO9: ='Labor Rates'!AF9 -> 0 | AP9: =(AL9+AN9)*AO9 -> 0 | AQ9: =ROUND(AJ9*AK9*(1+AM9)*(1+AO9),0) -> 0 | AS9: ='Labor Rates'!AI9 -> 0 | AT9: =AR9*AS9 -> 0 | AU9: ='Labor Rates'!AK9 -> 0 | AV9: =AT9*AU9 -> 0 | AW9: ='Labor Rates'!AL9 -> 0 | AX9: =(AT9+AV9)*AW9 -> 0 | AY9: =ROUND(AR9*AS9*(1+AU9)*(1+AW9),0) -> 0 | AZ9: =D9+L9+T9+AB9+AJ9+AR9 -> 0 | BA9: =F9+N9+V9+AD9+AL9+AT9 -> 0 | BB9: =K9+S9+AA9+AI9+AQ9+AY9 -> 0
B10: =IF(ISBLANK('Labor Rates'!C10),"",'Labor Rates'!C10) | C10: =IF(ISBLANK('Labor Rates'!D10),"",'Labor Rates'!D10) | E10: ='Labor Rates'!E10 -> 0 | F10: =D10*E10 -> 0 | G10: ='Labor Rates'!G10 -> 0 | H10: =F10*G10 -> 0 | I10: ='Labor Rates'!H10 -> 0 | J10: =(F10+H10)*I10 -> 0 | K10: =F10+H10+J10 -> 0 | M10: ='Labor Rates'!K10 -> 0 | N10: =L10*M10 -> 0 | O10: ='Labor Rates'!M10 -> 0 | P10: =N10*O10 -> 0 | Q10: ='Labor Rates'!N10 -> 0 | R10: =(N10+P10)*Q10 -> 0 | S10: =ROUND(L10*M10*(1+O10)*(1+Q10),0) -> 0 | U10: ='Labor Rates'!Q10 -> 0 | V10: =T10*U10 -> 0 | W10: ='Labor Rates'!S10 -> 0 | X10: =V10*W10 -> 0 | Y10: ='Labor Rates'!T10 -> 0 | Z10: =(V10+X10)*Y10 -> 0 | AA10: =ROUND(T10*U10*(1+W10)*(1+Y10),0) -> 0 | AC10: ='Labor Rates'!W10 -> 0 | AD10: =AB10*AC10 -> 0 | AE10: ='Labor Rates'!Y10 -> 0 | AF10: =AD10*AE10 -> 0 | AG10: ='Labor Rates'!Z10 -> 0 | AH10: =(AD10+AF10)*AG10 -> 0 | AI10: =ROUND(AB10*AC10*(1+AE10)*(1+AG10),0) -> 0 | AK10: ='Labor Rates'!AC10 -> 0 | AL10: =AJ10*AK10 -> 0 | AM10: ='Labor Rates'!AE10 -> 0 | AN10: =AL10*AM10 -> 0 | AO10: ='Labor Rates'!AF10 -> 0 | AP10: =(AL10+AN10)*AO10 -> 0 | AQ10: =ROUND(AJ10*AK10*(1+AM10)*(1+AO10),0) -> 0 | AS10: ='Labor Rates'!AI10 -> 0 | AT10: =AR10*AS10 -> 0 | AU10: ='Labor Rates'!AK10 -> 0 | AV10: =AT10*AU10 -> 0 | AW10: ='Labor Rates'!AL10 -> 0 | AX10: =(AT10+AV10)*AW10 -> 0 | AY10: =ROUND(AR10*AS10*(1+AU10)*(1+AW10),0) -> 0 | AZ10: =D10+L10+T10+AB10+AJ10+AR10 -> 0 | BA10: =F10+N10+V10+AD10+AL10+AT10 -> 0 | BB10: =K10+S10+AA10+AI10+AQ10+AY10 -> 0
B11: =IF(ISBLANK('Labor Rates'!C11),"",'Labor Rates'!C11) | C11: =IF(ISBLANK('Labor Rates'!D11),"",'Labor Rates'!D11) | E11: ='Labor Rates'!E11 -> 0 | F11: =D11*E11 -> 0 | G11: ='Labor Rates'!G11 -> 0 | H11: =F11*G11 -> 0 | I11: ='Labor Rates'!H11 -> 0 | J11: =(F11+H11)*I11 -> 0 | K11: =F11+H11+J11 -> 0 | M11: ='Labor Rates'!K11 -> 0 | N11: =L11*M11 -> 0 | O11: ='Labor Rates'!M11 -> 0 | P11: =N11*O11 -> 0 | Q11: ='Labor Rates'!N11 -> 0 | R11: =(N11+P11)*Q11 -> 0 | S11: =ROUND(L11*M11*(1+O11)*(1+Q11),0) -> 0 | U11: ='Labor Rates'!Q11 -> 0 | V11: =T11*U11 -> 0 | W11: ='Labor Rates'!S11 -> 0 | X11: =V11*W11 -> 0 | Y11: ='Labor Rates'!T11 -> 0 | Z11: =(V11+X11)*Y11 -> 0 | AA11: =ROUND(T11*U11*(1+W11)*(1+Y11),0) -> 0 | AC11: ='Labor Rates'!W11 -> 0 | AD11: =AB11*AC11 -> 0 | AE11: ='Labor Rates'!Y11 -> 0 | AF11: =AD11*AE11 -> 0 | AG11: ='Labor Rates'!Z11 -> 0 | AH11: =(AD11+AF11)*AG11 -> 0 | AI11: =ROUND(AB11*AC11*(1+AE11)*(1+AG11),0) -> 0 | AK11: ='Labor Rates'!AC11 -> 0 | AL11: =AJ11*AK11 -> 0 | AM11: ='Labor Rates'!AE11 -> 0 | AN11: =AL11*AM11 -> 0 | AO11: ='Labor Rates'!AF11 -> 0 | AP11: =(AL11+AN11)*AO11 -> 0 | AQ11: =ROUND(AJ11*AK11*(1+AM11)*(1+AO11),0) -> 0 | AS11: ='Labor Rates'!AI11 -> 0 | AT11: =AR11*AS11 -> 0 | AU11: ='Labor Rates'!AK11 -> 0 | AV11: =AT11*AU11 -> 0 | AW11: ='Labor Rates'!AL11 -> 0 | AX11: =(AT11+AV11)*AW11 -> 0 | AY11: =ROUND(AR11*AS11*(1+AU11)*(1+AW11),0) -> 0 | AZ11: =D11+L11+T11+AB11+AJ11+AR11 -> 0 | BA11: =F11+N11+V11+AD11+AL11+AT11 -> 0 | BB11: =K11+S11+AA11+AI11+AQ11+AY11 -> 0
B12: =IF(ISBLANK('Labor Rates'!C12),"",'Labor Rates'!C12) | C12: =IF(ISBLANK('Labor Rates'!D12),"",'Labor Rates'!D12) | E12: ='Labor Rates'!E12 -> 0 | F12: =D12*E12 -> 0 | G12: ='Labor Rates'!G12 -> 0 | H12: =F12*G12 -> 0 | I12: ='Labor Rates'!H12 -> 0 | J12: =(F12+H12)*I12 -> 0 | K12: =F12+H12+J12 -> 0 | M12: ='Labor Rates'!K12 -> 0 | N12: =L12*M12 -> 0 | O12: ='Labor Rates'!M12 -> 0 | P12: =N12*O12 -> 0 | Q12: ='Labor Rates'!N12 -> 0 | R12: =(N12+P12)*Q12 -> 0 | S12: =ROUND(L12*M12*(1+O12)*(1+Q12),0) -> 0 | U12: ='Labor Rates'!Q12 -> 0 | V12: =T12*U12 -> 0 | W12: ='Labor Rates'!S12 -> 0 | X12: =V12*W12 -> 0 | Y12: ='Labor Rates'!T12 -> 0 | Z12: =(V12+X12)*Y12 -> 0 | AA12: =ROUND(T12*U12*(1+W12)*(1+Y12),0) -> 0 | AC12: ='Labor Rates'!W12 -> 0 | AD12: =AB12*AC12 -> 0 | AE12: ='Labor Rates'!Y12 -> 0 | AF12: =AD12*AE12 -> 0 | AG12: ='Labor Rates'!Z12 -> 0 | AH12: =(AD12+AF12)*AG12 -> 0 | AI12: =ROUND(AB12*AC12*(1+AE12)*(1+AG12),0) -> 0 | AK12: ='Labor Rates'!AC12 -> 0 | AL12: =AJ12*AK12 -> 0 | AM12: ='Labor Rates'!AE12 -> 0 | AN12: =AL12*AM12 -> 0 | AO12: ='Labor Rates'!AF12 -> 0 | AP12: =(AL12+AN12)*AO12 -> 0 | AQ12: =ROUND(AJ12*AK12*(1+AM12)*(1+AO12),0) -> 0 | AS12: ='Labor Rates'!AI12 -> 0 | AT12: =AR12*AS12 -> 0 | AU12: ='Labor Rates'!AK12 -> 0 | AV12: =AT12*AU12 -> 0 | AW12: ='Labor Rates'!AL12 -> 0 | AX12: =(AT12+AV12)*AW12 -> 0 | AY12: =ROUND(AR12*AS12*(1+AU12)*(1+AW12),0) -> 0 | AZ12: =D12+L12+T12+AB12+AJ12+AR12 -> 0 | BA12: =F12+N12+V12+AD12+AL12+AT12 -> 0 | BB12: =K12+S12+AA12+AI12+AQ12+AY12 -> 0
B13: =IF(ISBLANK('Labor Rates'!C13),"",'Labor Rates'!C13) | C13: =IF(ISBLANK('Labor Rates'!D13),"",'Labor Rates'!D13) | E13: ='Labor Rates'!E13 -> 0 | F13: =D13*E13 -> 0 | G13: ='Labor Rates'!G13 -> 0 | H13: =F13*G13 -> 0 | I13: ='Labor Rates'!H13 -> 0 | J13: =(F13+H13)*I13 -> 0 | K13: =F13+H13+J13 -> 0 | M13: ='Labor Rates'!K13 -> 0 | N13: =L13*M13 -> 0 | O13: ='Labor Rates'!M13 -> 0 | P13: =N13*O13 -> 0 | Q13: ='Labor Rates'!N13 -> 0 | R13: =(N13+P13)*Q13 -> 0 | S13: =ROUND(L13*M13*(1+O13)*(1+Q13),0) -> 0 | U13: ='Labor Rates'!Q13 -> 0 | V13: =T13*U13 -> 0 | W13: ='Labor Rates'!S13 -> 0 | X13: =V13*W13 -> 0 | Y13: ='Labor Rates'!T13 -> 0 | Z13: =(V13+X13)*Y13 -> 0 | AA13: =ROUND(T13*U13*(1+W13)*(1+Y13),0) -> 0 | AC13: ='Labor Rates'!W13 -> 0 | AD13: =AB13*AC13 -> 0 | AE13: ='Labor Rates'!Y13 -> 0 | AF13: =AD13*AE13 -> 0 | AG13: ='Labor Rates'!Z13 -> 0 | AH13: =(AD13+AF13)*AG13 -> 0 | AI13: =ROUND(AB13*AC13*(1+AE13)*(1+AG13),0) -> 0 | AK13: ='Labor Rates'!AC13 -> 0 | AL13: =AJ13*AK13 -> 0 | AM13: ='Labor Rates'!AE13 -> 0 | AN13: =AL13*AM13 -> 0 | AO13: ='Labor Rates'!AF13 -> 0 | AP13: =(AL13+AN13)*AO13 -> 0 | AQ13: =ROUND(AJ13*AK13*(1+AM13)*(1+AO13),0) -> 0 | AS13: ='Labor Rates'!AI13 -> 0 | AT13: =AR13*AS13 -> 0 | AU13: ='Labor Rates'!AK13 -> 0 | AV13: =AT13*AU13 -> 0 | AW13: ='Labor Rates'!AL13 -> 0 | AX13: =(AT13+AV13)*AW13 -> 0 | AY13: =ROUND(AR13*AS13*(1+AU13)*(1+AW13),0) -> 0 | AZ13: =D13+L13+T13+AB13+AJ13+AR13 -> 0 | BA13: =F13+N13+V13+AD13+AL13+AT13 -> 0 | BB13: =K13+S13+AA13+AI13+AQ13+AY13 -> 0
B14: =IF(ISBLANK('Labor Rates'!C14),"",'Labor Rates'!C14) | C14: =IF(ISBLANK('Labor Rates'!D14),"",'Labor Rates'!D14) | E14: ='Labor Rates'!E14 -> 0 | F14: =D14*E14 -> 0 | G14: ='Labor Rates'!G14 -> 0 | H14: =F14*G14 -> 0 | I14: ='Labor Rates'!H14 -> 0 | J14: =(F14+H14)*I14 -> 0 | K14: =F14+H14+J14 -> 0 | M14: ='Labor Rates'!K14 -> 0 | N14: =L14*M14 -> 0 | O14: ='Labor Rates'!M14 -> 0 | P14: =N14*O14 -> 0 | Q14: ='Labor Rates'!N14 -> 0 | R14: =(N14+P14)*Q14 -> 0 | S14: =ROUND(L14*M14*(1+O14)*(1+Q14),0) -> 0 | U14: ='Labor Rates'!Q14 -> 0 | V14: =T14*U14 -> 0 | W14: ='Labor Rates'!S14 -> 0 | X14: =V14*W14 -> 0 | Y14: ='Labor Rates'!T14 -> 0 | Z14: =(V14+X14)*Y14 -> 0 | AA14: =ROUND(T14*U14*(1+W14)*(1+Y14),0) -> 0 | AC14: ='Labor Rates'!W14 -> 0 | AD14: =AB14*AC14 -> 0 | AE14: ='Labor Rates'!Y14 -> 0 | AF14: =AD14*AE14 -> 0 | AG14: ='Labor Rates'!Z14 -> 0 | AH14: =(AD14+AF14)*AG14 -> 0 | AI14: =ROUND(AB14*AC14*(1+AE14)*(1+AG14),0) -> 0 | AK14: ='Labor Rates'!AC14 -> 0 | AL14: =AJ14*AK14 -> 0 | AM14: ='Labor Rates'!AE14 -> 0 | AN14: =AL14*AM14 -> 0 | AO14: ='Labor Rates'!AF14 -> 0 | AP14: =(AL14+AN14)*AO14 -> 0 | AQ14: =ROUND(AJ14*AK14*(1+AM14)*(1+AO14),0) -> 0 | AS14: ='Labor Rates'!AI14 -> 0 | AT14: =AR14*AS14 -> 0 | AU14: ='Labor Rates'!AK14 -> 0 | AV14: =AT14*AU14 -> 0 | AW14: ='Labor Rates'!AL14 -> 0 | AX14: =(AT14+AV14)*AW14 -> 0 | AY14: =ROUND(AR14*AS14*(1+AU14)*(1+AW14),0) -> 0 | AZ14: =D14+L14+T14+AB14+AJ14+AR14 -> 0 | BA14: =F14+N14+V14+AD14+AL14+AT14 -> 0 | BB14: =K14+S14+AA14+AI14+AQ14+AY14 -> 0
B15: =IF(ISBLANK('Labor Rates'!C15),"",'Labor Rates'!C15) | C15: =IF(ISBLANK('Labor Rates'!D15),"",'Labor Rates'!D15) | E15: ='Labor Rates'!E15 -> 0 | F15: =D15*E15 -> 0 | G15: ='Labor Rates'!G15 -> 0 | H15: =F15*G15 -> 0 | I15: ='Labor Rates'!H15 -> 0 | J15: =(F15+H15)*I15 -> 0 | K15: =F15+H15+J15 -> 0 | M15: ='Labor Rates'!K15 -> 0 | N15: =L15*M15 -> 0 | O15: ='Labor Rates'!M15 -> 0 | P15: =N15*O15 -> 0 | Q15: ='Labor Rates'!N15 -> 0 | R15: =(N15+P15)*Q15 -> 0 | S15: =ROUND(L15*M15*(1+O15)*(1+Q15),0) -> 0 | U15: ='Labor Rates'!Q15 -> 0 | V15: =T15*U15 -> 0 | W15: ='Labor Rates'!S15 -> 0 | X15: =V15*W15 -> 0 | Y15: ='Labor Rates'!T15 -> 0 | Z15: =(V15+X15)*Y15 -> 0 | AA15: =ROUND(T15*U15*(1+W15)*(1+Y15),0) -> 0 | AC15: ='Labor Rates'!W15 -> 0 | AD15: =AB15*AC15 -> 0 | AE15: ='Labor Rates'!Y15 -> 0 | AF15: =AD15*AE15 -> 0 | AG15: ='Labor Rates'!Z15 -> 0 | AH15: =(AD15+AF15)*AG15 -> 0 | AI15: =ROUND(AB15*AC15*(1+AE15)*(1+AG15),0) -> 0 | AK15: ='Labor Rates'!AC15 -> 0 | AL15: =AJ15*AK15 -> 0 | AM15: ='Labor Rates'!AE15 -> 0 | AN15: =AL15*AM15 -> 0 | AO15: ='Labor Rates'!AF15 -> 0 | AP15: =(AL15+AN15)*AO15 -> 0 | AQ15: =ROUND(AJ15*AK15*(1+AM15)*(1+AO15),0) -> 0 | AS15: ='Labor Rates'!AI15 -> 0 | AT15: =AR15*AS15 -> 0 | AU15: ='Labor Rates'!AK15 -> 0 | AV15: =AT15*AU15 -> 0 | AW15: ='Labor Rates'!AL15 -> 0 | AX15: =(AT15+AV15)*AW15 -> 0 | AY15: =ROUND(AR15*AS15*(1+AU15)*(1+AW15),0) -> 0 | AZ15: =D15+L15+T15+AB15+AJ15+AR15 -> 0 | BA15: =F15+N15+V15+AD15+AL15+AT15 -> 0 | BB15: =K15+S15+AA15+AI15+AQ15+AY15 -> 0
B16: =IF(ISBLANK('Labor Rates'!C16),"",'Labor Rates'!C16) | C16: =IF(ISBLANK('Labor Rates'!D16),"",'Labor Rates'!D16) | E16: ='Labor Rates'!E16 -> 0 | F16: =D16*E16 -> 0 | G16: ='Labor Rates'!G16 -> 0 | H16: =F16*G16 -> 0 | I16: ='Labor Rates'!H16 -> 0 | J16: =(F16+H16)*I16 -> 0 | K16: =F16+H16+J16 -> 0 | M16: ='Labor Rates'!K16 -> 0 | N16: =L16*M16 -> 0 | O16: ='Labor Rates'!M16 -> 0 | P16: =N16*O16 -> 0 | Q16: ='Labor Rates'!N16 -> 0 | R16: =(N16+P16)*Q16 -> 0 | S16: =ROUND(L16*M16*(1+O16)*(1+Q16),0) -> 0 | U16: ='Labor Rates'!Q16 -> 0 | V16: =T16*U16 -> 0 | W16: ='Labor Rates'!S16 -> 0 | X16: =V16*W16 -> 0 | Y16: ='Labor Rates'!T16 -> 0 | Z16: =(V16+X16)*Y16 -> 0 | AA16: =ROUND(T16*U16*(1+W16)*(1+Y16),0) -> 0 | AC16: ='Labor Rates'!W16 -> 0 | AD16: =AB16*AC16 -> 0 | AE16: ='Labor Rates'!Y16 -> 0 | AF16: =AD16*AE16 -> 0 | AG16: ='Labor Rates'!Z16 -> 0 | AH16: =(AD16+AF16)*AG16 -> 0 | AI16: =ROUND(AB16*AC16*(1+AE16)*(1+AG16),0) -> 0 | AK16: ='Labor Rates'!AC16 -> 0 | AL16: =AJ16*AK16 -> 0 | AM16: ='Labor Rates'!AE16 -> 0 | AN16: =AL16*AM16 -> 0 | AO16: ='Labor Rates'!AF16 -> 0 | AP16: =(AL16+AN16)*AO16 -> 0 | AQ16: =ROUND(AJ16*AK16*(1+AM16)*(1+AO16),0) -> 0 | AS16: ='Labor Rates'!AI16 -> 0 | AT16: =AR16*AS16 -> 0 | AU16: ='Labor Rates'!AK16 -> 0 | AV16: =AT16*AU16 -> 0 | AW16: ='Labor Rates'!AL16 -> 0 | AX16: =(AT16+AV16)*AW16 -> 0 | AY16: =ROUND(AR16*AS16*(1+AU16)*(1+AW16),0) -> 0 | AZ16: =D16+L16+T16+AB16+AJ16+AR16 -> 0 | BA16: =F16+N16+V16+AD16+AL16+AT16 -> 0 | BB16: =K16+S16+AA16+AI16+AQ16+AY16 -> 0
B17: =IF(ISBLANK('Labor Rates'!C17),"",'Labor Rates'!C17) | C17: =IF(ISBLANK('Labor Rates'!D17),"",'Labor Rates'!D17) | E17: ='Labor Rates'!E17 -> 0 | F17: =D17*E17 -> 0 | G17: ='Labor Rates'!G17 -> 0 | H17: =F17*G17 -> 0 | I17: ='Labor Rates'!H17 -> 0 | J17: =(F17+H17)*I17 -> 0 | K17: =F17+H17+J17 -> 0 | M17: ='Labor Rates'!K17 -> 0 | N17: =L17*M17 -> 0 | O17: ='Labor Rates'!M17 -> 0 | P17: =N17*O17 -> 0 | Q17: ='Labor Rates'!N17 -> 0 | R17: =(N17+P17)*Q17 -> 0 | S17: =ROUND(L17*M17*(1+O17)*(1+Q17),0) -> 0 | U17: ='Labor Rates'!Q17 -> 0 | V17: =T17*U17 -> 0 | W17: ='Labor Rates'!S17 -> 0 | X17: =V17*W17 -> 0 | Y17: ='Labor Rates'!T17 -> 0 | Z17: =(V17+X17)*Y17 -> 0 | AA17: =ROUND(T17*U17*(1+W17)*(1+Y17),0) -> 0 | AC17: ='Labor Rates'!W17 -> 0 | AD17: =AB17*AC17 -> 0 | AE17: ='Labor Rates'!Y17 -> 0 | AF17: =AD17*AE17 -> 0 | AG17: ='Labor Rates'!Z17 -> 0 | AH17: =(AD17+AF17)*AG17 -> 0 | AI17: =ROUND(AB17*AC17*(1+AE17)*(1+AG17),0) -> 0 | AK17: ='Labor Rates'!AC17 -> 0 | AL17: =AJ17*AK17 -> 0 | AM17: ='Labor Rates'!AE17 -> 0 | AN17: =AL17*AM17 -> 0 | AO17: ='Labor Rates'!AF17 -> 0 | AP17: =(AL17+AN17)*AO17 -> 0 | AQ17: =ROUND(AJ17*AK17*(1+AM17)*(1+AO17),0) -> 0 | AS17: ='Labor Rates'!AI17 -> 0 | AT17: =AR17*AS17 -> 0 | AU17: ='Labor Rates'!AK17 -> 0 | AV17: =AT17*AU17 -> 0 | AW17: ='Labor Rates'!AL17 -> 0 | AX17: =(AT17+AV17)*AW17 -> 0 | AY17: =ROUND(AR17*AS17*(1+AU17)*(1+AW17),0) -> 0 | AZ17: =D17+L17+T17+AB17+AJ17+AR17 -> 0 | BA17: =F17+N17+V17+AD17+AL17+AT17 -> 0 | BB17: =K17+S17+AA17+AI17+AQ17+AY17 -> 0
B18: =IF(ISBLANK('Labor Rates'!C18),"",'Labor Rates'!C18) | C18: =IF(ISBLANK('Labor Rates'!D18),"",'Labor Rates'!D18) | E18: ='Labor Rates'!E18 -> 0 | F18: =D18*E18 -> 0 | G18: ='Labor Rates'!G18 -> 0 | H18: =F18*G18 -> 0 | I18: ='Labor Rates'!H18 -> 0 | J18: =(F18+H18)*I18 -> 0 | K18: =F18+H18+J18 -> 0 | M18: ='Labor Rates'!K18 -> 0 | N18: =L18*M18 -> 0 | O18: ='Labor Rates'!M18 -> 0 | P18: =N18*O18 -> 0 | Q18: ='Labor Rates'!N18 -> 0 | R18: =(N18+P18)*Q18 -> 0 | S18: =ROUND(L18*M18*(1+O18)*(1+Q18),0) -> 0 | U18: ='Labor Rates'!Q18 -> 0 | V18: =T18*U18 -> 0 | W18: ='Labor Rates'!S18 -> 0 | X18: =V18*W18 -> 0 | Y18: ='Labor Rates'!T18 -> 0 | Z18: =(V18+X18)*Y18 -> 0 | AA18: =ROUND(T18*U18*(1+W18)*(1+Y18),0) -> 0 | AC18: ='Labor Rates'!W18 -> 0 | AD18: =AB18*AC18 -> 0 | AE18: ='Labor Rates'!Y18 -> 0 | AF18: =AD18*AE18 -> 0 | AG18: ='Labor Rates'!Z18 -> 0 | AH18: =(AD18+AF18)*AG18 -> 0 | AI18: =ROUND(AB18*AC18*(1+AE18)*(1+AG18),0) -> 0 | AK18: ='Labor Rates'!AC18 -> 0 | AL18: =AJ18*AK18 -> 0 | AM18: ='Labor Rates'!AE18 -> 0 | AN18: =AL18*AM18 -> 0 | AO18: ='Labor Rates'!AF18 -> 0 | AP18: =(AL18+AN18)*AO18 -> 0 | AQ18: =ROUND(AJ18*AK18*(1+AM18)*(1+AO18),0) -> 0 | AS18: ='Labor Rates'!AI18 -> 0 | AT18: =AR18*AS18 -> 0 | AU18: ='Labor Rates'!AK18 -> 0 | AV18: =AT18*AU18 -> 0 | AW18: ='Labor Rates'!AL18 -> 0 | AX18: =(AT18+AV18)*AW18 -> 0 | AY18: =ROUND(AR18*AS18*(1+AU18)*(1+AW18),0) -> 0 | AZ18: =D18+L18+T18+AB18+AJ18+AR18 -> 0 | BA18: =F18+N18+V18+AD18+AL18+AT18 -> 0 | BB18: =K18+S18+AA18+AI18+AQ18+AY18 -> 0
B19: =IF(ISBLANK('Labor Rates'!C19),"",'Labor Rates'!C19) | C19: =IF(ISBLANK('Labor Rates'!D19),"",'Labor Rates'!D19) | E19: ='Labor Rates'!E19 -> 0 | F19: =D19*E19 -> 0 | G19: ='Labor Rates'!G19 -> 0 | H19: =F19*G19 -> 0 | I19: ='Labor Rates'!H19 -> 0 | J19: =(F19+H19)*I19 -> 0 | K19: =F19+H19+J19 -> 0 | M19: ='Labor Rates'!K19 -> 0 | N19: =L19*M19 -> 0 | O19: ='Labor Rates'!M19 -> 0 | P19: =N19*O19 -> 0 | Q19: ='Labor Rates'!N19 -> 0 | R19: =(N19+P19)*Q19 -> 0 | S19: =ROUND(L19*M19*(1+O19)*(1+Q19),0) -> 0 | U19: ='Labor Rates'!Q19 -> 0 | V19: =T19*U19 -> 0 | W19: ='Labor Rates'!S19 -> 0 | X19: =V19*W19 -> 0 | Y19: ='Labor Rates'!T19 -> 0 | Z19: =(V19+X19)*Y19 -> 0 | AA19: =ROUND(T19*U19*(1+W19)*(1+Y19),0) -> 0 | AC19: ='Labor Rates'!W19 -> 0 | AD19: =AB19*AC19 -> 0 | AE19: ='Labor Rates'!Y19 -> 0 | AF19: =AD19*AE19 -> 0 | AG19: ='Labor Rates'!Z19 -> 0 | AH19: =(AD19+AF19)*AG19 -> 0 | AI19: =ROUND(AB19*AC19*(1+AE19)*(1+AG19),0) -> 0 | AK19: ='Labor Rates'!AC19 -> 0 | AL19: =AJ19*AK19 -> 0 | AM19: ='Labor Rates'!AE19 -> 0 | AN19: =AL19*AM19 -> 0 | AO19: ='Labor Rates'!AF19 -> 0 | AP19: =(AL19+AN19)*AO19 -> 0 | AQ19: =ROUND(AJ19*AK19*(1+AM19)*(1+AO19),0) -> 0 | AS19: ='Labor Rates'!AI19 -> 0 | AT19: =AR19*AS19 -> 0 | AU19: ='Labor Rates'!AK19 -> 0 | AV19: =AT19*AU19 -> 0 | AW19: ='Labor Rates'!AL19 -> 0 | AX19: =(AT19+AV19)*AW19 -> 0 | AY19: =ROUND(AR19*AS19*(1+AU19)*(1+AW19),0) -> 0 | AZ19: =D19+L19+T19+AB19+AJ19+AR19 -> 0 | BA19: =F19+N19+V19+AD19+AL19+AT19 -> 0 | BB19: =K19+S19+AA19+AI19+AQ19+AY19 -> 0
... B31: =IF(ISBLANK('Labor Rates'!C31),"",'Labor Rates'!C31) | C31: =IF(ISBLANK('Labor Rates'!D31),"",'Labor Rates'!D31) | E31: ='Labor Rates'!E31 -> 0 | F31: =D31*E31 -> 0 | G31: ='Labor Rates'!G31 -> 0 | H31: =F31*G31 -> 0 | I31: ='Labor Rates'!H31 -> 0 | J31: =(F31+H31)*I31 -> 0 | K31: =F31+H31+J31 -> 0 | M31: ='Labor Rates'!K31 -> 0 | N31: =L31*M31 -> 0 | O31: ='Labor Rates'!M31 -> 0 | P31: =N31*O31 -> 0 | Q31: ='Labor Rates'!N31 -> 0 | R31: =(N31+P31)*Q31 -> 0 | S31: =ROUND(L31*M31*(1+O31)*(1+Q31),0) -> 0 | U31: ='Labor Rates'!Q31 -> 0 | V31: =T31*U31 -> 0 | W31: ='Labor Rates'!S31 -> 0 | X31: =V31*W31 -> 0 | Y31: ='Labor Rates'!T31 -> 0 | Z31: =(V31+X31)*Y31 -> 0 | AA31: =ROUND(T31*U31*(1+W31)*(1+Y31),0) -> 0 | AC31: ='Labor Rates'!W31 -> 0 | AD31: =AB31*AC31 -> 0 | AE31: ='Labor Rates'!Y31 -> 0 | AF31: =AD31*AE31 -> 0 | AG31: ='Labor Rates'!Z31 -> 0 | AH31: =(AD31+AF31)*AG31 -> 0 | AI31: =ROUND(AB31*AC31*(1+AE31)*(1+AG31),0) -> 0 | AK31: ='Labor Rates'!AC31 -> 0 | AL31: =AJ31*AK31 -> 0 | AM31: ='Labor Rates'!AE31 -> 0 | AN31: =AL31*AM31 -> 0 | AO31: ='Labor Rates'!AF31 -> 0 | AP31: =(AL31+AN31)*AO31 -> 0 | AQ31: =ROUND(AJ31*AK31*(1+AM31)*(1+AO31),0) -> 0 | AS31: ='Labor Rates'!AI31 -> 0 | AT31: =AR31*AS31 -> 0 | AU31: ='Labor Rates'!AK31 -> 0 | AV31: =AT31*AU31 -> 0 | AW31: ='Labor Rates'!AL31 -> 0 | AX31: =(AT31+AV31)*AW31 -> 0 | AY31: =ROUND(AR31*AS31*(1+AU31)*(1+AW31),0) -> 0 | AZ31: =D31+L31+T31+AB31+AJ31+AR31 -> 0 | BA31: =F31+N31+V31+AD31+AL31+AT31 -> 0 | BB31: =K31+S31+AA31+AI31+AQ31+AY31 -> 0
B32: Total Direct Labor Hours/Costs | D32: =SUM(D8:D31) -> 0 | F32: =SUM(F8:F31) -> 0 | L32: =SUM(L8:L31) -> 0 | N32: =SUM(N8:N31) -> 0 | T32: =SUM(T8:T31) -> 0 | V32: =SUM(V8:V31) -> 0 | AB32: =SUM(AB8:AB31) -> 0 | AD32: =SUM(AD8:AD31) -> 0 | AJ32: =SUM(AJ8:AJ31) -> 0 | AL32: =SUM(AL8:AL31) -> 0 | AR32: =SUM(AR8:AR31) -> 0 | AT32: =SUM(AT8:AT31) -> 0 | AZ32: =SUM(AZ8:AZ31) -> 0 | BA32: =F32+N32+V32+AD32+AL32+AT32 -> 0 | BB32: =SUM(BB8:BB31) -> 0
B33: Fringe Benefit Cost from Direct Labor Above | H33: =SUM(H8:H31) -> 0 | K33: =H33 -> 0 | P33: =SUM(P8:P31) -> 0 | S33: =P33 -> 0 | X33: =SUM(X8:X31) -> 0 | AA33: =X33 -> 0 | AF33: =SUM(AF8:AF31) -> 0 | AI33: =AF33 -> 0 | AN33: =SUM(AN8:AN31) -> 0 | AQ33: =AN33 -> 0 | AV33: =SUM(AV8:AV31) -> 0 | AY33: =AV33 -> 0 | BA33: =K33+S33+AA33+AI33+AQ33+AY33 -> 0
B34: Insert line(s) & title(s) for any other F/B rates | D34: =F32 -> 0 | E34: 0 | K34: =D34*E34 -> 0 | L34: =N32 -> 0 | S34: =L34*M34 -> 0 | T34: =V32 -> 0 | AA34: =T34*U34 -> 0 | AB34: =AD32 -> 0 | AI34: =AB34*AC34 -> 0 | AJ34: =AL32 -> 0 | AQ34: =AJ34*AK34 -> 0 | AR34: =AT32 -> 0 | AY34: =AR34*AS34 -> 0 | BA34: =K34+S34+AA34+AI34+AQ34+AY34 -> 0
B35: Total Fringe Benefit Costs | K35: =SUM(K33:K34) -> 0 | S35: =SUM(S33:S34) -> 0 | AA35: =SUM(AA33:AA34) -> 0 | AI35: =SUM(AI33:AI34) -> 0 | AQ35: =SUM(AQ33:AQ34) -> 0 | AY35: =SUM(AY33:AY34) -> 0 | BA35: =SUM(D35:AY35) -> 0
B36: Labor Overhead from Direct Labor and FB Above | J36: =SUM(J8:J31) -> 0 | K36: =J36 -> 0 | R36: =SUM(R8:R31) -> 0 | S36: =R36 -> 0 | Z36: =SUM(Z8:Z31) -> 0 | AA36: =Z36 -> 0 | AH36: =SUM(AH8:AH31) -> 0 | AI36: =AH36 -> 0 | AP36: =SUM(AP8:AP31) -> 0 | AQ36: =AP36 -> 0 | AX36: =SUM(AX8:AX31) -> 0 | AY36: =AX36 -> 0 | BA36: =K36+S36+AA36+AI36+AQ36+AY36 -> 0
B37: Insert line(s) & title(s) for any other O/H rates | D37: =F32+K35 -> 0 | E37: 0 | K37: =D37*E37 -> 0 | L37: =N32+S35 -> 0 | S37: =L37*M37 -> 0 | T37: =V32+AA35 -> 0 | AA37: =T37*U37 -> 0 | AB37: =AD32+AI35 -> 0 | AI37: =AB37*AC37 -> 0 | AJ37: =AL32+AQ35 -> 0 | AQ37: =AJ37*AK37 -> 0 | AR37: =AT32+AY35 -> 0 | AY37: =AR37*AS37 -> 0 | BA37: =K37+S37+AA37+AI37+AQ37+AY37 -> 0
B38: Total Labor Overhead Costs | K38: =SUM(K36:K37) -> 0 | S38: =SUM(S36:S37) -> 0 | AA38: =SUM(AA36:AA37) -> 0 | AI38: =SUM(AI36:AI37) -> 0 | AQ38: =SUM(AQ36:AQ37) -> 0 | AY38: =SUM(AY36:AY37) -> 0 | BA38: =K38+S38+AA38+AI38+AQ38+AY38 -> 0
A39: Subcontracts/Interorganizational Transfer | C39: File/Tab Name or Link
B40: Subcontract/Interorganizational Name - #01 | C40: Provide details in Subcontractor Tab | K40: 0 | S40: 0 | AA40: 0 | AI40: 0 | AQ40: 0 | AY40: 0 | BA40: =K40+S40+AA40+AI40+AQ40+AY40 -> 0
B41: Subcontract/Interorganizational Name - #02 | C41: Provide details in Subcontractor Tab | S41: 0 | AA41: 0 | AI41: 0 | BA41: =K41+S41+AA41+AI41+AQ41+AY41 -> 0
B42: Subcontract/Interorganizational Name - #03 | C42: Provide details in Subcontractor Tab | S42: 0 | AA42: 0 | AI42: 0 | BA42: =K42+S42+AA42+AI42+AQ42+AY42 -> 0
B43: Insert line(s) for any additional Subcontractors/Interorganizational | C43: Provide details in Subcontractor Tab | S43: 0 | AA43: 0 | AI43: 0 | BA43: =K43+S43+AA43+AI43+AQ43+AY43 -> 0
B44: Total Subcontract Costs | K44: =SUM(K39:K43) -> 0 | S44: =SUM(S39:S43) -> 0 | AA44: =SUM(AA39:AA43) -> 0 | AI44: =SUM(AI39:AI43) -> 0 | AQ44: =SUM(AQ39:AQ43) -> 0 | AY44: =SUM(AY39:AY43) -> 0 | BA44: =K44+S44+AA44+AI44+AQ44+AY44 -> 0
A45: Consultants | D45: Hours | E45: Hourly Rate | L45: Hours | M45: Hourly Rate | T45: Hours | U45: Hourly Rate | AB45: Hours | AC45: Hourly Rate | AJ45: Hours | AK45: Hourly Rate | AR45: Hours | AS45: Hourly Rate | AZ45: Hours
B46: Consultant Name - #01 | C46: Provide details in Consultant Tab | D46: 0 | E46: 0 | K46: =D46*E46 -> 0 | L46: 0 | M46: 0 | S46: =L46*M46 -> 0 | T46: 0 | U46: 0 | AA46: =T46*U46 -> 0 | AB46: 0 | AC46: 0 | AI46: =AB46*AC46 -> 0 | AJ46: 0 | AK46: 0 | AQ46: =AJ46*AK46 -> 0 | AR46: 0 | AS46: 0 | AY46: =AR46*AS46 -> 0 | AZ46: =SUM(D46,L46,T46,AB46,AJ46,AR46) -> 0 | BA46: =K46+S46+AA46+AI46+AQ46+AY46 -> 0
B47: Consultant Name - #02 | C47: Provide details in Consultant Tab | K47: =D47*E47 -> 0 | S47: =L47*M47 -> 0 | AA47: =T47*U47 -> 0 | AI47: =AB47*AC47 -> 0 | AQ47: =AJ47*AK47 -> 0 | AY47: =AR47*AS47 -> 0 | AZ47: =SUM(D47,L47,T47,AB47,AJ47,AR47) -> 0 | BA47: =K47+S47+AA47+AI47+AQ47+AY47 -> 0
B48: Consultant Name - #03 | C48: Provide details in Consultant Tab | K48: =D48*E48 -> 0 | S48: =L48*M48 -> 0 | AA48: =T48*U48 -> 0 | AI48: =AB48*AC48 -> 0 | AQ48: =AJ48*AK48 -> 0 | AY48: =AR48*AS48 -> 0 | AZ48: =SUM(D48,L48,T48,AB48,AJ48,AR48) -> 0 | BA48: =K48+S48+AA48+AI48+AQ48+AY48 -> 0
B49: Insert line(s) for any additional Consultants | C49: Provide details in Consultant Tab | K49: =D49*E49 -> 0 | S49: =L49*M49 -> 0 | AA49: =T49*U49 -> 0 | AI49: =AB49*AC49 -> 0 | AQ49: =AJ49*AK49 -> 0 | AY49: =AR49*AS49 -> 0 | AZ49: =SUM(D49,L49,T49,AB49,AJ49,AR49) -> 0 | BA49: =K49+S49+AA49+AI49+AQ49+AY49 -> 0
B50: Total Consultant Costs | K50: =SUM(K45:K49) -> 0 | S50: =SUM(S45:S49) -> 0 | AA50: =SUM(AA45:AA49) -> 0 | AI50: =SUM(AI45:AI49) -> 0 | AQ50: =SUM(AQ45:AQ49) -> 0 | AY50: =SUM(AY45:AY49) -> 0 | AZ50: =SUM(AZ46:AZ49) -> 0 | BA50: =K50+S50+AA50+AI50+AQ50+AY50 -> 0
A51: Other Direct Costs
B52: Materials/Supplies | C52: Provide details in Materials Tab | K52: 0 | S52: 0 | AA52: 0 | AI52: 0 | AQ52: 0 | AY52: 0 | BA52: =K52+S52+AA52+AI52+AQ52+AY52 -> 0
B53: Equipment | C53: Provide details in Equip. Tab | K53: 0 | S53: 0 | AA53: 0 | AI53: 0 | BA53: =K53+S53+AA53+AI53+AQ53+AY53 -> 0
B54: Travel | C54: Provide details in Travel Tab | K54: 0 | S54: 0 | AA54: 0 | AI54: 0 | BA54: =K54+S54+AA54+AI54+AQ54+AY54 -> 0
B55: Insert line(s) for any other types of ODCs | C55: Provide details in ODC Tab | K55: 0 | S55: 0 | AA55: 0 | AI55: 0 | BA55: =K55+S55+AA55+AI55+AQ55+AY55 -> 0
B56: Total Other Direct Costs | K56: =SUM(K51:K55) -> 0 | S56: =SUM(S51:S55) -> 0 | AA56: =SUM(AA51:AA55) -> 0 | AI56: =SUM(AI51:AI55) -> 0 | AQ56: =SUM(AQ51:AQ55) -> 0 | AY56: =SUM(AY51:AY55) -> 0 | BA56: =K56+S56+AA56+AI56+AQ56+AY56 -> 0
A57: Material Handling (M/H O/H) (See Indirect Rates Worksheet) | D57: Base | E57: Rate | L57: Base | M57: Rate | T57: Base | U57: Rate | AB57: Base | AC57: Rate | AJ57: Base | AK57: Rate | AR57: Base | AS57: Rate
B58: Insert M/H O/H rate title | D58: 0 | E58: 0 | K58: =D58*E58 -> 0 | L58: 0 | M58: 0 | S58: =L58*M58 -> 0 | T58: 0 | U58: 0 | AA58: =T58*U58 -> 0 | AB58: 0 | AC58: 0 | AI58: =AB58*AC58 -> 0 | AJ58: 0 | AK58: 0 | AQ58: =AJ58*AK58 -> 0 | AR58: 0 | AS58: 0 | AY58: =AR58*AS58 -> 0 | BA58: =K58+S58+AA58+AI58+AQ58+AY58 -> 0
B59: Insert line(s) & title(s) for any other M/H O/H rates | K59: =D59*E59 -> 0 | S59: =L59*M59 -> 0 | AA59: =T59*U59 -> 0 | AI59: =AB59*AC59 -> 0 | AQ59: =AJ59*AK59 -> 0 | AY59: =AR59*AS59 -> 0 | BA59: =K59+S59+AA59+AI59+AQ59+AY59 -> 0
B60: Total Material Handling Costs | K60: =SUM(K57:K59) -> 0 | S60: =SUM(S57:S59) -> 0 | AA60: =SUM(AA57:AA59) -> 0 | AI60: =SUM(AI57:AI59) -> 0 | AQ60: =SUM(AQ57:AQ59) -> 0 | AY60: =SUM(AY57:AY59) -> 0 | BA60: =K60+S60+AA60+AI60+AQ60+AY60 -> 0
A61: Subtotal Costs | K61: =F32+K35+K38+K44+K50+K56+K60 -> 0 | S61: =N32+S35+S38+S44+S50+S56+S60 -> 0 | AA61: =V32+AA35+AA38+AA44+AA50+AA56+AA60 -> 0 | AI61: =AD32+AI35+AI38+AI44+AI50+AI56+AI60 -> 0 | AQ61: =AL32+AQ35+AQ38+AQ44+AQ50+AQ56+AQ60 -> 0 | AY61: =AT32+AY35+AY38+AY44+AY50+AY56+AY60 -> 0 | BA61: =K61+S61+AA61+AI61+AQ61+AY61 -> 0
A62: General and Administrative (G&A) (See Indirect Rates Worksheet) | D62: Base | E62: Rate | L62: Base | M62: Rate | T62: Base | U62: Rate | AB62: Base | AC62: Rate | AJ62: Base | AK62: Rate | AR62: Base | AS62: Rate
B63: =IF(LaborCollection="Academia","F&A","G&A") -> G&A | D63: =K61 -> 0 | E63: 0 | K63: =D63*E63 -> 0 | L63: =S61 -> 0 | M63: 0 | S63: =L63*M63 -> 0 | T63: =AA61 -> 0 | U63: 0 | AA63: =T63*U63 -> 0 | AB63: =AI61 -> 0 | AC63: 0 | AI63: =AB63*AC63 -> 0 | AJ63: =AQ61 -> 0 | AK63: 0 | AQ63: =AJ63*AK63 -> 0 | AR63: =AY32+AY35+AY38+AY44+AY50+AY56+AY60 -> 0 | AS63: 0 | AY63: =AR63*AS63 -> 0 | BA63: =K63+S63+AA63+AI63+AQ63+AY63 -> 0
B64: Insert line(s) & title(s) for any other G&A rates | K64: =D64*E64 -> 0 | S64: =L64*M64 -> 0 | AA64: =T64*U64 -> 0 | AI64: =AB64*AC64 -> 0 | AQ64: =AJ64*AK64 -> 0 | AY64: =AR64*AS64 -> 0 | BA64: =K64+S64+AA64+AI64+AQ64+AY64 -> 0
B65: Total G&A Costs | K65: =SUM(K62:K64) -> 0 | S65: =SUM(S63:S64) -> 0 | AA65: =SUM(AA63:AA64) -> 0 | AI65: =SUM(AI63:AI64) -> 0 | AQ65: =SUM(AQ63:AQ64) -> 0 | AY65: =SUM(AY63:AY64) -> 0 | BA65: =K65+S65+AA65+AI65+AQ65+AY65 -> 0
A66: Subtotal Costs | K66: =K61+K65 -> 0 | S66: =S61+S65 -> 0 | AA66: =AA61+AA65 -> 0 | AI66: =AI61+AI65 -> 0 | AQ66: =AQ61+AQ65 -> 0 | AY66: =AY61+AY65 -> 0 | BA66: =K66+S66+AA66+AI66+AQ66+AY66 -> 0
A67: Facilities Cost of Money (COM) (See Indirect Rates Worksheet) | D67: Base | E67: Rate | L67: Base | M67: Rate | T67: Base | U67: Rate | AB67: Base | AC67: Rate | AJ67: Base | AK67: Rate | AR67: Base | AS67: Rate
B68: Insert COM rate title | D68: 0 | E68: 0 | K68: =D68*E68 -> 0 | L68: 0 | M68: 0 | S68: =L68*M68 -> 0 | T68: 0 | U68: 0 | AA68: =T68*U68 -> 0 | AB68: 0 | AC68: 0 | AI68: =AB68*AC68 -> 0 | AJ68: 0 | AK68: 0 | AQ68: =AJ68*AK68 -> 0 | AR68: 0 | AS68: 0 | AY68: =AR68*AS68 -> 0 | BA68: =K68+S68+AA68+AI68+AQ68+AY68 -> 0
B69: Insert line(s) & title(s) for any other COM rates | K69: =D69*E69 -> 0 | S69: =L69*M69 -> 0 | AA69: =T69*U69 -> 0 | AI69: =AB69*AC69 -> 0 | AQ69: =AJ69*AK69 -> 0 | AY69: =AR69*AS69 -> 0 | BA69: =K69+S69+AA69+AI69+AQ69+AY69 -> 0
B70: Total Cost of Money | K70: =SUM(K67:K69) -> 0 | S70: =SUM(S68:S69) -> 0 | AA70: =SUM(AA68:AA69) -> 0 | AI70: =SUM(AI68:AI69) -> 0 | AQ70: =SUM(AQ68:AQ69) -> 0 | AY70: =SUM(AY68:AY69) -> 0 | BA70: =K70+S70+AA70+AI70+AQ70+AY70 -> 0
A71: Total Estimated Costs | K71: =K66+K70 -> 0 | S71: =S66+S70 -> 0 | AA71: =AA66+AA70 -> 0 | AI71: =AI66+AI70 -> 0 | AQ71: =AQ66+AQ70 -> 0 | AY71: =AY66+AY70 -> 0 | BA71: =K71+S71+AA71+AI71+AQ71+AY71 -> 0
A72: Fixed Fee (If proposing a CPFF contract) or Profit | C72: (Note 4) | D72: =K66 -> 0 | E72: 0 | K72: =D72*E72 -> 0 | L72: =S66 -> 0 | M72: 0 | S72: =L72*M72 -> 0 | T72: =AA66 -> 0 | U72: 0 | AA72: =T72*U72 -> 0 | AB72: =AI66 -> 0 | AC72: 0 | AI72: =AB72*AC72 -> 0 | AJ72: =AQ66 -> 0 | AK72: 0 | AQ72: =AJ72*AK72 -> 0 | AR72: =AY66 -> 0 | AS72: 0 | AY72: =AR72*AS72 -> 0 | BA72: =K72+S72+AA72+AI72+AQ72+AY72 -> 0
A73: Total Estimated Costs Plus Fixed Fee | K73: =K71+K72 -> 0 | S73: =S71+S72 -> 0 | AA73: =AA71+AA72 -> 0 | AI73: =AI71+AI72 -> 0 | AQ73: =AQ71+AQ72 -> 0 | AY73: =AY71+AY72 -> 0 | BA73: =K73+S73+AA73+AI73+AQ73+AY73 -> 0
B74: =IF(LaborCollection="Academia","F&A","G&A") -> G&A
A75: Instructions: | B75: • For PRIME submission - Subcontractor Name: If there are subcontracts, list all subcontractor names. • In upper right last column, replace the “X” in X-Months with actual number of months. • Add descriptions in Column B if costs are entered in the following areas: Fringe Benefits, Labor Overhead, Other Direct Costs (other types), Material Handling, General and Administrative, and Facilities Cost of Money. • Subcontracts/Interorganizational Transfers: If appropriate, place Subcontractor name(s) or Interorganizational Name/Code in Column B. • Consultants: If appropriate, place Consultant name(s) in Column B. Running title will indicate when submission is from a prime, subcontractor or consultant.
A76: Note 1: | B76: Any proposed personnel in the technical proposal should be identified with their labor category.
A77: Note 2: | B77: The Fiscal Years or time periods (Row 5) are defined on the Proposer Constants tab. The months during the period of performance that these rates apply (Row 6) are also defined on the Proposer Constants tab.
A78: Note 3: | B78: The values under Total Direct Labor "Hours" column indicate the total level of effort for the project for each labor category. The Proposer must define the split of hours between initial and subsequent rate years based on its time periods defined on the Proposer Constants tab.
A79: Note 4: | B79: Profit or fee is not allowed on direct costs for equipment, Government entities or cost share contracts. In addition, a DD Form 1547 (DFARS 215.404-70) will be utilized in calculating the Government objective for fee.

Sheet Option-I
A1: Cost Proposal - Option I | C1: Enter proposed PoP as "MM/YY to MM/YY"
A2: Proposer | B2: =General!C2 -> Proposer's Name (Prime or Subcontractor)
A3: Prime Contractor | B3: =General!C3 -> Prime Contractor (Fill-in) (if applicable)
G4: (Note 2) | O4: (Note 2) | W4: (Note 2) | AE4: (Note 2) | AM4: (Note 2) | AV4: (Note 2)
G5: =Period1_Label -> Proposer FY 1 | O5: =Period2_Label -> Proposer FY 2 | W5: =Period3_Label -> Proposer FY 3 | AE5: =Period4_Label -> Proposer FY 4 | AM5: =Period5_Label -> Proposer FY 5 | AV5: =Period6_Label -> Proposer FY 6 | BA5: Total
A6: Direct Labor (DL) | G6: =CONCATENATE(TEXT('Proposer Constants'!B10,"MM/DD/YY")," to ",TEXT('Proposer Constants'!B11,"MM/DD/YY")) -> 06/01/21 to 05/31/22 | O6: =CONCATENATE(TEXT('Proposer Constants'!C10,"MM/DD/YY")," to ",TEXT('Proposer Constants'!C11,"MM/DD/YY")) -> 06/01/22 to 05/31/23 | W6: =CONCATENATE(TEXT('Proposer Constants'!D10,"MM/DD/YY")," to ",TEXT('Proposer Constants'!D11,"MM/DD/YY")) -> 06/01/23 to 05/31/24 | AE6: =CONCATENATE(TEXT('Proposer Constants'!E10,"MM/DD/YY")," to ",TEXT('Proposer Constants'!E11,"MM/DD/YY")) -> 06/01/24 to 05/31/25 | AM6: =CONCATENATE(TEXT('Proposer Constants'!F10,"MM/DD/YY")," to ",TEXT('Proposer Constants'!F11,"MM/DD/YY")) -> 06/01/25 to 05/31/26 | AV6: =CONCATENATE(TEXT('Proposer Constants'!G10,"MM/DD/YY")," to ",TEXT('Proposer Constants'!G11,"MM/DD/YY")) -> 06/01/26 to 05/31/27 | AZ6: (Note 3) | BA6: X-Months
B7: Proposer's Labor Category (Note 1) | C7: Name (Last, First) | D7: Hours | E7: Hourly Labor Rate | F7: Direct Labor Cost | G7: Fringe Benefit Rate | H7: Fringe Benefit Cost | I7: Labor Overhead Rate | J7: Labor Overhead Cost | K7: Total $ | L7: Hours | M7: Hourly Labor Rate | N7: Direct Labor Cost | O7: Fringe Benefit Rate | P7: Fringe Benefit Cost | Q7: Labor Overhead Rate | R7: Labor Overhead Cost | S7: Total $ | T7: Hours | U7: Hourly Labor Rate | V7: Direct Labor Cost | W7: Fringe Benefit Rate | X7: Fringe Benefit Cost | Y7: Labor Overhead Rate | Z7: Labor Overhead Cost | AA7: Total $ | AB7: Hours | AC7: Hourly Labor Rate | AD7: Direct Labor Cost | AE7: Fringe Benefit Rate | AF7: Fringe Benefit Cost | AG7: Labor Overhead Rate | AH7: Labor Overhead Cost | AI7: Total $ | AJ7: Hours | AK7: Hourly Labor Rate | AL7: Direct Labor Cost | AM7: Fringe Benefit Rate | AN7: Fringe Benefit Cost | AO7: Labor Overhead Rate | AP7: Labor Overhead Cost | AQ7: Total $ | AR7: Hours | AS7: Hourly Labor Rate | AT7: Direct Labor Cost | AU7: Fringe Benefit Rate | AV7: Fringe Benefit Cost | AW7: Labor Overhead Rate | AX7: Labor Overhead Cost | AY7: Total $ | AZ7: Hours | BA7: Total $ | BB7: Loaded Labor Cost
B8: =IF(ISBLANK('Labor Rates'!C8),"",'Labor Rates'!C8) | C8: =IF(ISBLANK('Labor Rates'!D8),"",'Labor Rates'!D8) | E8: ='Labor Rates'!E8 -> 0 | F8: =D8*E8 -> 0 | G8: ='Labor Rates'!G8 -> 0 | H8: =F8*G8 -> 0 | I8: ='Labor Rates'!H8 -> 0 | J8: =(F8+H8)*I8 -> 0 | K8: =F8+H8+J8 -> 0 | M8: ='Labor Rates'!K8 -> 0 | N8: =L8*M8 -> 0 | O8: ='Labor Rates'!M8 -> 0 | P8: =N8*O8 -> 0 | Q8: ='Labor Rates'!N8 -> 0 | R8: =(N8+P8)*Q8 -> 0 | S8: =ROUND(L8*M8*(1+O8)*(1+Q8),0) -> 0 | U8: ='Labor Rates'!Q8 -> 0 | V8: =T8*U8 -> 0 | W8: ='Labor Rates'!S8 -> 0 | X8: =V8*W8 -> 0 | Y8: ='Labor Rates'!T8 -> 0 | Z8: =(V8+X8)*Y8 -> 0 | AA8: =ROUND(T8*U8*(1+W8)*(1+Y8),0) -> 0 | AC8: ='Labor Rates'!W8 -> 0 | AD8: =AB8*AC8 -> 0 | AE8: ='Labor Rates'!Y8 -> 0 | AF8: =AD8*AE8 -> 0 | AG8: ='Labor Rates'!Z8 -> 0 | AH8: =(AD8+AF8)*AG8 -> 0 | AI8: =ROUND(AB8*AC8*(1+AE8)*(1+AG8),0) -> 0 | AK8: ='Labor Rates'!AC8 -> 0 | AL8: =AJ8*AK8 -> 0 | AM8: ='Labor Rates'!AE8 -> 0 | AN8: =AL8*AM8 -> 0 | AO8: ='Labor Rates'!AF8 -> 0 | AP8: =(AL8+AN8)*AO8 -> 0 | AQ8: =ROUND(AJ8*AK8*(1+AM8)*(1+AO8),0) -> 0 | AS8: ='Labor Rates'!AI8 -> 0 | AT8: =AR8*AS8 -> 0 | AU8: ='Labor Rates'!AK8 -> 0 | AV8: =AT8*AU8 -> 0 | AW8: ='Labor Rates'!AL8 -> 0 | AX8: =(AT8+AV8)*AW8 -> 0 | AY8: =ROUND(AR8*AS8*(1+AU8)*(1+AW8),0) -> 0 | AZ8: =D8+L8+T8+AB8+AJ8+AR8 -> 0 | BA8: =F8+N8+V8+AD8+AL8+AT8 -> 0 | BB8: =K8+S8+AA8+AI8+AQ8+AY8 -> 0
B9: =IF(ISBLANK('Labor Rates'!C9),"",'Labor Rates'!C9) | C9: =IF(ISBLANK('Labor Rates'!D9),"",'Labor Rates'!D9) | E9: ='Labor Rates'!E9 -> 0 | F9: =D9*E9 -> 0 | G9: ='Labor Rates'!G9 -> 0 | H9: =F9*G9 -> 0 | I9: ='Labor Rates'!H9 -> 0 | J9: =(F9+H9)*I9 -> 0 | K9: =F9+H9+J9 -> 0 | M9: ='Labor Rates'!K9 -> 0 | N9: =L9*M9 -> 0 | O9: ='Labor Rates'!M9 -> 0 | P9: =N9*O9 -> 0 | Q9: ='Labor Rates'!N9 -> 0 | R9: =(N9+P9)*Q9 -> 0 | S9: =ROUND(L9*M9*(1+O9)*(1+Q9),0) -> 0 | U9: ='Labor Rates'!Q9 -> 0 | V9: =T9*U9 -> 0 | W9: ='Labor Rates'!S9 -> 0 | X9: =V9*W9 -> 0 | Y9: ='Labor Rates'!T9 -> 0 | Z9: =(V9+X9)*Y9 -> 0 | AA9: =ROUND(T9*U9*(1+W9)*(1+Y9),0) -> 0 | AC9: ='Labor Rates'!W9 -> 0 | AD9: =AB9*AC9 -> 0 | AE9: ='Labor Rates'!Y9 -> 0 | AF9: =AD9*AE9 -> 0 | AG9: ='Labor Rates'!Z9 -> 0 | AH9: =(AD9+AF9)*AG9 -> 0 | AI9: =ROUND(AB9*AC9*(1+AE9)*(1+AG9),0) -> 0 | AK9: ='Labor Rates'!AC9 -> 0 | AL9: =AJ9*AK9 -> 0 | AM9: ='Labor Rates'!AE9 -> 0 | AN9: =AL9*AM9 -> 0 | AO9: ='Labor Rates'!AF9 -> 0 | AP9: =(AL9+AN9)*AO9 -> 0 | AQ9: =ROUND(AJ9*AK9*(1+AM9)*(1+AO9),0) -> 0 | AS9: ='Labor Rates'!AI9 -> 0 | AT9: =AR9*AS9 -> 0 | AU9: ='Labor Rates'!AK9 -> 0 | AV9: =AT9*AU9 -> 0 | AW9: ='Labor Rates'!AL9 -> 0 | AX9: =(AT9+AV9)*AW9 -> 0 | AY9: =ROUND(AR9*AS9*(1+AU9)*(1+AW9),0) -> 0 | AZ9: =D9+L9+T9+AB9+AJ9+AR9 -> 0 | BA9: =F9+N9+V9+AD9+AL9+AT9 -> 0 | BB9: =K9+S9+AA9+AI9+AQ9+AY9 -> 0
B10: =IF(ISBLANK('Labor Rates'!C10),"",'Labor Rates'!C10) | C10: =IF(ISBLANK('Labor Rates'!D10),"",'Labor Rates'!D10) | E10: ='Labor Rates'!E10 -> 0 | F10: =D10*E10 -> 0 | G10: ='Labor Rates'!G10 -> 0 | H10: =F10*G10 -> 0 | I10: ='Labor Rates'!H10 -> 0 | J10: =(F10+H10)*I10 -> 0 | K10: =F10+H10+J10 -> 0 | M10: ='Labor Rates'!K10 -> 0 | N10: =L10*M10 -> 0 | O10: ='Labor Rates'!M10 -> 0 | P10: =N10*O10 -> 0 | Q10: ='Labor Rates'!N10 -> 0 | R10: =(N10+P10)*Q10 -> 0 | S10: =ROUND(L10*M10*(1+O10)*(1+Q10),0) -> 0 | U10: ='Labor Rates'!Q10 -> 0 | V10: =T10*U10 -> 0 | W10: ='Labor Rates'!S10 -> 0 | X10: =V10*W10 -> 0 | Y10: ='Labor Rates'!T10 -> 0 | Z10: =(V10+X10)*Y10 -> 0 | AA10: =ROUND(T10*U10*(1+W10)*(1+Y10),0) -> 0 | AC10: ='Labor Rates'!W10 -> 0 | AD10: =AB10*AC10 -> 0 | AE10: ='Labor Rates'!Y10 -> 0 | AF10: =AD10*AE10 -> 0 | AG10: ='Labor Rates'!Z10 -> 0 | AH10: =(AD10+AF10)*AG10 -> 0 | AI10: =ROUND(AB10*AC10*(1+AE10)*(1+AG10),0) -> 0 | AK10: ='Labor Rates'!AC10 -> 0 | AL10: =AJ10*AK10 -> 0 | AM10: ='Labor Rates'!AE10 -> 0 | AN10: =AL10*AM10 -> 0 | AO10: ='Labor Rates'!AF10 -> 0 | AP10: =(AL10+AN10)*AO10 -> 0 | AQ10: =ROUND(AJ10*AK10*(1+AM10)*(1+AO10),0) -> 0 | AS10: ='Labor Rates'!AI10 -> 0 | AT10: =AR10*AS10 -> 0 | AU10: ='Labor Rates'!AK10 -> 0 | AV10: =AT10*AU10 -> 0 | AW10: ='Labor Rates'!AL10 -> 0 | AX10: =(AT10+AV10)*AW10 -> 0 | AY10: =ROUND(AR10*AS10*(1+AU10)*(1+AW10),0) -> 0 | AZ10: =D10+L10+T10+AB10+AJ10+AR10 -> 0 | BA10: =F10+N10+V10+AD10+AL10+AT10 -> 0 | BB10: =K10+S10+AA10+AI10+AQ10+AY10 -> 0
B11: =IF(ISBLANK('Labor Rates'!C11),"",'Labor Rates'!C11) | C11: =IF(ISBLANK('Labor Rates'!D11),"",'Labor Rates'!D11) | E11: ='Labor Rates'!E11 -> 0 | F11: =D11*E11 -> 0 | G11: ='Labor Rates'!G11 -> 0 | H11: =F11*G11 -> 0 | I11: ='Labor Rates'!H11 -> 0 | J11: =(F11+H11)*I11 -> 0 | K11: =F11+H11+J11 -> 0 | M11: ='Labor Rates'!K11 -> 0 | N11: =L11*M11 -> 0 | O11: ='Labor Rates'!M11 -> 0 | P11: =N11*O11 -> 0 | Q11: ='Labor Rates'!N11 -> 0 | R11: =(N11+P11)*Q11 -> 0 | S11: =ROUND(L11*M11*(1+O11)*(1+Q11),0) -> 0 | U11: ='Labor Rates'!Q11 -> 0 | V11: =T11*U11 -> 0 | W11: ='Labor Rates'!S11 -> 0 | X11: =V11*W11 -> 0 | Y11: ='Labor Rates'!T11 -> 0 | Z11: =(V11+X11)*Y11 -> 0 | AA11: =ROUND(T11*U11*(1+W11)*(1+Y11),0) -> 0 | AC11: ='Labor Rates'!W11 -> 0 | AD11: =AB11*AC11 -> 0 | AE11: ='Labor Rates'!Y11 -> 0 | AF11: =AD11*AE11 -> 0 | AG11: ='Labor Rates'!Z11 -> 0 | AH11: =(AD11+AF11)*AG11 -> 0 | AI11: =ROUND(AB11*AC11*(1+AE11)*(1+AG11),0) -> 0 | AK11: ='Labor Rates'!AC11 -> 0 | AL11: =AJ11*AK11 -> 0 | AM11: ='Labor Rates'!AE11 -> 0 | AN11: =AL11*AM11 -> 0 | AO11: ='Labor Rates'!AF11 -> 0 | AP11: =(AL11+AN11)*AO11 -> 0 | AQ11: =ROUND(AJ11*AK11*(1+AM11)*(1+AO11),0) -> 0 | AS11: ='Labor Rates'!AI11 -> 0 | AT11: =AR11*AS11 -> 0 | AU11: ='Labor Rates'!AK11 -> 0 | AV11: =AT11*AU11 -> 0 | AW11: ='Labor Rates'!AL11 -> 0 | AX11: =(AT11+AV11)*AW11 -> 0 | AY11: =ROUND(AR11*AS11*(1+AU11)*(1+AW11),0) -> 0 | AZ11: =D11+L11+T11+AB11+AJ11+AR11 -> 0 | BA11: =F11+N11+V11+AD11+AL11+AT11 -> 0 | BB11: =K11+S11+AA11+AI11+AQ11+AY11 -> 0
B12: =IF(ISBLANK('Labor Rates'!C12),"",'Labor Rates'!C12) | C12: =IF(ISBLANK('Labor Rates'!D12),"",'Labor Rates'!D12) | E12: ='Labor Rates'!E12 -> 0 | F12: =D12*E12 -> 0 | G12: ='Labor Rates'!G12 -> 0 | H12: =F12*G12 -> 0 | I12: ='Labor Rates'!H12 -> 0 | J12: =(F12+H12)*I12 -> 0 | K12: =F12+H12+J12 -> 0 | M12: ='Labor Rates'!K12 -> 0 | N12: =L12*M12 -> 0 | O12: ='Labor Rates'!M12 -> 0 | P12: =N12*O12 -> 0 | Q12: ='Labor Rates'!N12 -> 0 | R12: =(N12+P12)*Q12 -> 0 | S12: =ROUND(L12*M12*(1+O12)*(1+Q12),0) -> 0 | U12: ='Labor Rates'!Q12 -> 0 | V12: =T12*U12 -> 0 | W12: ='Labor Rates'!S12 -> 0 | X12: =V12*W12 -> 0 | Y12: ='Labor Rates'!T12 -> 0 | Z12: =(V12+X12)*Y12 -> 0 | AA12: =ROUND(T12*U12*(1+W12)*(1+Y12),0) -> 0 | AC12: ='Labor Rates'!W12 -> 0 | AD12: =AB12*AC12 -> 0 | AE12: ='Labor Rates'!Y12 -> 0 | AF12: =AD12*AE12 -> 0 | AG12: ='Labor Rates'!Z12 -> 0 | AH12: =(AD12+AF12)*AG12 -> 0 | AI12: =ROUND(AB12*AC12*(1+AE12)*(1+AG12),0) -> 0 | AK12: ='Labor Rates'!AC12 -> 0 | AL12: =AJ12*AK12 -> 0 | AM12: ='Labor Rates'!AE12 -> 0 | AN12: =AL12*AM12 -> 0 | AO12: ='Labor Rates'!AF12 -> 0 | AP12: =(AL12+AN12)*AO12 -> 0 | AQ12: =ROUND(AJ12*AK12*(1+AM12)*(1+AO12),0) -> 0 | AS12: ='Labor Rates'!AI12 -> 0 | AT12: =AR12*AS12 -> 0 | AU12: ='Labor Rates'!AK12 -> 0 | AV12: =AT12*AU12 -> 0 | AW12: ='Labor Rates'!AL12 -> 0 | AX12: =(AT12+AV12)*AW12 -> 0 | AY12: =ROUND(AR12*AS12*(1+AU12)*(1+AW12),0) -> 0 | AZ12: =D12+L12+T12+AB12+AJ12+AR12 -> 0 | BA12: =F12+N12+V12+AD12+AL12+AT12 -> 0 | BB12: =K12+S12+AA12+AI12+AQ12+AY12 -> 0
B13: =IF(ISBLANK('Labor Rates'!C13),"",'Labor Rates'!C13) | C13: =IF(ISBLANK('Labor Rates'!D13),"",'Labor Rates'!D13) | E13: ='Labor Rates'!E13 -> 0 | F13: =D13*E13 -> 0 | G13: ='Labor Rates'!G13 -> 0 | H13: =F13*G13 -> 0 | I13: ='Labor Rates'!H13 -> 0 | J13: =(F13+H13)*I13 -> 0 | K13: =F13+H13+J13 -> 0 | M13: ='Labor Rates'!K13 -> 0 | N13: =L13*M13 -> 0 | O13: ='Labor Rates'!M13 -> 0 | P13: =N13*O13 -> 0 | Q13: ='Labor Rates'!N13 -> 0 | R13: =(N13+P13)*Q13 -> 0 | S13: =ROUND(L13*M13*(1+O13)*(1+Q13),0) -> 0 | U13: ='Labor Rates'!Q13 -> 0 | V13: =T13*U13 -> 0 | W13: ='Labor Rates'!S13 -> 0 | X13: =V13*W13 -> 0 | Y13: ='Labor Rates'!T13 -> 0 | Z13: =(V13+X13)*Y13 -> 0 | AA13: =ROUND(T13*U13*(1+W13)*(1+Y13),0) -> 0 | AC13: ='Labor Rates'!W13 -> 0 | AD13: =AB13*AC13 -> 0 | AE13: ='Labor Rates'!Y13 -> 0 | AF13: =AD13*AE13 -> 0 | AG13: ='Labor Rates'!Z13 -> 0 | AH13: =(AD13+AF13)*AG13 -> 0 | AI13: =ROUND(AB13*AC13*(1+AE13)*(1+AG13),0) -> 0 | AK13: ='Labor Rates'!AC13 -> 0 | AL13: =AJ13*AK13 -> 0 | AM13: ='Labor Rates'!AE13 -> 0 | AN13: =AL13*AM13 -> 0 | AO13: ='Labor Rates'!AF13 -> 0 | AP13: =(AL13+AN13)*AO13 -> 0 | AQ13: =ROUND(AJ13*AK13*(1+AM13)*(1+AO13),0) -> 0 | AS13: ='Labor Rates'!AI13 -> 0 | AT13: =AR13*AS13 -> 0 | AU13: ='Labor Rates'!AK13 -> 0 | AV13: =AT13*AU13 -> 0 | AW13: ='Labor Rates'!AL13 -> 0 | AX13: =(AT13+AV13)*AW13 -> 0 | AY13: =ROUND(AR13*AS13*(1+AU13)*(1+AW13),0) -> 0 | AZ13: =D13+L13+T13+AB13+AJ13+AR13 -> 0 | BA13: =F13+N13+V13+AD13+AL13+AT13 -> 0 | BB13: =K13+S13+AA13+AI13+AQ13+AY13 -> 0
B14: =IF(ISBLANK('Labor Rates'!C14),"",'Labor Rates'!C14) | C14: =IF(ISBLANK('Labor Rates'!D14),"",'Labor Rates'!D14) | E14: ='Labor Rates'!E14 -> 0 | F14: =D14*E14 -> 0 | G14: ='Labor Rates'!G14 -> 0 | H14: =F14*G14 -> 0 | I14: ='Labor Rates'!H14 -> 0 | J14: =(F14+H14)*I14 -> 0 | K14: =F14+H14+J14 -> 0 | M14: ='Labor Rates'!K14 -> 0 | N14: =L14*M14 -> 0 | O14: ='Labor Rates'!M14 -> 0 | P14: =N14*O14 -> 0 | Q14: ='Labor Rates'!N14 -> 0 | R14: =(N14+P14)*Q14 -> 0 | S14: =ROUND(L14*M14*(1+O14)*(1+Q14),0) -> 0 | U14: ='Labor Rates'!Q14 -> 0 | V14: =T14*U14 -> 0 | W14: ='Labor Rates'!S14 -> 0 | X14: =V14*W14 -> 0 | Y14: ='Labor Rates'!T14 -> 0 | Z14: =(V14+X14)*Y14 -> 0 | AA14: =ROUND(T14*U14*(1+W14)*(1+Y14),0) -> 0 | AC14: ='Labor Rates'!W14 -> 0 | AD14: =AB14*AC14 -> 0 | AE14: ='Labor Rates'!Y14 -> 0 | AF14: =AD14*AE14 -> 0 | AG14: ='Labor Rates'!Z14 -> 0 | AH14: =(AD14+AF14)*AG14 -> 0 | AI14: =ROUND(AB14*AC14*(1+AE14)*(1+AG14),0) -> 0 | AK14: ='Labor Rates'!AC14 -> 0 | AL14: =AJ14*AK14 -> 0 | AM14: ='Labor Rates'!AE14 -> 0 | AN14: =AL14*AM14 -> 0 | AO14: ='Labor Rates'!AF14 -> 0 | AP14: =(AL14+AN14)*AO14 -> 0 | AQ14: =ROUND(AJ14*AK14*(1+AM14)*(1+AO14),0) -> 0 | AS14: ='Labor Rates'!AI14 -> 0 | AT14: =AR14*AS14 -> 0 | AU14: ='Labor Rates'!AK14 -> 0 | AV14: =AT14*AU14 -> 0 | AW14: ='Labor Rates'!AL14 -> 0 | AX14: =(AT14+AV14)*AW14 -> 0 | AY14: =ROUND(AR14*AS14*(1+AU14)*(1+AW14),0) -> 0 | AZ14: =D14+L14+T14+AB14+AJ14+AR14 -> 0 | BA14: =F14+N14+V14+AD14+AL14+AT14 -> 0 | BB14: =K14+S14+AA14+AI14+AQ14+AY14 -> 0
B15: =IF(ISBLANK('Labor Rates'!C15),"",'Labor Rates'!C15) | C15: =IF(ISBLANK('Labor Rates'!D15),"",'Labor Rates'!D15) | E15: ='Labor Rates'!E15 -> 0 | F15: =D15*E15 -> 0 | G15: ='Labor Rates'!G15 -> 0 | H15: =F15*G15 -> 0 | I15: ='Labor Rates'!H15 -> 0 | J15: =(F15+H15)*I15 -> 0 | K15: =F15+H15+J15 -> 0 | M15: ='Labor Rates'!K15 -> 0 | N15: =L15*M15 -> 0 | O15: ='Labor Rates'!M15 -> 0 | P15: =N15*O15 -> 0 | Q15: ='Labor Rates'!N15 -> 0 | R15: =(N15+P15)*Q15 -> 0 | S15: =ROUND(L15*M15*(1+O15)*(1+Q15),0) -> 0 | U15: ='Labor Rates'!Q15 -> 0 | V15: =T15*U15 -> 0 | W15: ='Labor Rates'!S15 -> 0 | X15: =V15*W15 -> 0 | Y15: ='Labor Rates'!T15 -> 0 | Z15: =(V15+X15)*Y15 -> 0 | AA15: =ROUND(T15*U15*(1+W15)*(1+Y15),0) -> 0 | AC15: ='Labor Rates'!W15 -> 0 | AD15: =AB15*AC15 -> 0 | AE15: ='Labor Rates'!Y15 -> 0 | AF15: =AD15*AE15 -> 0 | AG15: ='Labor Rates'!Z15 -> 0 | AH15: =(AD15+AF15)*AG15 -> 0 | AI15: =ROUND(AB15*AC15*(1+AE15)*(1+AG15),0) -> 0 | AK15: ='Labor Rates'!AC15 -> 0 | AL15: =AJ15*AK15 -> 0 | AM15: ='Labor Rates'!AE15 -> 0 | AN15: =AL15*AM15 -> 0 | AO15: ='Labor Rates'!AF15 -> 0 | AP15: =(AL15+AN15)*AO15 -> 0 | AQ15: =ROUND(AJ15*AK15*(1+AM15)*(1+AO15),0) -> 0 | AS15: ='Labor Rates'!AI15 -> 0 | AT15: =AR15*AS15 -> 0 | AU15: ='Labor Rates'!AK15 -> 0 | AV15: =AT15*AU15 -> 0 | AW15: ='Labor Rates'!AL15 -> 0 | AX15: =(AT15+AV15)*AW15 -> 0 | AY15: =ROUND(AR15*AS15*(1+AU15)*(1+AW15),0) -> 0 | AZ15: =D15+L15+T15+AB15+AJ15+AR15 -> 0 | BA15: =F15+N15+V15+AD15+AL15+AT15 -> 0 | BB15: =K15+S15+AA15+AI15+AQ15+AY15 -> 0
B16: =IF(ISBLANK('Labor Rates'!C16),"",'Labor Rates'!C16) | C16: =IF(ISBLANK('Labor Rates'!D16),"",'Labor Rates'!D16) | E16: ='Labor Rates'!E16 -> 0 | F16: =D16*E16 -> 0 | G16: ='Labor Rates'!G16 -> 0 | H16: =F16*G16 -> 0 | I16: ='Labor Rates'!H16 -> 0 | J16: =(F16+H16)*I16 -> 0 | K16: =F16+H16+J16 -> 0 | M16: ='Labor Rates'!K16 -> 0 | N16: =L16*M16 -> 0 | O16: ='Labor Rates'!M16 -> 0 | P16: =N16*O16 -> 0 | Q16: ='Labor Rates'!N16 -> 0 | R16: =(N16+P16)*Q16 -> 0 | S16: =ROUND(L16*M16*(1+O16)*(1+Q16),0) -> 0 | U16: ='Labor Rates'!Q16 -> 0 | V16: =T16*U16 -> 0 | W16: ='Labor Rates'!S16 -> 0 | X16: =V16*W16 -> 0 | Y16: ='Labor Rates'!T16 -> 0 | Z16: =(V16+X16)*Y16 -> 0 | AA16: =ROUND(T16*U16*(1+W16)*(1+Y16),0) -> 0 | AC16: ='Labor Rates'!W16 -> 0 | AD16: =AB16*AC16 -> 0 | AE16: ='Labor Rates'!Y16 -> 0 | AF16: =AD16*AE16 -> 0 | AG16: ='Labor Rates'!Z16 -> 0 | AH16: =(AD16+AF16)*AG16 -> 0 | AI16: =ROUND(AB16*AC16*(1+AE16)*(1+AG16),0) -> 0 | AK16: ='Labor Rates'!AC16 -> 0 | AL16: =AJ16*AK16 -> 0 | AM16: ='Labor Rates'!AE16 -> 0 | AN16: =AL16*AM16 -> 0 | AO16: ='Labor Rates'!AF16 -> 0 | AP16: =(AL16+AN16)*AO16 -> 0 | AQ16: =ROUND(AJ16*AK16*(1+AM16)*(1+AO16),0) -> 0 | AS16: ='Labor Rates'!AI16 -> 0 | AT16: =AR16*AS16 -> 0 | AU16: ='Labor Rates'!AK16 -> 0 | AV16: =AT16*AU16 -> 0 | AW16: ='Labor Rates'!AL16 -> 0 | AX16: =(AT16+AV16)*AW16 -> 0 | AY16: =ROUND(AR16*AS16*(1+AU16)*(1+AW16),0) -> 0 | AZ16: =D16+L16+T16+AB16+AJ16+AR16 -> 0 | BA16: =F16+N16+V16+AD16+AL16+AT16 -> 0 | BB16: =K16+S16+AA16+AI16+AQ16+AY16 -> 0
B17: =IF(ISBLANK('Labor Rates'!C17),"",'Labor Rates'!C17) | C17: =IF(ISBLANK('Labor Rates'!D17),"",'Labor Rates'!D17) | E17: ='Labor Rates'!E17 -> 0 | F17: =D17*E17 -> 0 | G17: ='Labor Rates'!G17 -> 0 | H17: =F17*G17 -> 0 | I17: ='Labor Rates'!H17 -> 0 | J17: =(F17+H17)*I17 -> 0 | K17: =F17+H17+J17 -> 0 | M17: ='Labor Rates'!K17 -> 0 | N17: =L17*M17 -> 0 | O17: ='Labor Rates'!M17 -> 0 | P17: =N17*O17 -> 0 | Q17: ='Labor Rates'!N17 -> 0 | R17: =(N17+P17)*Q17 -> 0 | S17: =ROUND(L17*M17*(1+O17)*(1+Q17),0) -> 0 | U17: ='Labor Rates'!Q17 -> 0 | V17: =T17*U17 -> 0 | W17: ='Labor Rates'!S17 -> 0 | X17: =V17*W17 -> 0 | Y17: ='Labor Rates'!T17 -> 0 | Z17: =(V17+X17)*Y17 -> 0 | AA17: =ROUND(T17*U17*(1+W17)*(1+Y17),0) -> 0 | AC17: ='Labor Rates'!W17 -> 0 | AD17: =AB17*AC17 -> 0 | AE17: ='Labor Rates'!Y17 -> 0 | AF17: =AD17*AE17 -> 0 | AG17: ='Labor Rates'!Z17 -> 0 | AH17: =(AD17+AF17)*AG17 -> 0 | AI17: =ROUND(AB17*AC17*(1+AE17)*(1+AG17),0) -> 0 | AK17: ='Labor Rates'!AC17 -> 0 | AL17: =AJ17*AK17 -> 0 | AM17: ='Labor Rates'!AE17 -> 0 | AN17: =AL17*AM17 -> 0 | AO17: ='Labor Rates'!AF17 -> 0 | AP17: =(AL17+AN17)*AO17 -> 0 | AQ17: =ROUND(AJ17*AK17*(1+AM17)*(1+AO17),0) -> 0 | AS17: ='Labor Rates'!AI17 -> 0 | AT17: =AR17*AS17 -> 0 | AU17: ='Labor Rates'!AK17 -> 0 | AV17: =AT17*AU17 -> 0 | AW17: ='Labor Rates'!AL17 -> 0 | AX17: =(AT17+AV17)*AW17 -> 0 | AY17: =ROUND(AR17*AS17*(1+AU17)*(1+AW17),0) -> 0 | AZ17: =D17+L17+T17+AB17+AJ17+AR17 -> 0 | BA17: =F17+N17+V17+AD17+AL17+AT17 -> 0 | BB17: =K17+S17+AA17+AI17+AQ17+AY17 -> 0
B18: =IF(ISBLANK('Labor Rates'!C18),"",'Labor Rates'!C18) | C18: =IF(ISBLANK('Labor Rates'!D18),"",'Labor Rates'!D18) | E18: ='Labor Rates'!E18 -> 0 | F18: =D18*E18 -> 0 | G18: ='Labor Rates'!G18 -> 0 | H18: =F18*G18 -> 0 | I18: ='Labor Rates'!H18 -> 0 | J18: =(F18+H18)*I18 -> 0 | K18: =F18+H18+J18 -> 0 | M18: ='Labor Rates'!K18 -> 0 | N18: =L18*M18 -> 0 | O18: ='Labor Rates'!M18 -> 0 | P18: =N18*O18 -> 0 | Q18: ='Labor Rates'!N18 -> 0 | R18: =(N18+P18)*Q18 -> 0 | S18: =ROUND(L18*M18*(1+O18)*(1+Q18),0) -> 0 | U18: ='Labor Rates'!Q18 -> 0 | V18: =T18*U18 -> 0 | W18: ='Labor Rates'!S18 -> 0 | X18: =V18*W18 -> 0 | Y18: ='Labor Rates'!T18 -> 0 | Z18: =(V18+X18)*Y18 -> 0 | AA18: =ROUND(T18*U18*(1+W18)*(1+Y18),0) -> 0 | AC18: ='Labor Rates'!W18 -> 0 | AD18: =AB18*AC18 -> 0 | AE18: ='Labor Rates'!Y18 -> 0 | AF18: =AD18*AE18 -> 0 | AG18: ='Labor Rates'!Z18 -> 0 | AH18: =(AD18+AF18)*AG18 -> 0 | AI18: =ROUND(AB18*AC18*(1+AE18)*(1+AG18),0) -> 0 | AK18: ='Labor Rates'!AC18 -> 0 | AL18: =AJ18*AK18 -> 0 | AM18: ='Labor Rates'!AE18 -> 0 | AN18: =AL18*AM18 -> 0 | AO18: ='Labor Rates'!AF18 -> 0 | AP18: =(AL18+AN18)*AO18 -> 0 | AQ18: =ROUND(AJ18*AK18*(1+AM18)*(1+AO18),0) -> 0 | AS18: ='Labor Rates'!AI18 -> 0 | AT18: =AR18*AS18 -> 0 | AU18: ='Labor Rates'!AK18 -> 0 | AV18: =AT18*AU18 -> 0 | AW18: ='Labor Rates'!AL18 -> 0 | AX18: =(AT18+AV18)*AW18 -> 0 | AY18: =ROUND(AR18*AS18*(1+AU18)*(1+AW18),0) -> 0 | AZ18: =D18+L18+T18+AB18+AJ18+AR18 -> 0 | BA18: =F18+N18+V18+AD18+AL18+AT18 -> 0 | BB18: =K18+S18+AA18+AI18+AQ18+AY18 -> 0
B19: =IF(ISBLANK('Labor Rates'!C19),"",'Labor Rates'!C19) | C19: =IF(ISBLANK('Labor Rates'!D19),"",'Labor Rates'!D19) | E19: ='Labor Rates'!E19 -> 0 | F19: =D19*E19 -> 0 | G19: ='Labor Rates'!G19 -> 0 | H19: =F19*G19 -> 0 | I19: ='Labor Rates'!H19 -> 0 | J19: =(F19+H19)*I19 -> 0 | K19: =F19+H19+J19 -> 0 | M19: ='Labor Rates'!K19 -> 0 | N19: =L19*M19 -> 0 | O19: ='Labor Rates'!M19 -> 0 | P19: =N19*O19 -> 0 | Q19: ='Labor Rates'!N19 -> 0 | R19: =(N19+P19)*Q19 -> 0 | S19: =ROUND(L19*M19*(1+O19)*(1+Q19),0) -> 0 | U19: ='Labor Rates'!Q19 -> 0 | V19: =T19*U19 -> 0 | W19: ='Labor Rates'!S19 -> 0 | X19: =V19*W19 -> 0 | Y19: ='Labor Rates'!T19 -> 0 | Z19: =(V19+X19)*Y19 -> 0 | AA19: =ROUND(T19*U19*(1+W19)*(1+Y19),0) -> 0 | AC19: ='Labor Rates'!W19 -> 0 | AD19: =AB19*AC19 -> 0 | AE19: ='Labor Rates'!Y19 -> 0 | AF19: =AD19*AE19 -> 0 | AG19: ='Labor Rates'!Z19 -> 0 | AH19: =(AD19+AF19)*AG19 -> 0 | AI19: =ROUND(AB19*AC19*(1+AE19)*(1+AG19),0) -> 0 | AK19: ='Labor Rates'!AC19 -> 0 | AL19: =AJ19*AK19 -> 0 | AM19: ='Labor Rates'!AE19 -> 0 | AN19: =AL19*AM19 -> 0 | AO19: ='Labor Rates'!AF19 -> 0 | AP19: =(AL19+AN19)*AO19 -> 0 | AQ19: =ROUND(AJ19*AK19*(1+AM19)*(1+AO19),0) -> 0 | AS19: ='Labor Rates'!AI19 -> 0 | AT19: =AR19*AS19 -> 0 | AU19: ='Labor Rates'!AK19 -> 0 | AV19: =AT19*AU19 -> 0 | AW19: ='Labor Rates'!AL19 -> 0 | AX19: =(AT19+AV19)*AW19 -> 0 | AY19: =ROUND(AR19*AS19*(1+AU19)*(1+AW19),0) -> 0 | AZ19: =D19+L19+T19+AB19+AJ19+AR19 -> 0 | BA19: =F19+N19+V19+AD19+AL19+AT19 -> 0 | BB19: =K19+S19+AA19+AI19+AQ19+AY19 -> 0
... B31: =IF(ISBLANK('Labor Rates'!C31),"",'Labor Rates'!C31) | C31: =IF(ISBLANK('Labor Rates'!D31),"",'Labor Rates'!D31) | E31: ='Labor Rates'!E31 -> 0 | F31: =D31*E31 -> 0 | G31: ='Labor Rates'!G31 -> 0 | H31: =F31*G31 -> 0 | I31: ='Labor Rates'!H31 -> 0 | J31: =(F31+H31)*I31 -> 0 | K31: =F31+H31+J31 -> 0 | M31: ='Labor Rates'!K31 -> 0 | N31: =L31*M31 -> 0 | O31: ='Labor Rates'!M31 -> 0 | P31: =N31*O31 -> 0 | Q31: ='Labor Rates'!N31 -> 0 | R31: =(N31+P31)*Q31 -> 0 | S31: =ROUND(L31*M31*(1+O31)*(1+Q31),0) -> 0 | U31: ='Labor Rates'!Q31 -> 0 | V31: =T31*U31 -> 0 | W31: ='Labor Rates'!S31 -> 0 | X31: =V31*W31 -> 0 | Y31: ='Labor Rates'!T31 -> 0 | Z31: =(V31+X31)*Y31 -> 0 | AA31: =ROUND(T31*U31*(1+W31)*(1+Y31),0) -> 0 | AC31: ='Labor Rates'!W31 -> 0 | AD31: =AB31*AC31 -> 0 | AE31: ='Labor Rates'!Y31 -> 0 | AF31: =AD31*AE31 -> 0 | AG31: ='Labor Rates'!Z31 -> 0 | AH31: =(AD31+AF31)*AG31 -> 0 | AI31: =ROUND(AB31*AC31*(1+AE31)*(1+AG31),0) -> 0 | AK31: ='Labor Rates'!AC31 -> 0 | AL31: =AJ31*AK31 -> 0 | AM31: ='Labor Rates'!AE31 -> 0 | AN31: =AL31*AM31 -> 0 | AO31: ='Labor Rates'!AF31 -> 0 | AP31: =(AL31+AN31)*AO31 -> 0 | AQ31: =ROUND(AJ31*AK31*(1+AM31)*(1+AO31),0) -> 0 | AS31: ='Labor Rates'!AI31 -> 0 | AT31: =AR31*AS31 -> 0 | AU31: ='Labor Rates'!AK31 -> 0 | AV31: =AT31*AU31 -> 0 | AW31: ='Labor Rates'!AL31 -> 0 | AX31: =(AT31+AV31)*AW31 -> 0 | AY31: =ROUND(AR31*AS31*(1+AU31)*(1+AW31),0) -> 0 | AZ31: =D31+L31+T31+AB31+AJ31+AR31 -> 0 | BA31: =F31+N31+V31+AD31+AL31+AT31 -> 0 | BB31: =K31+S31+AA31+AI31+AQ31+AY31 -> 0
B32: Total Direct Labor Hours/Costs | D32: =SUM(D8:D31) -> 0 | F32: =SUM(F8:F31) -> 0 | L32: =SUM(L8:L31) -> 0 | N32: =SUM(N8:N31) -> 0 | T32: =SUM(T8:T31) -> 0 | V32: =SUM(V8:V31) -> 0 | AB32: =SUM(AB8:AB31) -> 0 | AD32: =SUM(AD8:AD31) -> 0 | AJ32: =SUM(AJ8:AJ31) -> 0 | AL32: =SUM(AL8:AL31) -> 0 | AR32: =SUM(AR8:AR31) -> 0 | AT32: =SUM(AT8:AT31) -> 0 | AZ32: =SUM(AZ8:AZ31) -> 0 | BA32: =F32+N32+V32+AD32+AL32+AT32 -> 0 | BB32: =SUM(BB8:BB31) -> 0
B33: Fringe Benefit Cost from Direct Labor Above | H33: =SUM(H8:H31) -> 0 | K33: =H33 -> 0 | P33: =SUM(P8:P31) -> 0 | S33: =P33 -> 0 | X33: =SUM(X8:X31) -> 0 | AA33: =X33 -> 0 | AF33: =SUM(AF8:AF31) -> 0 | AI33: =AF33 -> 0 | AN33: =SUM(AN8:AN31) -> 0 | AQ33: =AN33 -> 0 | AV33: =SUM(AV8:AV31) -> 0 | AY33: =AV33 -> 0 | BA33: =K33+S33+AA33+AI33+AQ33+AY33 -> 0
B34: =Base!B34 -> Insert line(s) & title(s) for any other F/B rates | D34: =F32 -> 0 | E34: 0 | K34: =D34*E34 -> 0 | L34: =N32 -> 0 | S34: =L34*M34 -> 0 | T34: =V32 -> 0 | AA34: =T34*U34 -> 0 | AB34: =AD32 -> 0 | AI34: =AB34*AC34 -> 0 | AJ34: =AL32 -> 0 | AQ34: =AJ34*AK34 -> 0 | AR34: =AT32 -> 0 | AY34: =AR34*AS34 -> 0 | BA34: =K34+S34+AA34+AI34+AQ34+AY34 -> 0
B35: Total Fringe Benefit Costs | K35: =SUM(K33:K34) -> 0 | S35: =SUM(S33:S34) -> 0 | AA35: =SUM(AA33:AA34) -> 0 | AI35: =SUM(AI33:AI34) -> 0 | AQ35: =SUM(AQ33:AQ34) -> 0 | AY35: =SUM(AY33:AY34) -> 0 | BA35: =SUM(D35:AY35) -> 0
B36: Labor Overhead from Direct Labor and FB Above | J36: =SUM(J8:J31) -> 0 | K36: =J36 -> 0 | R36: =SUM(R8:R31) -> 0 | S36: =R36 -> 0 | Z36: =SUM(Z8:Z31) -> 0 | AA36: =Z36 -> 0 | AH36: =SUM(AH8:AH31) -> 0 | AI36: =AH36 -> 0 | AP36: =SUM(AP8:AP31) -> 0 | AQ36: =AP36 -> 0 | AX36: =SUM(AX8:AX31) -> 0 | AY36: =AX36 -> 0 | BA36: =K36+S36+AA36+AI36+AQ36+AY36 -> 0
B37: =Base!B37 -> Insert line(s) & title(s) for any other O/H rates | D37: =F32+K35 -> 0 | E37: 0 | K37: =D37*E37 -> 0 | L37: =N32+S35 -> 0 | S37: =L37*M37 -> 0 | T37: =V32+AA35 -> 0 | AA37: =T37*U37 -> 0 | AB37: =AD32+AI35 -> 0 | AI37: =AB37*AC37 -> 0 | AJ37: =AL32+AQ35 -> 0 | AQ37: =AJ37*AK37 -> 0 | AR37: =AT32+AY35 -> 0 | AY37: =AR37*AS37 -> 0 | BA37: =K37+S37+AA37+AI37+AQ37+AY37 -> 0
B38: Total Labor Overhead Costs | K38: =SUM(K36:K37) -> 0 | S38: =SUM(S36:S37) -> 0 | AA38: =SUM(AA36:AA37) -> 0 | AI38: =SUM(AI36:AI37) -> 0 | AQ38: =SUM(AQ36:AQ37) -> 0 | AY38: =SUM(AY36:AY37) -> 0 | BA38: =K38+S38+AA38+AI38+AQ38+AY38 -> 0
A39: Subcontracts/Interorganizational Transfer | C39: File/Tab Name or Link
B40: =Base!B40 -> Subcontract/Interorganizational Name - #01 | C40: Provide details in Subcontractor Tab | K40: 0 | S40: 0 | AA40: 0 | AI40: 0 | AQ40: 0 | AY40: 0 | BA40: =K40+S40+AA40+AI40+AQ40+AY40 -> 0
B41: =Base!B41 -> Subcontract/Interorganizational Name - #02 | C41: Provide details in Subcontractor Tab | S41: 0 | AA41: 0 | AI41: 0 | BA41: =K41+S41+AA41+AI41+AQ41+AY41 -> 0
B42: =Base!B42 -> Subcontract/Interorganizational Name - #03 | C42: Provide details in Subcontractor Tab | S42: 0 | AA42: 0 | AI42: 0 | BA42: =K42+S42+AA42+AI42+AQ42+AY42 -> 0
B43: =Base!B43 -> Insert line(s) for any additional Subcontractors/Interorganizational | C43: Provide details in Subcontractor Tab | S43: 0 | AA43: 0 | AI43: 0 | BA43: =K43+S43+AA43+AI43+AQ43+AY43 -> 0
B44: Total Subcontract Costs | K44: =SUM(K39:K43) -> 0 | S44: =SUM(S39:S43) -> 0 | AA44: =SUM(AA39:AA43) -> 0 | AI44: =SUM(AI39:AI43) -> 0 | AQ44: =SUM(AQ39:AQ43) -> 0 | AY44: =SUM(AY39:AY43) -> 0 | BA44: =K44+S44+AA44+AI44+AQ44+AY44 -> 0
A45: Consultants | D45: Hours | E45: Hourly Rate | L45: Hours | M45: Hourly Rate | T45: Hours | U45: Hourly Rate | AB45: Hours | AC45: Hourly Rate | AJ45: Hours | AK45: Hourly Rate | AR45: Hours | AS45: Hourly Rate | AZ45: Hours
B46: =Base!B46 -> Consultant Name - #01 | C46: Provide details in Consultant Tab | D46: 0 | E46: 0 | K46: =D46*E46 -> 0 | L46: 0 | M46: 0 | S46: =L46*M46 -> 0 | T46: 0 | U46: 0 | AA46: =T46*U46 -> 0 | AB46: 0 | AC46: 0 | AI46: =AB46*AC46 -> 0 | AJ46: 0 | AK46: 0 | AQ46: =AJ46*AK46 -> 0 | AR46: 0 | AS46: 0 | AY46: =AR46*AS46 -> 0 | AZ46: =SUM(D46,L46,T46,AB46,AJ46,AR46) -> 0 | BA46: =K46+S46+AA46+AI46+AQ46+AY46 -> 0
B47: =Base!B47 -> Consultant Name - #02 | C47: Provide details in Consultant Tab | K47: =D47*E47 -> 0 | S47: =L47*M47 -> 0 | AA47: =T47*U47 -> 0 | AI47: =AB47*AC47 -> 0 | AQ47: =AJ47*AK47 -> 0 | AY47: =AR47*AS47 -> 0 | AZ47: =SUM(D47,L47,T47,AB47,AJ47,AR47) -> 0 | BA47: =K47+S47+AA47+AI47+AQ47+AY47 -> 0
B48: =Base!B48 -> Consultant Name - #03 | C48: Provide details in Consultant Tab | K48: =D48*E48 -> 0 | S48: =L48*M48 -> 0 | AA48: =T48*U48 -> 0 | AI48: =AB48*AC48 -> 0 | AQ48: =AJ48*AK48 -> 0 | AY48: =AR48*AS48 -> 0 | AZ48: =SUM(D48,L48,T48,AB48,AJ48,AR48) -> 0 | BA48: =K48+S48+AA48+AI48+AQ48+AY48 -> 0
B49: =Base!B49 -> Insert line(s) for any additional Consultants | C49: Provide details in Consultant Tab | K49: =D49*E49 -> 0 | S49: =L49*M49 -> 0 | AA49: =T49*U49 -> 0 | AI49: =AB49*AC49 -> 0 | AQ49: =AJ49*AK49 -> 0 | AY49: =AR49*AS49 -> 0 | AZ49: =SUM(D49,L49,T49,AB49,AJ49,AR49) -> 0 | BA49: =K49+S49+AA49+AI49+AQ49+AY49 -> 0
B50: Total Consultant Costs | K50: =SUM(K45:K49) -> 0 | S50: =SUM(S45:S49) -> 0 | AA50: =SUM(AA45:AA49) -> 0 | AI50: =SUM(AI45:AI49) -> 0 | AQ50: =SUM(AQ45:AQ49) -> 0 | AY50: =SUM(AY45:AY49) -> 0 | AZ50: =SUM(AZ45:AZ49) -> 0 | BA50: =K50+S50+AA50+AI50+AQ50+AY50 -> 0
A51: Other Direct Costs
B52: =Base!B52 -> Materials/Supplies | C52: Provide details in Materials Tab | K52: 0 | S52: 0 | AA52: 0 | AI52: 0 | AQ52: 0 | AY52: 0 | BA52: =K52+S52+AA52+AI52+AQ52+AY52 -> 0
B53: =Base!B53 -> Equipment | C53: Provide details in Equip. Tab | K53: 0 | S53: 0 | AA53: 0 | AI53: 0 | BA53: =K53+S53+AA53+AI53+AQ53+AY53 -> 0
B54: =Base!B54 -> Travel | C54: Provide details in Travel Tab | K54: 0 | S54: 0 | AA54: 0 | AI54: 0 | BA54: =K54+S54+AA54+AI54+AQ54+AY54 -> 0
B55: =Base!B55 -> Insert line(s) for any other types of ODCs | C55: Provide details in ODC Tab | K55: 0 | S55: 0 | AA55: 0 | AI55: 0 | BA55: =K55+S55+AA55+AI55+AQ55+AY55 -> 0
B56: Total Other Direct Costs | K56: =SUM(K51:K55) -> 0 | S56: =SUM(S51:S55) -> 0 | AA56: =SUM(AA51:AA55) -> 0 | AI56: =SUM(AI51:AI55) -> 0 | AQ56: =SUM(AQ51:AQ55) -> 0 | AY56: =SUM(AY51:AY55) -> 0 | BA56: =K56+S56+AA56+AI56+AQ56+AY56 -> 0
A57: Material Handling (M/H O/H) (See Indirect Rates Worksheet) | D57: Base | E57: Rate | L57: Base | M57: Rate | T57: Base | U57: Rate | AB57: Base | AC57: Rate | AJ57: Base | AK57: Rate | AR57: Base | AS57: Rate
B58: =Base!B58 -> Insert M/H O/H rate title | D58: 0 | E58: 0 | K58: =D58*E58 -> 0 | L58: 0 | M58: 0 | S58: =L58*M58 -> 0 | T58: 0 | U58: 0 | AA58: =T58*U58 -> 0 | AB58: 0 | AC58: 0 | AI58: =AB58*AC58 -> 0 | AJ58: 0 | AK58: 0 | AQ58: =AJ58*AK58 -> 0 | AR58: 0 | AS58: 0 | AY58: =AR58*AS58 -> 0 | BA58: =K58+S58+AA58+AI58+AQ58+AY58 -> 0
B59: =Base!B59 -> Insert line(s) & title(s) for any other M/H O/H rates | K59: =D59*E59 -> 0 | S59: =L59*M59 -> 0 | AA59: =T59*U59 -> 0 | AI59: =AB59*AC59 -> 0 | AQ59: =AJ59*AK59 -> 0 | AY59: =AR59*AS59 -> 0 | BA59: =K59+S59+AA59+AI59+AQ59+AY59 -> 0
B60: Total Material Handling Costs | K60: =SUM(K57:K59) -> 0 | S60: =SUM(S57:S59) -> 0 | AA60: =SUM(AA57:AA59) -> 0 | AI60: =SUM(AI57:AI59) -> 0 | AQ60: =SUM(AQ57:AQ59) -> 0 | AY60: =SUM(AY57:AY59) -> 0 | BA60: =K60+S60+AA60+AI60+AQ60+AY60 -> 0
A61: Subtotal Costs | K61: =F32+K35+K38+K44+K50+K56+K60 -> 0 | S61: =N32+S35+S38+S44+S50+S56+S60 -> 0 | AA61: =V32+AA35+AA38+AA44+AA50+AA56+AA60 -> 0 | AI61: =AD32+AI35+AI38+AI44+AI50+AI56+AI60 -> 0 | AQ61: =AL32+AQ35+AQ38+AQ44+AQ50+AQ56+AQ60 -> 0 | AY61: =AT32+AY35+AY38+AY44+AY50+AY56+AY60 -> 0 | BA61: =K61+S61+AA61+AI61+AQ61+AY61 -> 0
A62: General and Administrative (G&A) (See Indirect Rates Worksheet) | D62: Base | E62: Rate | L62: Base | M62: Rate | T62: Base | U62: Rate | AB62: Base | AC62: Rate | AJ62: Base | AK62: Rate | AR62: Base | AS62: Rate
B63: =Base!B63 -> G&A | D63: =K61 -> 0 | E63: 0 | K63: =D63*E63 -> 0 | L63: =S61 -> 0 | M63: 0 | S63: =L63*M63 -> 0 | T63: =AA61 -> 0 | U63: 0 | AA63: =T63*U63 -> 0 | AB63: =AI61 -> 0 | AC63: 0 | AI63: =AB63*AC63 -> 0 | AJ63: =AQ61 -> 0 | AK63: 0 | AQ63: =AJ63*AK63 -> 0 | AR63: =AY32+AY35+AY38+AY44+AY50+AY56+AY60 -> 0 | AS63: 0 | AY63: =AR63*AS63 -> 0 | BA63: =K63+S63+AA63+AI63+AQ63+AY63 -> 0
B64: =Base!B64 -> Insert line(s) & title(s) for any other G&A rates | K64: =D64*E64 -> 0 | S64: =L64*M64 -> 0 | AA64: =T64*U64 -> 0 | AI64: =AB64*AC64 -> 0 | AQ64: =AJ64*AK64 -> 0 | AY64: =AR64*AS64 -> 0 | BA64: =K64+S64+AA64+AI64+AQ64+AY64 -> 0
B65: Total G&A Costs | K65: =SUM(K62:K64) -> 0 | S65: =SUM(S63:S64) -> 0 | AA65: =SUM(AA63:AA64) -> 0 | AI65: =SUM(AI63:AI64) -> 0 | AQ65: =SUM(AQ63:AQ64) -> 0 | AY65: =SUM(AY63:AY64) -> 0 | BA65: =K65+S65+AA65+AI65+AQ65+AY65 -> 0
A66: Subtotal Costs | K66: =K61+K65 -> 0 | S66: =S61+S65 -> 0 | AA66: =AA61+AA65 -> 0 | AI66: =AI61+AI65 -> 0 | AQ66: =AQ61+AQ65 -> 0 | AY66: =AY61+AY65 -> 0 | BA66: =K66+S66+AA66+AI66+AQ66+AY66 -> 0
A67: Facilities Cost of Money (COM) (See Indirect Rates Worksheet) | D67: Base | E67: Rate | L67: Base | M67: Rate | T67: Base | U67: Rate | AB67: Base | AC67: Rate | AJ67: Base | AK67: Rate | AR67: Base | AS67: Rate
B68: =Base!B68 -> Insert COM rate title | D68: 0 | E68: 0 | K68: =D68*E68 -> 0 | L68: 0 | M68: 0 | S68: =L68*M68 -> 0 | T68: 0 | U68: 0 | AA68: =T68*U68 -> 0 | AB68: 0 | AC68: 0 | AI68: =AB68*AC68 -> 0 | AJ68: 0 | AK68: 0 | AQ68: =AJ68*AK68 -> 0 | AR68: 0 | AS68: 0 | AY68: =AR68*AS68 -> 0 | BA68: =K68+S68+AA68+AI68+AQ68+AY68 -> 0
B69: =Base!B69 -> Insert line(s) & title(s) for any other COM rates | K69: =D69*E69 -> 0 | S69: =L69*M69 -> 0 | AA69: =T69*U69 -> 0 | AI69: =AB69*AC69 -> 0 | AQ69: =AJ69*AK69 -> 0 | AY69: =AR69*AS69 -> 0 | BA69: =K69+S69+AA69+AI69+AQ69+AY69 -> 0
B70: Total Cost of Money | K70: =SUM(K67:K69) -> 0 | S70: =SUM(S68:S69) -> 0 | AA70: =SUM(AA68:AA69) -> 0 | AI70: =SUM(AI68:AI69) -> 0 | AQ70: =SUM(AQ68:AQ69) -> 0 | AY70: =SUM(AY68:AY69) -> 0 | BA70: =K70+S70+AA70+AI70+AQ70+AY70 -> 0
A71: Total Estimated Costs | K71: =K66+K70 -> 0 | S71: =S66+S70 -> 0 | AA71: =AA66+AA70 -> 0 | AI71: =AI66+AI70 -> 0 | AQ71: =AQ66+AQ70 -> 0 | AY71: =AY66+AY70 -> 0 | BA71: =K71+S71+AA71+AI71+AQ71+AY71 -> 0
A72: Fixed Fee (If proposing a CPFF contract) or Profit | C72: (Note 4) | D72: =K66 -> 0 | E72: 0 | K72: =D72*E72 -> 0 | L72: =S66 -> 0 | M72: 0 | S72: =L72*M72 -> 0 | T72: =AA66 -> 0 | U72: 0 | AA72: =T72*U72 -> 0 | AB72: =AI66 -> 0 | AC72: 0 | AI72: =AB72*AC72 -> 0 | AJ72: =AQ66 -> 0 | AK72: 0 | AQ72: =AJ72*AK72 -> 0 | AR72: =AY66 -> 0 | AS72: 0 | AY72: =AR72*AS72 -> 0 | BA72: =K72+S72+AA72+AI72+AQ72+AY72 -> 0
A73: Total Estimated Costs Plus Fixed Fee | K73: =K71+K72 -> 0 | S73: =S71+S72 -> 0 | AA73: =AA71+AA72 -> 0 | AI73: =AI71+AI72 -> 0 | AQ73: =AQ71+AQ72 -> 0 | AY73: =AY71+AY72 -> 0 | BA73: =K73+S73+AA73+AI73+AQ73+AY73 -> 0
A75: Instructions: | B75: • For PRIME submission - Subcontractor Name: If there are subcontracts, list all subcontractor names. • In upper right last column, replace the “X” in X-Months with actual number of months. • Add descriptions in Column B if costs are entered in the following areas: Fringe Benefits, Labor Overhead, Other Direct Costs (other types), Material Handling, General and Administrative, and Facilities Cost of Money. • Subcontracts/Interorganizational Transfers: If appropriate, place Subcontractor name(s) or Interorganizational Name/Code in Column B. • Consultants: If appropriate, place Consultant name(s) in Column B. Running title will indicate when submission is from a prime, subcontractor or consultant.
A76: Note 1: | B76: Any proposed personnel in the technical proposal should be identified with their labor category.
A77: Note 2: | B77: The Fiscal Years or time periods (Row 5) are defined on the Proposer Constants tab. The months during the period of performance that these rates apply (Row 6) are also defined on the Proposer Constants tab.
A78: Note 3: | B78: The values under Total Direct Labor "Hours" column indicate the total level of effort for the project for each labor category. The Proposer must define the split of hours between initial and subsequent rate years based on its time periods defined on the Proposer Constants tab.
A79: Note 4: | B79: Profit or fee is not allowed on direct costs for equipment, Government entities or cost share contracts. In addition, a DD Form 1547 (DFARS 215.404-70) will be utilized in calculating the Government objective for fee.

Sheet Option-II
A1: Cost Proposal - Option II | C1: Enter proposed PoP as "MM/YY to MM/YY"
A2: Proposer | B2: =General!C2 -> Proposer's Name (Prime or Subcontractor)
A3: Prime Contractor | B3: =General!C3 -> Prime Contractor (Fill-in) (if applicable)
G4: (Note 2) | O4: (Note 2) | W4: (Note 2) | AE4: (Note 2) | AM4: (Note 2) | AV4: (Note 2)
G5: =Period1_Label -> Proposer FY 1 | O5: =Period2_Label -> Proposer FY 2 | W5: =Period3_Label -> Proposer FY 3 | AE5: =Period4_Label -> Proposer FY 4 | AM5: =Period5_Label -> Proposer FY 5 | AV5: =Period6_Label -> Proposer FY 6 | BA5: Total
A6: Direct Labor (DL) | G6: =CONCATENATE(TEXT('Proposer Constants'!B10,"MM/DD/YY")," to ",TEXT('Proposer Constants'!B11,"MM/DD/YY")) -> 06/01/21 to 05/31/22 | O6: =CONCATENATE(TEXT('Proposer Constants'!C10,"MM/DD/YY")," to ",TEXT('Proposer Constants'!C11,"MM/DD/YY")) -> 06/01/22 to 05/31/23 | W6: =CONCATENATE(TEXT('Proposer Constants'!D10,"MM/DD/YY")," to ",TEXT('Proposer Constants'!D11,"MM/DD/YY")) -> 06/01/23 to 05/31/24 | AE6: =CONCATENATE(TEXT('Proposer Constants'!E10,"MM/DD/YY")," to ",TEXT('Proposer Constants'!E11,"MM/DD/YY")) -> 06/01/24 to 05/31/25 | AM6: =CONCATENATE(TEXT('Proposer Constants'!F10,"MM/DD/YY")," to ",TEXT('Proposer Constants'!F11,"MM/DD/YY")) -> 06/01/25 to 05/31/26 | AV6: =CONCATENATE(TEXT('Proposer Constants'!G10,"MM/DD/YY")," to ",TEXT('Proposer Constants'!G11,"MM/DD/YY")) -> 06/01/26 to 05/31/27 | AZ6: (Note 3) | BA6: X-Months
B7: Proposer's Labor Category (Note 1) | C7: Name (Last, First) | D7: Hours | E7: Hourly Labor Rate | F7: Direct Labor Cost | G7: Fringe Benefit Rate | H7: Fringe Benefit Cost | I7: Labor Overhead Rate | J7: Labor Overhead Cost | K7: Total $ | L7: Hours | M7: Hourly Labor Rate | N7: Direct Labor Cost | O7: Fringe Benefit Rate | P7: Fringe Benefit Cost | Q7: Labor Overhead Rate | R7: Labor Overhead Cost | S7: Total $ | T7: Hours | U7: Hourly Labor Rate | V7: Direct Labor Cost | W7: Fringe Benefit Rate | X7: Fringe Benefit Cost | Y7: Labor Overhead Rate | Z7: Labor Overhead Cost | AA7: Total $ | AB7: Hours | AC7: Hourly Labor Rate | AD7: Direct Labor Cost | AE7: Fringe Benefit Rate | AF7: Fringe Benefit Cost | AG7: Labor Overhead Rate | AH7: Labor Overhead Cost | AI7: Total $ | AJ7: Hours | AK7: Hourly Labor Rate | AL7: Direct Labor Cost | AM7: Fringe Benefit Rate | AN7: Fringe Benefit Cost | AO7: Labor Overhead Rate | AP7: Labor Overhead Cost | AQ7: Total $ | AR7: Hours | AS7: Hourly Labor Rate | AT7: Direct Labor Cost | AU7: Fringe Benefit Rate | AV7: Fringe Benefit Cost | AW7: Labor Overhead Rate | AX7: Labor Overhead Cost | AY7: Total $ | AZ7: Hours | BA7: Total $ | BB7: Loaded Labor Cost
B8: =IF(ISBLANK('Labor Rates'!C8),"",'Labor Rates'!C8) | C8: =IF(ISBLANK('Labor Rates'!D8),"",'Labor Rates'!D8) | E8: ='Labor Rates'!E8 -> 0 | F8: =D8*E8 -> 0 | G8: ='Labor Rates'!G8 -> 0 | H8: =F8*G8 -> 0 | I8: ='Labor Rates'!H8 -> 0 | J8: =(F8+H8)*I8 -> 0 | K8: =F8+H8+J8 -> 0 | M8: ='Labor Rates'!K8 -> 0 | N8: =L8*M8 -> 0 | O8: ='Labor Rates'!M8 -> 0 | P8: =N8*O8 -> 0 | Q8: ='Labor Rates'!N8 -> 0 | R8: =(N8+P8)*Q8 -> 0 | S8: =ROUND(L8*M8*(1+O8)*(1+Q8),0) -> 0 | U8: ='Labor Rates'!Q8 -> 0 | V8: =T8*U8 -> 0 | W8: ='Labor Rates'!S8 -> 0 | X8: =V8*W8 -> 0 | Y8: ='Labor Rates'!T8 -> 0 | Z8: =(V8+X8)*Y8 -> 0 | AA8: =ROUND(T8*U8*(1+W8)*(1+Y8),0) -> 0 | AC8: ='Labor Rates'!W8 -> 0 | AD8: =AB8*AC8 -> 0 | AE8: ='Labor Rates'!Y8 -> 0 | AF8: =AD8*AE8 -> 0 | AG8: ='Labor Rates'!Z8 -> 0 | AH8: =(AD8+AF8)*AG8 -> 0 | AI8: =ROUND(AB8*AC8*(1+AE8)*(1+AG8),0) -> 0 | AK8: ='Labor Rates'!AC8 -> 0 | AL8: =AJ8*AK8 -> 0 | AM8: ='Labor Rates'!AE8 -> 0 | AN8: =AL8*AM8 -> 0 | AO8: ='Labor Rates'!AF8 -> 0 | AP8: =(AL8+AN8)*AO8 -> 0 | AQ8: =ROUND(AJ8*AK8*(1+AM8)*(1+AO8),0) -> 0 | AS8: ='Labor Rates'!AI8 -> 0 | AT8: =AR8*AS8 -> 0 | AU8: ='Labor Rates'!AK8 -> 0 | AV8: =AT8*AU8 -> 0 | AW8: ='Labor Rates'!AL8 -> 0 | AX8: =(AT8+AV8)*AW8 -> 0 | AY8: =ROUND(AR8*AS8*(1+AU8)*(1+AW8),0) -> 0 | AZ8: =D8+L8+T8+AB8+AJ8+AR8 -> 0 | BA8: =F8+N8+V8+AD8+AL8+AT8 -> 0 | BB8: =K8+S8+AA8+AI8+AQ8+AY8 -> 0
B9: =IF(ISBLANK('Labor Rates'!C9),"",'Labor Rates'!C9) | C9: =IF(ISBLANK('Labor Rates'!D9),"",'Labor Rates'!D9) | E9: ='Labor Rates'!E9 -> 0 | F9: =D9*E9 -> 0 | G9: ='Labor Rates'!G9 -> 0 | H9: =F9*G9 -> 0 | I9: ='Labor Rates'!H9 -> 0 | J9: =(F9+H9)*I9 -> 0 | K9: =F9+H9+J9 -> 0 | M9: ='Labor Rates'!K9 -> 0 | N9: =L9*M9 -> 0 | O9: ='Labor Rates'!M9 -> 0 | P9: =N9*O9 -> 0 | Q9: ='Labor Rates'!N9 -> 0 | R9: =(N9+P9)*Q9 -> 0 | S9: =ROUND(L9*M9*(1+O9)*(1+Q9),0) -> 0 | U9: ='Labor Rates'!Q9 -> 0 | V9: =T9*U9 -> 0 | W9: ='Labor Rates'!S9 -> 0 | X9: =V9*W9 -> 0 | Y9: ='Labor Rates'!T9 -> 0 | Z9: =(V9+X9)*Y9 -> 0 | AA9: =ROUND(T9*U9*(1+W9)*(1+Y9),0) -> 0 | AC9: ='Labor Rates'!W9 -> 0 | AD9: =AB9*AC9 -> 0 | AE9: ='Labor Rates'!Y9 -> 0 | AF9: =AD9*AE9 -> 0 | AG9: ='Labor Rates'!Z9 -> 0 | AH9: =(AD9+AF9)*AG9 -> 0 | AI9: =ROUND(AB9*AC9*(1+AE9)*(1+AG9),0) -> 0 | AK9: ='Labor Rates'!AC9 -> 0 | AL9: =AJ9*AK9 -> 0 | AM9: ='Labor Rates'!AE9 -> 0 | AN9: =AL9*AM9 -> 0 | AO9: ='Labor Rates'!AF9 -> 0 | AP9: =(AL9+AN9)*AO9 -> 0 | AQ9: =ROUND(AJ9*AK9*(1+AM9)*(1+AO9),0) -> 0 | AS9: ='Labor Rates'!AI9 -> 0 | AT9: =AR9*AS9 -> 0 | AU9: ='Labor Rates'!AK9 -> 0 | AV9: =AT9*AU9 -> 0 | AW9: ='Labor Rates'!AL9 -> 0 | AX9: =(AT9+AV9)*AW9 -> 0 | AY9: =ROUND(AR9*AS9*(1+AU9)*(1+AW9),0) -> 0 | AZ9: =D9+L9+T9+AB9+AJ9+AR9 -> 0 | BA9: =F9+N9+V9+AD9+AL9+AT9 -> 0 | BB9: =K9+S9+AA9+AI9+AQ9+AY9 -> 0
B10: =IF(ISBLANK('Labor Rates'!C10),"",'Labor Rates'!C10) | C10: =IF(ISBLANK('Labor Rates'!D10),"",'Labor Rates'!D10) | E10: ='Labor Rates'!E10 -> 0 | F10: =D10*E10 -> 0 | G10: ='Labor Rates'!G10 -> 0 | H10: =F10*G10 -> 0 | I10: ='Labor Rates'!H10 -> 0 | J10: =(F10+H10)*I10 -> 0 | K10: =F10+H10+J10 -> 0 | M10: ='Labor Rates'!K10 -> 0 | N10: =L10*M10 -> 0 | O10: ='Labor Rates'!M10 -> 0 | P10: =N10*O10 -> 0 | Q10: ='Labor Rates'!N10 -> 0 | R10: =(N10+P10)*Q10 -> 0 | S10: =ROUND(L10*M10*(1+O10)*(1+Q10),0) -> 0 | U10: ='Labor Rates'!Q10 -> 0 | V10: =T10*U10 -> 0 | W10: ='Labor Rates'!S10 -> 0 | X10: =V10*W10 -> 0 | Y10: ='Labor Rates'!T10 -> 0 | Z10: =(V10+X10)*Y10 -> 0 | AA10: =ROUND(T10*U10*(1+W10)*(1+Y10),0) -> 0 | AC10: ='Labor Rates'!W10 -> 0 | AD10: =AB10*AC10 -> 0 | AE10: ='Labor Rates'!Y10 -> 0 | AF10: =AD10*AE10 -> 0 | AG10: ='Labor Rates'!Z10 -> 0 | AH10: =(AD10+AF10)*AG10 -> 0 | AI10: =ROUND(AB10*AC10*(1+AE10)*(1+AG10),0) -> 0 | AK10: ='Labor Rates'!AC10 -> 0 | AL10: =AJ10*AK10 -> 0 | AM10: ='Labor Rates'!AE10 -> 0 | AN10: =AL10*AM10 -> 0 | AO10: ='Labor Rates'!AF10 -> 0 | AP10: =(AL10+AN10)*AO10 -> 0 | AQ10: =ROUND(AJ10*AK10*(1+AM10)*(1+AO10),0) -> 0 | AS10: ='Labor Rates'!AI10 -> 0 | AT10: =AR10*AS10 -> 0 | AU10: ='Labor Rates'!AK10 -> 0 | AV10: =AT10*AU10 -> 0 | AW10: ='Labor Rates'!AL10 -> 0 | AX10: =(AT10+AV10)*AW10 -> 0 | AY10: =ROUND(AR10*AS10*(1+AU10)*(1+AW10),0) -> 0 | AZ10: =D10+L10+T10+AB10+AJ10+AR10 -> 0 | BA10: =F10+N10+V10+AD10+AL10+AT10 -> 0 | BB10: =K10+S10+AA10+AI10+AQ10+AY10 -> 0
B11: =IF(ISBLANK('Labor Rates'!C11),"",'Labor Rates'!C11) | C11: =IF(ISBLANK('Labor Rates'!D11),"",'Labor Rates'!D11) | E11: ='Labor Rates'!E11 -> 0 | F11: =D11*E11 -> 0 | G11: ='Labor Rates'!G11 -> 0 | H11: =F11*G11 -> 0 | I11: ='Labor Rates'!H11 -> 0 | J11: =(F11+H11)*I11 -> 0 | K11: =F11+H11+J11 -> 0 | M11: ='Labor Rates'!K11 -> 0 | N11: =L11*M11 -> 0 | O11: ='Labor Rates'!M11 -> 0 | P11: =N11*O11 -> 0 | Q11: ='Labor Rates'!N11 -> 0 | R11: =(N11+P11)*Q11 -> 0 | S11: =ROUND(L11*M11*(1+O11)*(1+Q11),0) -> 0 | U11: ='Labor Rates'!Q11 -> 0 | V11: =T11*U11 -> 0 | W11: ='Labor Rates'!S11 -> 0 | X11: =V11*W11 -> 0 | Y11: ='Labor Rates'!T11 -> 0 | Z11: =(V11+X11)*Y11 -> 0 | AA11: =ROUND(T11*U11*(1+W11)*(1+Y11),0) -> 0 | AC11: ='Labor Rates'!W11 -> 0 | AD11: =AB11*AC11 -> 0 | AE11: ='Labor Rates'!Y11 -> 0 | AF11: =AD11*AE11 -> 0 | AG11: ='Labor Rates'!Z11 -> 0 | AH11: =(AD11+AF11)*AG11 -> 0 | AI11: =ROUND(AB11*AC11*(1+AE11)*(1+AG11),0) -> 0 | AK11: ='Labor Rates'!AC11 -> 0 | AL11: =AJ11*AK11 -> 0 | AM11: ='Labor Rates'!AE11 -> 0 | AN11: =AL11*AM11 -> 0 | AO11: ='Labor Rates'!AF11 -> 0 | AP11: =(AL11+AN11)*AO11 -> 0 | AQ11: =ROUND(AJ11*AK11*(1+AM11)*(1+AO11),0) -> 0 | AS11: ='Labor Rates'!AI11 -> 0 | AT11: =AR11*AS11 -> 0 | AU11: ='Labor Rates'!AK11 -> 0 | AV11: =AT11*AU11 -> 0 | AW11: ='Labor Rates'!AL11 -> 0 | AX11: =(AT11+AV11)*AW11 -> 0 | AY11: =ROUND(AR11*AS11*(1+AU11)*(1+AW11),0) -> 0 | AZ11: =D11+L11+T11+AB11+AJ11+AR11 -> 0 | BA11: =F11+N11+V11+AD11+AL11+AT11 -> 0 | BB11: =K11+S11+AA11+AI11+AQ11+AY11 -> 0
B12: =IF(ISBLANK('Labor Rates'!C12),"",'Labor Rates'!C12) | C12: =IF(ISBLANK('Labor Rates'!D12),"",'Labor Rates'!D12) | E12: ='Labor Rates'!E12 -> 0 | F12: =D12*E12 -> 0 | G12: ='Labor Rates'!G12 -> 0 | H12: =F12*G12 -> 0 | I12: ='Labor Rates'!H12 -> 0 | J12: =(F12+H12)*I12 -> 0 | K12: =F12+H12+J12 -> 0 | M12: ='Labor Rates'!K12 -> 0 | N12: =L12*M12 -> 0 | O12: ='Labor Rates'!M12 -> 0 | P12: =N12*O12 -> 0 | Q12: ='Labor Rates'!N12 -> 0 | R12: =(N12+P12)*Q12 -> 0 | S12: =ROUND(L12*M12*(1+O12)*(1+Q12),0) -> 0 | U12: ='Labor Rates'!Q12 -> 0 | V12: =T12*U12 -> 0 | W12: ='Labor Rates'!S12 -> 0 | X12: =V12*W12 -> 0 | Y12: ='Labor Rates'!T12 -> 0 | Z12: =(V12+X12)*Y12 -> 0 | AA12: =ROUND(T12*U12*(1+W12)*(1+Y12),0) -> 0 | AC12: ='Labor Rates'!W12 -> 0 | AD12: =AB12*AC12 -> 0 | AE12: ='Labor Rates'!Y12 -> 0 | AF12: =AD12*AE12 -> 0 | AG12: ='Labor Rates'!Z12 -> 0 | AH12: =(AD12+AF12)*AG12 -> 0 | AI12: =ROUND(AB12*AC12*(1+AE12)*(1+AG12),0) -> 0 | AK12: ='Labor Rates'!AC12 -> 0 | AL12: =AJ12*AK12 -> 0 | AM12: ='Labor Rates'!AE12 -> 0 | AN12: =AL12*AM12 -> 0 | AO12: ='Labor Rates'!AF12 -> 0 | AP12: =(AL12+AN12)*AO12 -> 0 | AQ12: =ROUND(AJ12*AK12*(1+AM12)*(1+AO12),0) -> 0 | AS12: ='Labor Rates'!AI12 -> 0 | AT12: =AR12*AS12 -> 0 | AU12: ='Labor Rates'!AK12 -> 0 | AV12: =AT12*AU12 -> 0 | AW12: ='Labor Rates'!AL12 -> 0 | AX12: =(AT12+AV12)*AW12 -> 0 | AY12: =ROUND(AR12*AS12*(1+AU12)*(1+AW12),0) -> 0 | AZ12: =D12+L12+T12+AB12+AJ12+AR12 -> 0 | BA12: =F12+N12+V12+AD12+AL12+AT12 -> 0 | BB12: =K12+S12+AA12+AI12+AQ12+AY12 -> 0
B13: =IF(ISBLANK('Labor Rates'!C13),"",'Labor Rates'!C13) | C13: =IF(ISBLANK('Labor Rates'!D13),"",'Labor Rates'!D13) | E13: ='Labor Rates'!E13 -> 0 | F13: =D13*E13 -> 0 | G13: ='Labor Rates'!G13 -> 0 | H13: =F13*G13 -> 0 | I13: ='Labor Rates'!H13 -> 0 | J13: =(F13+H13)*I13 -> 0 | K13: =F13+H13+J13 -> 0 | M13: ='Labor Rates'!K13 -> 0 | N13: =L13*M13 -> 0 | O13: ='Labor Rates'!M13 -> 0 | P13: =N13*O13 -> 0 | Q13: ='Labor Rates'!N13 -> 0 | R13: =(N13+P13)*Q13 -> 0 | S13: =ROUND(L13*M13*(1+O13)*(1+Q13),0) -> 0 | U13: ='Labor Rates'!Q13 -> 0 | V13: =T13*U13 -> 0 | W13: ='Labor Rates'!S13 -> 0 | X13: =V13*W13 -> 0 | Y13: ='Labor Rates'!T13 -> 0 | Z13: =(V13+X13)*Y13 -> 0 | AA13: =ROUND(T13*U13*(1+W13)*(1+Y13),0) -> 0 | AC13: ='Labor Rates'!W13 -> 0 | AD13: =AB13*AC13 -> 0 | AE13: ='Labor Rates'!Y13 -> 0 | AF13: =AD13*AE13 -> 0 | AG13: ='Labor Rates'!Z13 -> 0 | AH13: =(AD13+AF13)*AG13 -> 0 | AI13: =ROUND(AB13*AC13*(1+AE13)*(1+AG13),0) -> 0 | AK13: ='Labor Rates'!AC13 -> 0 | AL13: =AJ13*AK13 -> 0 | AM13: ='Labor Rates'!AE13 -> 0 | AN13: =AL13*AM13 -> 0 | AO13: ='Labor Rates'!AF13 -> 0 | AP13: =(AL13+AN13)*AO13 -> 0 | AQ13: =ROUND(AJ13*AK13*(1+AM13)*(1+AO13),0) -> 0 | AS13: ='Labor Rates'!AI13 -> 0 | AT13: =AR13*AS13 -> 0 | AU13: ='Labor Rates'!AK13 -> 0 | AV13: =AT13*AU13 -> 0 | AW13: ='Labor Rates'!AL13 -> 0 | AX13: =(AT13+AV13)*AW13 -> 0 | AY13: =ROUND(AR13*AS13*(1+AU13)*(1+AW13),0) -> 0 | AZ13: =D13+L13+T13+AB13+AJ13+AR13 -> 0 | BA13: =F13+N13+V13+AD13+AL13+AT13 -> 0 | BB13: =K13+S13+AA13+AI13+AQ13+AY13 -> 0
B14: =IF(ISBLANK('Labor Rates'!C14),"",'Labor Rates'!C14) | C14: =IF(ISBLANK('Labor Rates'!D14),"",'Labor Rates'!D14) | E14: ='Labor Rates'!E14 -> 0 | F14: =D14*E14 -> 0 | G14: ='Labor Rates'!G14 -> 0 | H14: =F14*G14 -> 0 | I14: ='Labor Rates'!H14 -> 0 | J14: =(F14+H14)*I14 -> 0 | K14: =F14+H14+J14 -> 0 | M14: ='Labor Rates'!K14 -> 0 | N14: =L14*M14 -> 0 | O14: ='Labor Rates'!M14 -> 0 | P14: =N14*O14 -> 0 | Q14: ='Labor Rates'!N14 -> 0 | R14: =(N14+P14)*Q14 -> 0 | S14: =ROUND(L14*M14*(1+O14)*(1+Q14),0) -> 0 | U14: ='Labor Rates'!Q14 -> 0 | V14: =T14*U14 -> 0 | W14: ='Labor Rates'!S14 -> 0 | X14: =V14*W14 -> 0 | Y14: ='Labor Rates'!T14 -> 0 | Z14: =(V14+X14)*Y14 -> 0 | AA14: =ROUND(T14*U14*(1+W14)*(1+Y14),0) -> 0 | AC14: ='Labor Rates'!W14 -> 0 | AD14: =AB14*AC14 -> 0 | AE14: ='Labor Rates'!Y14 -> 0 | AF14: =AD14*AE14 -> 0 | AG14: ='Labor Rates'!Z14 -> 0 | AH14: =(AD14+AF14)*AG14 -> 0 | AI14: =ROUND(AB14*AC14*(1+AE14)*(1+AG14),0) -> 0 | AK14: ='Labor Rates'!AC14 -> 0 | AL14: =AJ14*AK14 -> 0 | AM14: ='Labor Rates'!AE14 -> 0 | AN14: =AL14*AM14 -> 0 | AO14: ='Labor Rates'!AF14 -> 0 | AP14: =(AL14+AN14)*AO14 -> 0 | AQ14: =ROUND(AJ14*AK14*(1+AM14)*(1+AO14),0) -> 0 | AS14: ='Labor Rates'!AI14 -> 0 | AT14: =AR14*AS14 -> 0 | AU14: ='Labor Rates'!AK14 -> 0 | AV14: =AT14*AU14 -> 0 | AW14: ='Labor Rates'!AL14 -> 0 | AX14: =(AT14+AV14)*AW14 -> 0 | AY14: =ROUND(AR14*AS14*(1+AU14)*(1+AW14),0) -> 0 | AZ14: =D14+L14+T14+AB14+AJ14+AR14 -> 0 | BA14: =F14+N14+V14+AD14+AL14+AT14 -> 0 | BB14: =K14+S14+AA14+AI14+AQ14+AY14 -> 0
B15: =IF(ISBLANK('Labor Rates'!C15),"",'Labor Rates'!C15) | C15: =IF(ISBLANK('Labor Rates'!D15),"",'Labor Rates'!D15) | E15: ='Labor Rates'!E15 -> 0 | F15: =D15*E15 -> 0 | G15: ='Labor Rates'!G15 -> 0 | H15: =F15*G15 -> 0 | I15: ='Labor Rates'!H15 -> 0 | J15: =(F15+H15)*I15 -> 0 | K15: =F15+H15+J15 -> 0 | M15: ='Labor Rates'!K15 -> 0 | N15: =L15*M15 -> 0 | O15: ='Labor Rates'!M15 -> 0 | P15: =N15*O15 -> 0 | Q15: ='Labor Rates'!N15 -> 0 | R15: =(N15+P15)*Q15 -> 0 | S15: =ROUND(L15*M15*(1+O15)*(1+Q15),0) -> 0 | U15: ='Labor Rates'!Q15 -> 0 | V15: =T15*U15 -> 0 | W15: ='Labor Rates'!S15 -> 0 | X15: =V15*W15 -> 0 | Y15: ='Labor Rates'!T15 -> 0 | Z15: =(V15+X15)*Y15 -> 0 | AA15: =ROUND(T15*U15*(1+W15)*(1+Y15),0) -> 0 | AC15: ='Labor Rates'!W15 -> 0 | AD15: =AB15*AC15 -> 0 | AE15: ='Labor Rates'!Y15 -> 0 | AF15: =AD15*AE15 -> 0 | AG15: ='Labor Rates'!Z15 -> 0 | AH15: =(AD15+AF15)*AG15 -> 0 | AI15: =ROUND(AB15*AC15*(1+AE15)*(1+AG15),0) -> 0 | AK15: ='Labor Rates'!AC15 -> 0 | AL15: =AJ15*AK15 -> 0 | AM15: ='Labor Rates'!AE15 -> 0 | AN15: =AL15*AM15 -> 0 | AO15: ='Labor Rates'!AF15 -> 0 | AP15: =(AL15+AN15)*AO15 -> 0 | AQ15: =ROUND(AJ15*AK15*(1+AM15)*(1+AO15),0) -> 0 | AS15: ='Labor Rates'!AI15 -> 0 | AT15: =AR15*AS15 -> 0 | AU15: ='Labor Rates'!AK15 -> 0 | AV15: =AT15*AU15 -> 0 | AW15: ='Labor Rates'!AL15 -> 0 | AX15: =(AT15+AV15)*AW15 -> 0 | AY15: =ROUND(AR15*AS15*(1+AU15)*(1+AW15),0) -> 0 | AZ15: =D15+L15+T15+AB15+AJ15+AR15 -> 0 | BA15: =F15+N15+V15+AD15+AL15+AT15 -> 0 | BB15: =K15+S15+AA15+AI15+AQ15+AY15 -> 0
B16: =IF(ISBLANK('Labor Rates'!C16),"",'Labor Rates'!C16) | C16: =IF(ISBLANK('Labor Rates'!D16),"",'Labor Rates'!D16) | E16: ='Labor Rates'!E16 -> 0 | F16: =D16*E16 -> 0 | G16: ='Labor Rates'!G16 -> 0 | H16: =F16*G16 -> 0 | I16: ='Labor Rates'!H16 -> 0 | J16: =(F16+H16)*I16 -> 0 | K16: =F16+H16+J16 -> 0 | M16: ='Labor Rates'!K16 -> 0 | N16: =L16*M16 -> 0 | O16: ='Labor Rates'!M16 -> 0 | P16: =N16*O16 -> 0 | Q16: ='Labor Rates'!N16 -> 0 | R16: =(N16+P16)*Q16 -> 0 | S16: =ROUND(L16*M16*(1+O16)*(1+Q16),0) -> 0 | U16: ='Labor Rates'!Q16 -> 0 | V16: =T16*U16 -> 0 | W16: ='Labor Rates'!S16 -> 0 | X16: =V16*W16 -> 0 | Y16: ='Labor Rates'!T16 -> 0 | Z16: =(V16+X16)*Y16 -> 0 | AA16: =ROUND(T16*U16*(1+W16)*(1+Y16),0) -> 0 | AC16: ='Labor Rates'!W16 -> 0 | AD16: =AB16*AC16 -> 0 | AE16: ='Labor Rates'!Y16 -> 0 | AF16: =AD16*AE16 -> 0 | AG16: ='Labor Rates'!Z16 -> 0 | AH16: =(AD16+AF16)*AG16 -> 0 | AI16: =ROUND(AB16*AC16*(1+AE16)*(1+AG16),0) -> 0 | AK16: ='Labor Rates'!AC16 -> 0 | AL16: =AJ16*AK16 -> 0 | AM16: ='Labor Rates'!AE16 -> 0 | AN16: =AL16*AM16 -> 0 | AO16: ='Labor Rates'!AF16 -> 0 | AP16: =(AL16+AN16)*AO16 -> 0 | AQ16: =ROUND(AJ16*AK16*(1+AM16)*(1+AO16),0) -> 0 | AS16: ='Labor Rates'!AI16 -> 0 | AT16: =AR16*AS16 -> 0 | AU16: ='Labor Rates'!AK16 -> 0 | AV16: =AT16*AU16 -> 0 | AW16: ='Labor Rates'!AL16 -> 0 | AX16: =(AT16+AV16)*AW16 -> 0 | AY16: =ROUND(AR16*AS16*(1+AU16)*(1+AW16),0) -> 0 | AZ16: =D16+L16+T16+AB16+AJ16+AR16 -> 0 | BA16: =F16+N16+V16+AD16+AL16+AT16 -> 0 | BB16: =K16+S16+AA16+AI16+AQ16+AY16 -> 0
B17: =IF(ISBLANK('Labor Rates'!C17),"",'Labor Rates'!C17) | C17: =IF(ISBLANK('Labor Rates'!D17),"",'Labor Rates'!D17) | E17: ='Labor Rates'!E17 -> 0 | F17: =D17*E17 -> 0 | G17: ='Labor Rates'!G17 -> 0 | H17: =F17*G17 -> 0 | I17: ='Labor Rates'!H17 -> 0 | J17: =(F17+H17)*I17 -> 0 | K17: =F17+H17+J17 -> 0 | M17: ='Labor Rates'!K17 -> 0 | N17: =L17*M17 -> 0 | O17: ='Labor Rates'!M17 -> 0 | P17: =N17*O17 -> 0 | Q17: ='Labor Rates'!N17 -> 0 | R17: =(N17+P17)*Q17 -> 0 | S17: =ROUND(L17*M17*(1+O17)*(1+Q17),0) -> 0 | U17: ='Labor Rates'!Q17 -> 0 | V17: =T17*U17 -> 0 | W17: ='Labor Rates'!S17 -> 0 | X17: =V17*W17 -> 0 | Y17: ='Labor Rates'!T17 -> 0 | Z17: =(V17+X17)*Y17 -> 0 | AA17: =ROUND(T17*U17*(1+W17)*(1+Y17),0) -> 0 | AC17: ='Labor Rates'!W17 -> 0 | AD17: =AB17*AC17 -> 0 | AE17: ='Labor Rates'!Y17 -> 0 | AF17: =AD17*AE17 -> 0 | AG17: ='Labor Rates'!Z17 -> 0 | AH17: =(AD17+AF17)*AG17 -> 0 | AI17: =ROUND(AB17*AC17*(1+AE17)*(1+AG17),0) -> 0 | AK17: ='Labor Rates'!AC17 -> 0 | AL17: =AJ17*AK17 -> 0 | AM17: ='Labor Rates'!AE17 -> 0 | AN17: =AL17*AM17 -> 0 | AO17: ='Labor Rates'!AF17 -> 0 | AP17: =(AL17+AN17)*AO17 -> 0 | AQ17: =ROUND(AJ17*AK17*(1+AM17)*(1+AO17),0) -> 0 | AS17: ='Labor Rates'!AI17 -> 0 | AT17: =AR17*AS17 -> 0 | AU17: ='Labor Rates'!AK17 -> 0 | AV17: =AT17*AU17 -> 0 | AW17: ='Labor Rates'!AL17 -> 0 | AX17: =(AT17+AV17)*AW17 -> 0 | AY17: =ROUND(AR17*AS17*(1+AU17)*(1+AW17),0) -> 0 | AZ17: =D17+L17+T17+AB17+AJ17+AR17 -> 0 | BA17: =F17+N17+V17+AD17+AL17+AT17 -> 0 | BB17: =K17+S17+AA17+AI17+AQ17+AY17 -> 0
B18: =IF(ISBLANK('Labor Rates'!C18),"",'Labor Rates'!C18) | C18: =IF(ISBLANK('Labor Rates'!D18),"",'Labor Rates'!D18) | E18: ='Labor Rates'!E18 -> 0 | F18: =D18*E18 -> 0 | G18: ='Labor Rates'!G18 -> 0 | H18: =F18*G18 -> 0 | I18: ='Labor Rates'!H18 -> 0 | J18: =(F18+H18)*I18 -> 0 | K18: =F18+H18+J18 -> 0 | M18: ='Labor Rates'!K18 -> 0 | N18: =L18*M18 -> 0 | O18: ='Labor Rates'!M18 -> 0 | P18: =N18*O18 -> 0 | Q18: ='Labor Rates'!N18 -> 0 | R18: =(N18+P18)*Q18 -> 0 | S18: =ROUND(L18*M18*(1+O18)*(1+Q18),0) -> 0 | U18: ='Labor Rates'!Q18 -> 0 | V18: =T18*U18 -> 0 | W18: ='Labor Rates'!S18 -> 0 | X18: =V18*W18 -> 0 | Y18: ='Labor Rates'!T18 -> 0 | Z18: =(V18+X18)*Y18 -> 0 | AA18: =ROUND(T18*U18*(1+W18)*(1+Y18),0) -> 0 | AC18: ='Labor Rates'!W18 -> 0 | AD18: =AB18*AC18 -> 0 | AE18: ='Labor Rates'!Y18 -> 0 | AF18: =AD18*AE18 -> 0 | AG18: ='Labor Rates'!Z18 -> 0 | AH18: =(AD18+AF18)*AG18 -> 0 | AI18: =ROUND(AB18*AC18*(1+AE18)*(1+AG18),0) -> 0 | AK18: ='Labor Rates'!AC18 -> 0 | AL18: =AJ18*AK18 -> 0 | AM18: ='Labor Rates'!AE18 -> 0 | AN18: =AL18*AM18 -> 0 | AO18: ='Labor Rates'!AF18 -> 0 | AP18: =(AL18+AN18)*AO18 -> 0 | AQ18: =ROUND(AJ18*AK18*(1+AM18)*(1+AO18),0) -> 0 | AS18: ='Labor Rates'!AI18 -> 0 | AT18: =AR18*AS18 -> 0 | AU18: ='Labor Rates'!AK18 -> 0 | AV18: =AT18*AU18 -> 0 | AW18: ='Labor Rates'!AL18 -> 0 | AX18: =(AT18+AV18)*AW18 -> 0 | AY18: =ROUND(AR18*AS18*(1+AU18)*(1+AW18),0) -> 0 | AZ18: =D18+L18+T18+AB18+AJ18+AR18 -> 0 | BA18: =F18+N18+V18+AD18+AL18+AT18 -> 0 | BB18: =K18+S18+AA18+AI18+AQ18+AY18 -> 0
B19: =IF(ISBLANK('Labor Rates'!C19),"",'Labor Rates'!C19) | C19: =IF(ISBLANK('Labor Rates'!D19),"",'Labor Rates'!D19) | E19: ='Labor Rates'!E19 -> 0 | F19: =D19*E19 -> 0 | G19: ='Labor Rates'!G19 -> 0 | H19: =F19*G19 -> 0 | I19: ='Labor Rates'!H19 -> 0 | J19: =(F19+H19)*I19 -> 0 | K19: =F19+H19+J19 -> 0 | M19: ='Labor Rates'!K19 -> 0 | N19: =L19*M19 -> 0 | O19: ='Labor Rates'!M19 -> 0 | P19: =N19*O19 -> 0 | Q19: ='Labor Rates'!N19 -> 0 | R19: =(N19+P19)*Q19 -> 0 | S19: =ROUND(L19*M19*(1+O19)*(1+Q19),0) -> 0 | U19: ='Labor Rates'!Q19 -> 0 | V19: =T19*U19 -> 0 | W19: ='Labor Rates'!S19 -> 0 | X19: =V19*W19 -> 0 | Y19: ='Labor Rates'!T19 -> 0 | Z19: =(V19+X19)*Y19 -> 0 | AA19: =ROUND(T19*U19*(1+W19)*(1+Y19),0) -> 0 | AC19: ='Labor Rates'!W19 -> 0 | AD19: =AB19*AC19 -> 0 | AE19: ='Labor Rates'!Y19 -> 0 | AF19: =AD19*AE19 -> 0 | AG19: ='Labor Rates'!Z19 -> 0 | AH19: =(AD19+AF19)*AG19 -> 0 | AI19: =ROUND(AB19*AC19*(1+AE19)*(1+AG19),0) -> 0 | AK19: ='Labor Rates'!AC19 -> 0 | AL19: =AJ19*AK19 -> 0 | AM19: ='Labor Rates'!AE19 -> 0 | AN19: =AL19*AM19 -> 0 | AO19: ='Labor Rates'!AF19 -> 0 | AP19: =(AL19+AN19)*AO19 -> 0 | AQ19: =ROUND(AJ19*AK19*(1+AM19)*(1+AO19),0) -> 0 | AS19: ='Labor Rates'!AI19 -> 0 | AT19: =AR19*AS19 -> 0 | AU19: ='Labor Rates'!AK19 -> 0 | AV19: =AT19*AU19 -> 0 | AW19: ='Labor Rates'!AL19 -> 0 | AX19: =(AT19+AV19)*AW19 -> 0 | AY19: =ROUND(AR19*AS19*(1+AU19)*(1+AW19),0) -> 0 | AZ19: =D19+L19+T19+AB19+AJ19+AR19 -> 0 | BA19: =F19+N19+V19+AD19+AL19+AT19 -> 0 | BB19: =K19+S19+AA19+AI19+AQ19+AY19 -> 0
... B31: =IF(ISBLANK('Labor Rates'!C31),"",'Labor Rates'!C31) | C31: =IF(ISBLANK('Labor Rates'!D31),"",'Labor Rates'!D31) | E31: ='Labor Rates'!E31 -> 0 | F31: =D31*E31 -> 0 | G31: ='Labor Rates'!G31 -> 0 | H31: =F31*G31 -> 0 | I31: ='Labor Rates'!H31 -> 0 | J31: =(F31+H31)*I31 -> 0 | K31: =F31+H31+J31 -> 0 | M31: ='Labor Rates'!K31 -> 0 | N31: =L31*M31 -> 0 | O31: ='Labor Rates'!M31 -> 0 | P31: =N31*O31 -> 0 | Q31: ='Labor Rates'!N31 -> 0 | R31: =(N31+P31)*Q31 -> 0 | S31: =ROUND(L31*M31*(1+O31)*(1+Q31),0) -> 0 | U31: ='Labor Rates'!Q31 -> 0 | V31: =T31*U31 -> 0 | W31: ='Labor Rates'!S31 -> 0 | X31: =V31*W31 -> 0 | Y31: ='Labor Rates'!T31 -> 0 | Z31: =(V31+X31)*Y31 -> 0 | AA31: =ROUND(T31*U31*(1+W31)*(1+Y31),0) -> 0 | AC31: ='Labor Rates'!W31 -> 0 | AD31: =AB31*AC31 -> 0 | AE31: ='Labor Rates'!Y31 -> 0 | AF31: =AD31*AE31 -> 0 | AG31: ='Labor Rates'!Z31 -> 0 | AH31: =(AD31+AF31)*AG31 -> 0 | AI31: =ROUND(AB31*AC31*(1+AE31)*(1+AG31),0) -> 0 | AK31: ='Labor Rates'!AC31 -> 0 | AL31: =AJ31*AK31 -> 0 | AM31: ='Labor Rates'!AE31 -> 0 | AN31: =AL31*AM31 -> 0 | AO31: ='Labor Rates'!AF31 -> 0 | AP31: =(AL31+AN31)*AO31 -> 0 | AQ31: =ROUND(AJ31*AK31*(1+AM31)*(1+AO31),0) -> 0 | AS31: ='Labor Rates'!AI31 -> 0 | AT31: =AR31*AS31 -> 0 | AU31: ='Labor Rates'!AK31 -> 0 | AV31: =AT31*AU31 -> 0 | AW31: ='Labor Rates'!AL31 -> 0 | AX31: =(AT31+AV31)*AW31 -> 0 | AY31: =ROUND(AR31*AS31*(1+AU31)*(1+AW31),0) -> 0 | AZ31: =D31+L31+T31+AB31+AJ31+AR31 -> 0 | BA31: =F31+N31+V31+AD31+AL31+AT31 -> 0 | BB31: =K31+S31+AA31+AI31+AQ31+AY31 -> 0
B32: Total Direct Labor Hours/Costs | D32: =SUM(D8:D31) -> 0 | F32: =SUM(F8:F31) -> 0 | L32: =SUM(L8:L31) -> 0 | N32: =SUM(N8:N31) -> 0 | T32: =SUM(T8:T31) -> 0 | V32: =SUM(V8:V31) -> 0 | AB32: =SUM(AB8:AB31) -> 0 | AD32: =SUM(AD8:AD31) -> 0 | AJ32: =SUM(AJ8:AJ31) -> 0 | AL32: =SUM(AL8:AL31) -> 0 | AR32: =SUM(AR8:AR31) -> 0 | AT32: =SUM(AT8:AT31) -> 0 | AZ32: =SUM(AZ8:AZ31) -> 0 | BA32: =F32+N32+V32+AD32+AL32+AT32 -> 0 | BB32: =SUM(BB8:BB31) -> 0
B33: Fringe Benefit Cost from Direct Labor Above | H33: =SUM(H8:H31) -> 0 | K33: =H33 -> 0 | P33: =SUM(P8:P31) -> 0 | S33: =P33 -> 0 | X33: =SUM(X8:X31) -> 0 | AA33: =X33 -> 0 | AF33: =SUM(AF8:AF31) -> 0 | AI33: =AF33 -> 0 | AN33: =SUM(AN8:AN31) -> 0 | AQ33: =AN33 -> 0 | AV33: =SUM(AV8:AV31) -> 0 | AY33: =AV33 -> 0 | BA33: =K33+S33+AA33+AI33+AQ33+AY33 -> 0
B34: =Base!B34 -> Insert line(s) & title(s) for any other F/B rates | D34: =F32 -> 0 | E34: 0 | K34: =D34*E34 -> 0 | L34: =N32 -> 0 | S34: =L34*M34 -> 0 | T34: =V32 -> 0 | AA34: =T34*U34 -> 0 | AB34: =AD32 -> 0 | AI34: =AB34*AC34 -> 0 | AJ34: =AL32 -> 0 | AQ34: =AJ34*AK34 -> 0 | AR34: =AT32 -> 0 | AY34: =AR34*AS34 -> 0 | BA34: =K34+S34+AA34+AI34+AQ34+AY34 -> 0
B35: Total Fringe Benefit Costs | K35: =SUM(K33:K34) -> 0 | S35: =SUM(S33:S34) -> 0 | AA35: =SUM(AA33:AA34) -> 0 | AI35: =SUM(AI33:AI34) -> 0 | AQ35: =SUM(AQ33:AQ34) -> 0 | AY35: =SUM(AY33:AY34) -> 0 | BA35: =SUM(D35:AY35) -> 0
B36: Labor Overhead from Direct Labor and FB Above | J36: =SUM(J8:J31) -> 0 | K36: =J36 -> 0 | R36: =SUM(R8:R31) -> 0 | S36: =R36 -> 0 | Z36: =SUM(Z8:Z31) -> 0 | AA36: =Z36 -> 0 | AH36: =SUM(AH8:AH31) -> 0 | AI36: =AH36 -> 0 | AP36: =SUM(AP8:AP31) -> 0 | AQ36: =AP36 -> 0 | AX36: =SUM(AX8:AX31) -> 0 | AY36: =AX36 -> 0 | BA36: =K36+S36+AA36+AI36+AQ36+AY36 -> 0
B37: =Base!B37 -> Insert line(s) & title(s) for any other O/H rates | D37: =F32+K35 -> 0 | E37: 0 | K37: =D37*E37 -> 0 | L37: =N32+S35 -> 0 | S37: =L37*M37 -> 0 | T37: =V32+AA35 -> 0 | AA37: =T37*U37 -> 0 | AB37: =AD32+AI35 -> 0 | AI37: =AB37*AC37 -> 0 | AJ37: =AL32+AQ35 -> 0 | AQ37: =AJ37*AK37 -> 0 | AR37: =AT32+AY35 -> 0 | AY37: =AR37*AS37 -> 0 | BA37: =K37+S37+AA37+AI37+AQ37+AY37 -> 0
B38: Total Labor Overhead Costs | K38: =SUM(K36:K37) -> 0 | S38: =SUM(S36:S37) -> 0 | AA38: =SUM(AA36:AA37) -> 0 | AI38: =SUM(AI36:AI37) -> 0 | AQ38: =SUM(AQ36:AQ37) -> 0 | AY38: =SUM(AY36:AY37) -> 0 | BA38: =K38+S38+AA38+AI38+AQ38+AY38 -> 0
A39: Subcontracts/Interorganizational Transfer | C39: File/Tab Name or Link
B40: =Base!B40 -> Subcontract/Interorganizational Name - #01 | C40: Provide details in Subcontractor Tab | K40: 0 | S40: 0 | AA40: 0 | AI40: 0 | AQ40: 0 | AY40: 0 | BA40: =K40+S40+AA40+AI40+AQ40+AY40 -> 0
B41: =Base!B41 -> Subcontract/Interorganizational Name - #02 | C41: Provide details in Subcontractor Tab | S41: 0 | AA41: 0 | AI41: 0 | BA41: =K41+S41+AA41+AI41+AQ41+AY41 -> 0
B42: =Base!B42 -> Subcontract/Interorganizational Name - #03 | C42: Provide details in Subcontractor Tab | S42: 0 | AA42: 0 | AI42: 0 | BA42: =K42+S42+AA42+AI42+AQ42+AY42 -> 0
B43: =Base!B43 -> Insert line(s) for any additional Subcontractors/Interorganizational | C43: Provide details in Subcontractor Tab | S43: 0 | AA43: 0 | AI43: 0 | BA43: =K43+S43+AA43+AI43+AQ43+AY43 -> 0
B44: Total Subcontract Costs | K44: =SUM(K39:K43) -> 0 | S44: =SUM(S39:S43) -> 0 | AA44: =SUM(AA39:AA43) -> 0 | AI44: =SUM(AI39:AI43) -> 0 | AQ44: =SUM(AQ39:AQ43) -> 0 | AY44: =SUM(AY39:AY43) -> 0 | BA44: =K44+S44+AA44+AI44+AQ44+AY44 -> 0
A45: Consultants | D45: Hours | E45: Hourly Rate | L45: Hours | M45: Hourly Rate | T45: Hours | U45: Hourly Rate | AB45: Hours | AC45: Hourly Rate | AJ45: Hours | AK45: Hourly Rate | AR45: Hours | AS45: Hourly Rate | AZ45: Hours
B46: =Base!B46 -> Consultant Name - #01 | C46: Provide details in Consultant Tab | D46: 0 | E46: 0 | K46: =D46*E46 -> 0 | L46: 0 | M46: 0 | S46: =L46*M46 -> 0 | T46: 0 | U46: 0 | AA46: =T46*U46 -> 0 | AB46: 0 | AC46: 0 | AI46: =AB46*AC46 -> 0 | AJ46: 0 | AK46: 0 | AQ46: =AJ46*AK46 -> 0 | AR46: 0 | AS46: 0 | AY46: =AR46*AS46 -> 0 | AZ46: =SUM(D46,L46,T46,AB46,AJ46,AR46) -> 0 | BA46: =K46+S46+AA46+AI46+AQ46+AY46 -> 0
B47: =Base!B47 -> Consultant Name - #02 | C47: Provide details in Consultant Tab | K47: =D47*E47 -> 0 | S47: =L47*M47 -> 0 | AA47: =T47*U47 -> 0 | AI47: =AB47*AC47 -> 0 | AQ47: =AJ47*AK47 -> 0 | AY47: =AR47*AS47 -> 0 | AZ47: =SUM(D47,L47,T47,AB47,AJ47,AR47) -> 0 | BA47: =K47+S47+AA47+AI47+AQ47+AY47 -> 0
B48: =Base!B48 -> Consultant Name - #03 | C48: Provide details in Consultant Tab | K48: =D48*E48 -> 0 | S48: =L48*M48 -> 0 | AA48: =T48*U48 -> 0 | AI48: =AB48*AC48 -> 0 | AQ48: =AJ48*AK48 -> 0 | AY48: =AR48*AS48 -> 0 | AZ48: =SUM(D48,L48,T48,AB48,AJ48,AR48) -> 0 | BA48: =K48+S48+AA48+AI48+AQ48+AY48 -> 0
B49: =Base!B49 -> Insert line(s) for any additional Consultants | C49: Provide details in Consultant Tab | K49: =D49*E49 -> 0 | S49: =L49*M49 -> 0 | AA49: =T49*U49 -> 0 | AI49: =AB49*AC49 -> 0 | AQ49: =AJ49*AK49 -> 0 | AY49: =AR49*AS49 -> 0 | AZ49: =SUM(D49,L49,T49,AB49,AJ49,AR49) -> 0 | BA49: =K49+S49+AA49+AI49+AQ49+AY49 -> 0
B50: Total Consultant Costs | K50: =SUM(K45:K49) -> 0 | S50: =SUM(S45:S49) -> 0 | AA50: =SUM(AA45:AA49) -> 0 | AI50: =SUM(AI45:AI49) -> 0 | AQ50: =SUM(AQ45:AQ49) -> 0 | AY50: =SUM(AY45:AY49) -> 0 | AZ50: =SUM(AZ45:AZ49) -> 0 | BA50: =K50+S50+AA50+AI50+AQ50+AY50 -> 0
A51: Other Direct Costs
B52: =Base!B52 -> Materials/Supplies | C52: Provide details in Materials Tab | K52: 0 | S52: 0 | AA52: 0 | AI52: 0 | AQ52: 0 | AY52: 0 | BA52: =K52+S52+AA52+AI52+AQ52+AY52 -> 0
B53: =Base!B53 -> Equipment | C53: Provide details in Equip. Tab | K53: 0 | S53: 0 | AA53: 0 | AI53: 0 | BA53: =K53+S53+AA53+AI53+AQ53+AY53 -> 0
B54: =Base!B54 -> Travel | C54: Provide details in Travel Tab | K54: 0 | S54: 0 | AA54: 0 | AI54: 0 | BA54: =K54+S54+AA54+AI54+AQ54+AY54 -> 0
B55: =Base!B55 -> Insert line(s) for any other types of ODCs | C55: Provide details in ODC Tab | K55: 0 | S55: 0 | AA55: 0 | AI55: 0 | BA55: =K55+S55+AA55+AI55+AQ55+AY55 -> 0
B56: Total Other Direct Costs | K56: =SUM(K51:K55) -> 0 | S56: =SUM(S51:S55) -> 0 | AA56: =SUM(AA51:AA55) -> 0 | AI56: =SUM(AI51:AI55) -> 0 | AQ56: =SUM(AQ51:AQ55) -> 0 | AY56: =SUM(AY51:AY55) -> 0 | BA56: =K56+S56+AA56+AI56+AQ56+AY56 -> 0
A57: Material Handling (M/H O/H) (See Indirect Rates Worksheet) | D57: Base | E57: Rate | L57: Base | M57: Rate | T57: Base | U57: Rate | AB57: Base | AC57: Rate | AJ57: Base | AK57: Rate | AR57: Base | AS57: Rate
B58: =Base!B58 -> Insert M/H O/H rate title | D58: 0 | E58: 0 | K58: =D58*E58 -> 0 | L58: 0 | M58: 0 | S58: =L58*M58 -> 0 | T58: 0 | U58: 0 | AA58: =T58*U58 -> 0 | AB58: 0 | AC58: 0 | AI58: =AB58*AC58 -> 0 | AJ58: 0 | AK58: 0 | AQ58: =AJ58*AK58 -> 0 | AR58: 0 | AS58: 0 | AY58: =AR58*AS58 -> 0 | BA58: =K58+S58+AA58+AI58+AQ58+AY58 -> 0
B59: =Base!B59 -> Insert line(s) & title(s) for any other M/H O/H rates | K59: =D59*E59 -> 0 | S59: =L59*M59 -> 0 | AA59: =T59*U59 -> 0 | AI59: =AB59*AC59 -> 0 | AQ59: =AJ59*AK59 -> 0 | AY59: =AR59*AS59 -> 0 | BA59: =K59+S59+AA59+AI59+AQ59+AY59 -> 0
B60: Total Material Handling Costs | K60: =SUM(K57:K59) -> 0 | S60: =SUM(S57:S59) -> 0 | AA60: =SUM(AA57:AA59) -> 0 | AI60: =SUM(AI57:AI59) -> 0 | AQ60: =SUM(AQ57:AQ59) -> 0 | AY60: =SUM(AY57:AY59) -> 0 | BA60: =K60+S60+AA60+AI60+AQ60+AY60 -> 0
A61: Subtotal Costs | K61: =F32+K35+K38+K44+K50+K56+K60 -> 0 | S61: =N32+S35+S38+S44+S50+S56+S60 -> 0 | AA61: =V32+AA35+AA38+AA44+AA50+AA56+AA60 -> 0 | AI61: =AD32+AI35+AI38+AI44+AI50+AI56+AI60 -> 0 | AQ61: =AL32+AQ35+AQ38+AQ44+AQ50+AQ56+AQ60 -> 0 | AY61: =AT32+AY35+AY38+AY44+AY50+AY56+AY60 -> 0 | BA61: =K61+S61+AA61+AI61+AQ61+AY61 -> 0
A62: General and Administrative (G&A) (See Indirect Rates Worksheet) | D62: Base | E62: Rate | L62: Base | M62: Rate | T62: Base | U62: Rate | AB62: Base | AC62: Rate | AJ62: Base | AK62: Rate | AR62: Base | AS62: Rate
B63: =Base!B63 -> G&A | D63: =K61 -> 0 | E63: 0 | K63: =D63*E63 -> 0 | L63: =S61 -> 0 | M63: 0 | S63: =L63*M63 -> 0 | T63: =AA61 -> 0 | U63: 0 | AA63: =T63*U63 -> 0 | AB63: =AI61 -> 0 | AC63: 0 | AI63: =AB63*AC63 -> 0 | AJ63: =AQ61 -> 0 | AK63: 0 | AQ63: =AJ63*AK63 -> 0 | AR63: =AY32+AY35+AY38+AY44+AY50+AY56+AY60 -> 0 | AS63: 0 | AY63: =AR63*AS63 -> 0 | BA63: =K63+S63+AA63+AI63+AQ63+AY63 -> 0
B64: =Base!B64 -> Insert line(s) & title(s) for any other G&A rates | K64: =D64*E64 -> 0 | S64: =L64*M64 -> 0 | AA64: =T64*U64 -> 0 | AI64: =AB64*AC64 -> 0 | AQ64: =AJ64*AK64 -> 0 | AY64: =AR64*AS64 -> 0 | BA64: =K64+S64+AA64+AI64+AQ64+AY64 -> 0
B65: Total G&A Costs | K65: =SUM(K62:K64) -> 0 | S65: =SUM(S63:S64) -> 0 | AA65: =SUM(AA63:AA64) -> 0 | AI65: =SUM(AI63:AI64) -> 0 | AQ65: =SUM(AQ63:AQ64) -> 0 | AY65: =SUM(AY63:AY64) -> 0 | BA65: =K65+S65+AA65+AI65+AQ65+AY65 -> 0
A66: Subtotal Costs | K66: =K61+K65 -> 0 | S66: =S61+S65 -> 0 | AA66: =AA61+AA65 -> 0 | AI66: =AI61+AI65 -> 0 | AQ66: =AQ61+AQ65 -> 0 | AY66: =AY61+AY65 -> 0 | BA66: =K66+S66+AA66+AI66+AQ66+AY66 -> 0
A67: Facilities Cost of Money (COM) (See Indirect Rates Worksheet) | D67: Base | E67: Rate | L67: Base | M67: Rate | T67: Base | U67: Rate | AB67: Base | AC67: Rate | AJ67: Base | AK67: Rate | AR67: Base | AS67: Rate
B68: =Base!B68 -> Insert COM rate title | D68: 0 | E68: 0 | K68: =D68*E68 -> 0 | L68: 0 | M68: 0 | S68: =L68*M68 -> 0 | T68: 0 | U68: 0 | AA68: =T68*U68 -> 0 | AB68: 0 | AC68: 0 | AI68: =AB68*AC68 -> 0 | AJ68: 0 | AK68: 0 | AQ68: =AJ68*AK68 -> 0 | AR68: 0 | AS68: 0 | AY68: =AR68*AS68 -> 0 | BA68: =K68+S68+AA68+AI68+AQ68+AY68 -> 0
B69: =Base!B69 -> Insert line(s) & title(s) for any other COM rates | K69: =D69*E69 -> 0 | S69: =L69*M69 -> 0 | AA69: =T69*U69 -> 0 | AI69: =AB69*AC69 -> 0 | AQ69: =AJ69*AK69 -> 0 | AY69: =AR69*AS69 -> 0 | BA69: =K69+S69+AA69+AI69+AQ69+AY69 -> 0
B70: Total Cost of Money | K70: =SUM(K67:K69) -> 0 | S70: =SUM(S68:S69) -> 0 | AA70: =SUM(AA68:AA69) -> 0 | AI70: =SUM(AI68:AI69) -> 0 | AQ70: =SUM(AQ68:AQ69) -> 0 | AY70: =SUM(AY68:AY69) -> 0 | BA70: =K70+S70+AA70+AI70+AQ70+AY70 -> 0
A71: Total Estimated Costs | K71: =K66+K70 -> 0 | S71: =S66+S70 -> 0 | AA71: =AA66+AA70 -> 0 | AI71: =AI66+AI70 -> 0 | AQ71: =AQ66+AQ70 -> 0 | AY71: =AY66+AY70 -> 0 | BA71: =K71+S71+AA71+AI71+AQ71+AY71 -> 0
A72: Fixed Fee (If proposing a CPFF contract) or Profit | C72: (Note 4) | D72: =K66 -> 0 | E72: 0 | K72: =D72*E72 -> 0 | L72: =S66 -> 0 | M72: 0 | S72: =L72*M72 -> 0 | T72: =AA66 -> 0 | U72: 0 | AA72: =T72*U72 -> 0 | AB72: =AI66 -> 0 | AC72: 0 | AI72: =AB72*AC72 -> 0 | AJ72: =AQ66 -> 0 | AK72: 0 | AQ72: =AJ72*AK72 -> 0 | AR72: =AY66 -> 0 | AS72: 0 | AY72: =AR72*AS72 -> 0 | BA72: =K72+S72+AA72+AI72+AQ72+AY72 -> 0
A73: Total Estimated Costs Plus Fixed Fee | K73: =K71+K72 -> 0 | S73: =S71+S72 -> 0 | AA73: =AA71+AA72 -> 0 | AI73: =AI71+AI72 -> 0 | AQ73: =AQ71+AQ72 -> 0 | AY73: =AY71+AY72 -> 0 | BA73: =K73+S73+AA73+AI73+AQ73+AY73 -> 0
A75: Instructions: | B75: • For PRIME submission - Subcontractor Name: If there are subcontracts, list all subcontractor names. • In upper right last column, replace the “X” in X-Months with actual number of months. • Add descriptions in Column B if costs are entered in the following areas: Fringe Benefits, Labor Overhead, Other Direct Costs (other types), Material Handling, General and Administrative, and Facilities Cost of Money. • Subcontracts/Interorganizational Transfers: If appropriate, place Subcontractor name(s) or Interorganizational Name/Code in Column B. • Consultants: If appropriate, place Consultant name(s) in Column B. Running title will indicate when submission is from a prime, subcontractor or consultant.
A76: Note 1: | B76: Any proposed personnel in the technical proposal should be identified with their labor category.
A77: Note 2: | B77: The Fiscal Years or time periods (Row 5) are defined on the Proposer Constants tab. The months during the period of performance that these rates apply (Row 6) are also defined on the Proposer Constants tab.
A78: Note 3: | B78: The values under Total Direct Labor "Hours" column indicate the total level of effort for the project for each labor category. The Proposer must define the split of hours between initial and subsequent rate years based on its time periods defined on the Proposer Constants tab.
A79: Note 4: | B79: Profit or fee is not allowed on direct costs for equipment, Government entities or cost share contracts. In addition, a DD Form 1547 (DFARS 215.404-70) will be utilized in calculating the Government objective for fee.

Sheet Subcontractor
A1: SUBCONTRACTOR COST DATA | E1: =General!C2 -> Proposer's Name (Prime or Subcontractor)
A2: Subcontracts/Interorganizational Transfers – A fully disclosed cost proposal as detailed as the prime Proposer’s cost proposal including support documentation will be required to be submitted by all proposed subcontractors and for all interorganizational transfers. Subcontractor MS Excel cost proposal spreadsheets may be submitted directly to the Government by the proposed subcontractor via e-mail to the specific BAA mailbox.
A7: The prime contractor should perform and provide a cost/price analysis of each subcontractor’s cost proposal. Proposers are required to obtain competition to the maximum extent practicable when selecting subcontractors; if the proposer has obtained competitive quotes, copies should be provided. If the Proposer has selected other than the low bid for inclusion in their proposal or intends to award the subcontract on a sole-source basis, the proposer should provide rationale for their decision. For sole-sourced subcontracts, the prime contractor must provide a short sole-source justification.
A10: Certified cost or pricing data may be required for subcontractor proposals over $2,000,000.
A12: *Note: Federal Acquisition Regulation provision 52.215-22 is incorporated into this solicitation by reference. The proposer is to exclude excessive pass-through charges from subcontractors. The proposer must identify in its proposal the percentage of effort it intends to perform and the percentage to be performed by each of its proposed subcontractors. If more than 70 percent of the total effort will be performed through subcontractors, the proposer must include the additional information required by the above-cited clause.
B15: Subcontractor | D15: CAGE Code | F15: Competitive/Sole Source | H15: Cost/price analysis included (Y/N) | J15: Type of Subcontract (i.e., Fixed Price, Time and Materials, etc.) | L15: Competitive Quotes or Sole Source Documentation Included (Y/N) | N15: Total amount exceeds $2M (Y/N)
Q16: Y
Q17: N

Sheet Consultants
A1: CONSULTANTS (Note 2) | C1: =General!C2 -> Proposer's Name (Prime or Subcontractor)
A3: Name | B3: Description of effort to be performed by the Consultant or attach Consultant Statement of Work | C3: Number of Hours | D3: Hourly Rate | E3: SUBTOTAL | F3: Travel costs | G3: Other Costs | H3: Total | I3: Basis of Estimate (Note 1) | J3: Included copy of Consulting Agreement or other documentation supporting the proposed rate | K3: Reference Document Number
A4: Base | E4: =C4*D4 -> 0 | H4: =E4+F4+G4 -> 0 | L4: Y
E5: =C5*D5 -> 0 | H5: =E5+F5+G5 -> 0 | L5: N
E6: =C6*D6 -> 0 | H6: =E6+F6+G6 -> 0
E7: =C7*D7 -> 0 | H7: =E7+F7+G7 -> 0
A8: Option I
E9: =C9*D9 -> 0 | H9: =E9+F9+G9 -> 0
E10: =C10*D10 -> 0 | H10: =E10+F10+G10 -> 0
E11: =C11*D11 -> 0 | H11: =E11+F11+G11 -> 0
E12: =C12*D12 -> 0 | H12: =E12+F12+G12 -> 0
G13: TOTAL | H13: =SUM(H4:H12) -> 0
A15: Instructions: | B15: • For Prime - fill out all columns if applicable. Indicate “Not Applicable” in B5 when there is no information to include.
A17: Note 1: | B17: Describe how and why the consultant was selected.
A19: Note 2: | B19: Include a separate section in the above table for the Base and each Option.

Sheet Materials-Supplies
A1: MATERIALS - SUPPLIES (Note 1) | D1: =General!C2 -> Proposer's Name (Prime or Subcontractor)
A3: Item (Note 2) | B3: Description of Material | C3: Qty | D3: Unit Price | E3: Total Price | F3: Competitive /Sole Source | G3: Vendor/Source (If known) | H3: Basis of Estimate (Note 3) | I3: Supporting documentation has been provided (Y/N) (Note 3) | J3: Reference Document Number
A4: Base | E4: =C4*D4 -> 0 | K4: Y
A5: 1 | E5: =C5*D5 -> 0 | K5: N
A6: 2 | E6: =C6*D6 -> 0
A7: 3 | E7: =C7*D7 -> 0
A8: Option I | E8: =C8*D8 -> 0
A9: 4 | E9: =C9*D9 -> 0
A10: 5 | E10: =C10*D10 -> 0
A11: 6 | E11: =C11*D11 -> 0
A12: 7 | E12: =C12*D12 -> 0
D13: TOTAL | E13: =SUM(E4:E12) -> 0
A16: Instructions: | B16: • Indicate “Not Applicable” in cell B4 if there is no information to include for the Base and in cell B8 if there is no information to include for the Option. • Fill out all columns on the Materials/Supplies Tab for each item. • Add additional lines if needed. • Include supporting documentation for each entry with unit cost over $5,000. Backup may consist of a vendor quote, past purchase order/invoice, information from a website, or a detailed explanation of labor and material costs for custom made items. • Clearly label Materials/Supplies backup with a Reference Document Number in the format of MAT000 starting with MAT001. Place the Reference Document Number in the upper right hand side of the backup page. If there are several quotes on a page, items not desired must be lined out and each desired item must have a separate reference number placed to the left of the item on the backup page. The Reference Document Number must be listed next to the appropriate item on the Materials/Supplies worksheet under the Reference Document Number column. • Ensure that descriptions and vendors listed on the Materials/Supplies worksheet match information provided in the backup. • Number Reference Document Numbers sequentially so they match the Item number in the Base. For example, Item number 1 should match MAT001. If the same items are used again in the options, there is no need to renumber or add additional copies of the backup, but list the items sequentially for each option by Reference Document Number. As an example, MAT010 could be used for Base item number 10, Option I item number1 and Option II Item number 6.
A18: Note 1: | B18: Material is property that may be incorporated into or attached to a deliverable end item or that may be consumed or expended in performing a contract. It includes assemblies, components, parts, raw and processed materials, and small tools and supplies that may be consumed in normal use in performing a contract. Material should be proposed separately from Equipment (see following spreadsheet and definitions).
A20: Note 2: | B20: Include a separate section in the above table for the Base and each Option. Add additional lines labeled with Options if needed.
A22: Note 3: | B22: In an attachment, provide all supporting documentation to support your price basis, e.g. copy of vendor quote, past invoice/PO, page from catalog, or method used for deriving engineering estimates.

Sheet Equipment
A1: EQUIPMENT (Note 1) | C1: =General!C2 -> Proposer's Name (Prime or Subcontractor)
A3: Item (Note 2) | B3: Description of Equipment (Note 1) | C3: Justification for why the equipment is needed | D3: Will the equipment be included as part of a deliverable item under the award? (Y/N) | E3: Type of Equipment (special test equipment, special tooling, general purpose equipment, or plant equipment) (Note 3) | F3: Qty | G3: Unit of Issue | H3: Unit Price | I3: Total Price | J3: Vendor/Source | K3: Basis of Estimate (Note 4) | L3: Supporting documentation has been provided (Y/N) (Note 4) | M3: Reference Document Number
A4: Base | I4: =F4*H4 -> 0 | N4: Y
I5: =F5*H5 -> 0 | N5: N
I6: =F6*H6 -> 0
A7: Option I
I8: =F8*H8 -> 0
H9: TOTAL | I9: =SUM(I4:I8) -> 0
A11: Instructions: | B11: • Indicate “Not Applicable” in cell B4 if there is no information to include for the Base and in cell B7 if there is no information to include for the Option. • Fill out all columns on the Equipment Tab for each item. • Add additional lines if needed. • Provide justification for equipment. Be sure to indicate the benefit(s) to the Government. Expand on any statements along the lines of “It is needed to support the project deliverables”. Costs must be approved by the Program Officer. Link the justification to the type of equipment purchase, i.e. special test equipment, special tooling, or plant equipment. • Include supporting documentation for each entry with unit cost over $5,000. Backup may consist of a vendor quote, past purchase order or invoice, information from a website, or a detailed explanation of labor and material costs for custom made items. • Label equipment backup clearly with a Reference Document Number in the format of EQ000 starting with EQ001. Place the Reference Document Number in the upper right hand side of the backup page. If there are several quotes on a page, items not desired must be lined out and each desired item must have a separate reference number placed to the left of the item on the backup page. The Reference Document Number must be listed next to the appropriate item on the Equipment worksheet under the Reference Document Number column. • Ensure that descriptions and vendors listed on the Equipment worksheet match information provided in the backup. • Number Reference Document Numbers sequentially so they match the Item number in the Base. For example, Item number 1 should match EQ001. If the same items are used again in the options, there is no need to renumber or add additional copies of the backup, but list the items sequentially for each option by Reference Document Number. As an example, EQ010 could be used for Base item number 10, Option I item number 1 and Option II Item number 6.
A13: Note 1: | B13: Contractors are normally required to furnish all equipment and/or facilities necessary to perform Government contracts (see FAR 45.102(a)). The Government may allow equipment and/or facilities only under special circumstances. If equipment and/or facilities are proposed, the specific description should identify the component, nomenclature, and configuration of the equipment/hardware that it proposes to purchase for this effort. The purchase on a direct reimbursement basis of equipment that is not included in a deliverable item will be evaluated for allowability on a case-by-case basis. Maximum use of Government integration, test, and experiment facilities is encouraged.
A16: Note 2: | B16: Include a separate section in the above table for the Base and each Option. Add additional lines labeled with Options if needed.
A18: Note 3: | B18: Definitions:
B19: Special Test Equipment is defined as either single or multipurpose integrated test units engineered, designed, fabricated, or modified to accomplish special purpose testing in performing a contract. It consists of items or assemblies of equipment including standard or general purpose items or components that are interconnected and interdependent so as to become a new functional entity for special testing purposes.
B22: Special tooling is defined as jigs, dies, fixtures, molds, patterns, taps, gauges, and all components of these items, including foundations and similar improvements necessary for installing special test equipment, and which are of such a specialized nature that without substantial modification or alteration their use is limited to the development or production of particular supplies or parts thereof or to the performance of particular services.
B26: Plant equipment means personal property of a capital nature (including equipment, machine tools, test equipment, furniture, vehicles, and accessory and auxiliary items) for use in manufacturing supplies, in performing services, or for any administrative or general plant purpose. It does not include special tooling or special test equipment.
A29: Note 4: | B29: In an attachment, provide all supporting documentation to support your price basis, e.g. copy of vendor quote, past invoice/PO, page from catalog, or method used for deriving engineering estimates.

Sheet Travel
A1: TRAVEL | B1: (Notes 1, 2 and 3) | C1: =General!C2 -> Proposer's Name (Prime or Subcontractor)
C3: TRAVEL DETAIL
A4: Base / Option / Task | B4: Purpose of Trip | C4: Origin Destination | D4: Final Destination | E4: # People | F4: # Days | G4: # of Trips | H4: # days at 100% Hotel per diem | I4: # days at 100% M&IE per diem | J4: # days at 75% M&IE per diem | K4: Round Trip Airfare/ Trainfare per person | L4: Total Airfare/ Trainfare $ per Trip | M4: Hotel Per Diem Rate per person | N4: Total Hotel Per Diem $ per trip | O4: M&IE Per Diem Rate per person | P4: 100% M&IE Per Diem $ | Q4: 75% M&IE Per Diem $ | R4: Total M&IE Per Diem $ per trip | S4: Car Rental dollars per day including Taxes & Fees | T4: # of Cars (1-3 people per car) | U4: Total Car rental $ per trip | V4: Standard Personal Car Mileage Rate | W4: Estimated Number of Round trip Miles per Car | X4: # of Personal Cars | Y4: Total Mileage Rate Dollars | Z4: Conference Fees | AA4: Other Expenses (tolls, parking, rental gas, wi-fi) | AB4: TOTAL DIRECT DOLLARS PER TRIP | AC4: GRAND TOTAL DIRECT DOLLARS FOR ALL TRIPS
H5: =IF((F5>0),F5-1,0) -> 0 | I5: =IF(F5>2,F5-2,0) -> 0 | J5: =IF(F5<=2,F5,F5-I5) -> 0 | L5: =+K5*E5 -> 0 | N5: =M5*E5*H5 -> 0 | P5: =+O5*E5*I5 -> 0 | Q5: =(+O5*E5*J5)*0.75 -> 0 | R5: =SUM(P5:Q5) -> 0 | U5: =T5*S5*H5 -> 0 | Y5: =W5*V5*X5 -> 0 | AB5: =+Y5+U5+R5+N5+L5+Z5+AA5 -> 0 | AC5: =+AB5*G5 -> 0
H6: =IF((F6>0),F6-1,0) -> 0 | I6: =IF(F6>2,F6-2,0) -> 0 | J6: =IF(F6<=2,F6,F6-I6) -> 0 | L6: =+K6*E6 -> 0 | N6: =M6*E6*H6 -> 0 | P6: =+O6*E6*I6 -> 0 | Q6: =(+O6*E6*J6)*0.75 -> 0 | R6: =SUM(P6:Q6) -> 0 | U6: =T6*S6*H6 -> 0 | Y6: =W6*V6*X6 -> 0 | AB6: =+Y6+U6+R6+N6+L6+Z6+AA6 -> 0 | AC6: =+AB6*G6 -> 0
H7: =IF((F7>0),F7-1,0) -> 0 | I7: =IF(F7>2,F7-2,0) -> 0 | J7: =IF(F7<=2,F7,F7-I7) -> 0 | L7: =+K7*E7 -> 0 | N7: =M7*E7*H7 -> 0 | P7: =+O7*E7*I7 -> 0 | Q7: =(+O7*E7*J7)*0.75 -> 0 | R7: =SUM(P7:Q7) -> 0 | U7: =T7*S7*H7 -> 0 | Y7: =W7*V7*X7 -> 0 | AB7: =+Y7+U7+R7+N7+L7+Z7+AA7 -> 0 | AC7: =+AB7*G7 -> 0
H8: =IF((F8>0),F8-1,0) -> 0 | I8: =IF(F8>2,F8-2,0) -> 0 | J8: =IF(F8<=2,F8,F8-I8) -> 0 | L8: =+K8*E8 -> 0 | N8: =M8*E8*H8 -> 0 | P8: =+O8*E8*I8 -> 0 | Q8: =(+O8*E8*J8)*0.75 -> 0 | R8: =SUM(P8:Q8) -> 0 | U8: =T8*S8*H8 -> 0 | Y8: =W8*V8*X8 -> 0 | AB8: =+Y8+U8+R8+N8+L8+Z8+AA8 -> 0 | AC8: =+AB8*G8 -> 0
A9: Base Total Travel | AC9: =SUM(AC5:AC8) -> 0
H10: =IF((F10>0),F10-1,0) -> 0 | I10: =IF(F10>2,F10-2,0) -> 0 | J10: =IF(F10<=2,F10,F10-I10) -> 0 | L10: =+K10*E10 -> 0 | N10: =M10*E10*H10 -> 0 | P10: =+O10*E10*I10 -> 0 | Q10: =(+O10*E10*J10)*0.75 -> 0 | R10: =SUM(P10:Q10) -> 0 | U10: =T10*S10*H10 -> 0 | Y10: =W10*V10*X10 -> 0 | AB10: =+Y10+U10+R10+N10+L10+Z10+AA10 -> 0 | AC10: =+AB10*G10 -> 0
H11: =IF((F11>0),F11-1,0) -> 0 | I11: =IF(F11>2,F11-2,0) -> 0 | J11: =IF(F11<=2,F11,F11-I11) -> 0 | L11: =+K11*E11 -> 0 | N11: =M11*E11*H11 -> 0 | P11: =+O11*E11*I11 -> 0 | Q11: =(+O11*E11*J11)*0.75 -> 0 | R11: =SUM(P11:Q11) -> 0 | U11: =T11*S11*H11 -> 0 | Y11: =W11*V11*X11 -> 0 | AB11: =+Y11+U11+R11+N11+L11+Z11+AA11 -> 0 | AC11: =+AB11*G11 -> 0
H12: =IF((F12>0),F12-1,0) -> 0 | I12: =IF(F12>2,F12-2,0) -> 0 | J12: =IF(F12<=2,F12,F12-I12) -> 0 | L12: =+K12*E12 -> 0 | N12: =M12*E12*H12 -> 0 | P12: =+O12*E12*I12 -> 0 | Q12: =(+O12*E12*J12)*0.75 -> 0 | R12: =SUM(P12:Q12) -> 0 | U12: =T12*S12*H12 -> 0 | Y12: =W12*V12*X12 -> 0 | AB12: =+Y12+U12+R12+N12+L12+Z12+AA12 -> 0 | AC12: =+AB12*G12 -> 0
H13: =IF((F13>0),F13-1,0) -> 0 | I13: =IF(F13>2,F13-2,0) -> 0 | J13: =IF(F13<=2,F13,F13-I13) -> 0 | L13: =+K13*E13 -> 0 | N13: =M13*E13*H13 -> 0 | P13: =+O13*E13*I13 -> 0 | Q13: =(+O13*E13*J13)*0.75 -> 0 | R13: =SUM(P13:Q13) -> 0 | U13: =T13*S13*H13 -> 0 | Y13: =W13*V13*X13 -> 0 | AB13: =+Y13+U13+R13+N13+L13+Z13+AA13 -> 0 | AC13: =+AB13*G13 -> 0
A14: Option Total Travel | AC14: =SUM(AC10:AC13) -> 0
A15: GRAND TOTAL TRAVEL | AC15: =AC9+AC14 -> 0
A18: Instructions: | B18: • When completing the “Origin” and “Final” Destination information, enter the city and state where travel will originate and end. For example, from Seattle WA to Washington DC. Do not list airport codes. • Include the trip purpose. It must be referred to in the Technical Proposal. Publications, conference attendance, and presentations are encouraged but must be justified to and approved by the Program Officer. • Remember that you cannot stay overnight the same number of days that you travel. There must always be one more day than night. • The first day and the last day of travel are charged at 75% of the M&IE per diem rate. If you travel for just one day (lasting 12 hours or more), the M&IE per diem rate is also charged at 75%. For answers to FAQs about per diem and travel rates, please review: https://www.gsa.gov/travel/plan-book/per-diem-rates/frequently-asked-questions-per-diem. • Do not combine any categories. • For lodging and M&IE, use federal Per Diem Rates found at https://www.gsa.gov. • Submit backup for airfare and rental cars. Price airfare at economy rates; indicate if the airfare is refundable.
A20: Note 1: | B20: Estimates and the resultant costs claimed must conform to the applicable Federal cost principles.
R22: • Do not combine any categories.
A24: Note 2: | B24: Include a separate section in the above table for the base and each option
A26: Note 3: | B26: If there are miscellaneous expenses associated with the trip, provide description and rationale.

Sheet ODC Details
A1: OTHER DIRECT COSTS (Note 1) | D1: =General!C2 -> Proposer's Name (Prime or Subcontractor)
A3: Description (Note 2) | B3: Qty | C3: Unit of Issue | D3: Unit Price | E3: Total Price | F3: Basis of Estimate (Note 3) | G3: Supporting documentation has been provided (Y/N) (Note 3) | H3: Reference Document Number
A4: Base | E4: =B4*D4 -> 0 | I4: Y
E5: =B5*D5 -> 0 | I5: N
E6: =B6*D6 -> 0
A7: Option I | E7: =B7*D7 -> 0
E8: =B8*D8 -> 0
E9: =B9*D9 -> 0
E10: =B10*D10 -> 0
D11: TOTAL | E11: =SUM(E4:E10) -> 0
A14: Instructions: | B14: • Indicate “Not Applicable” in cell B4 if there is no information to include for the Base and in cell B7 if there is no information to include for the Option. • If you have any ODC entries, be sure to fill out all columns. • Include supporting documentation for each entry with unit cost over $5,000. Backup may consist of a vendor quote, past purchase order/invoice, information from a website, or a detailed explanation of labor and material costs for custom made items. • Label ODC backup clearly with a Reference Document Number in the format of ODC000 starting with ODC001. Place the Reference Document Number in the upper right hand side of the backup page. If there are several quotes on a page, make sure each desired item has a separate reference number placed to the left of the item on the backup page. The Reference Document Number must be listed next to the appropriate item on the ODC worksheet under the Reference Document Number column. • Ensure that descriptions and vendors listed on the ODC Details worksheet match information provided in the backup. • Number Reference Document Numbers sequentially so they match the Item number in the Base. For example, Item number 1 should match ODC001. If the same items are used again in the options, there is no need to renumber or add additional copies of the backup, but list the items sequentially by Reference Document Number. As an example, ODC002 could be used for Base item number 2, Option I item number 1 and Option II Item number 1.
A16: Note 1: | B16: Examples include rental fees, shipping costs, license fees
A18: Note 2: | B18: Include a separate section in the above table for the Base and each Option. Add additional lines labeled with Options if needed.
A20: Note 3: | B20: In an attachment, provide all supporting documentation to support your price basis, e.g. copy of quote, page from catalog, or method used for deriving engineering estimates.

Sheet Animal-Human Use Y-N
A1: Prime Name
A2: PI Name
A3: Animal/Human Use Summary
A5: Base (Phase 1) | F5: Option I (Phase 2) | K5: Option II (Phase 3)
A6: Task | B6: Descriptive Text | C6: Animal Use (Y/N) | D6: Human Use (Y/N) | F6: Task | G6: Descriptive Text | H6: Animal Use (Y/N) | I6: Human Use (Y/N) | K6: Task | L6: Descriptive Text | M6: Animal Use (Y/N) | N6: Human Use (Y/N)
A7: 1 | B7: TA 1 | F7: 1 | G7: TA 1 | K7: 1 | L7: TA 1
A8: 2 | B8: TA 2 | F8: 2 | G8: TA 2 | K8: 2 | L8: TA 2
A10: Instructions: Indicate if animal and or human use is associated with each TA in each phase

Sheet Animal Related
A1: Animal Related Costs | D1: =General!C2 -> Proposer's Name (Prime or Subcontractor)
A3: Item | B3: Description of Animal Related Cost | C3: Qty | D3: Unit Price | E3: Unit Price Description (e.g., per diem, cage cost, vet fee, animal purchase, etc.) | F3: Total Price | G3: Vendor/Source (If known) | H3: Basis of Estimate | I3: Supporting documentation has been provided (Y/N) | J3: Reference Document Number
A4: Base | F4: =C4*D4 -> 0 | K4: Y
A5: 1 | F5: =C5*D5 -> 0 | K5: N
A6: 2 | F6: =C6*D6 -> 0
A7: 3 | F7: =C7*D7 -> 0
A8: 4 | F8: =C8*D8 -> 0
A9: Option I | F9: =C9*D9 -> 0
A10: 5 | F10: =C10*D10 -> 0
A11: 6 | F11: =C11*D11 -> 0
A12: 7 | F12: =C12*D12 -> 0
A13: 8 | F13: =C13*D13 -> 0
A14: Option II | F14: =C14*D14 -> 0
A15: 9 | F15: =C15*D15 -> 0
A16: 10 | F16: =C16*D16 -> 0
A17: 11 | F17: =C17*D17 -> 0
A18: 12 | F18: =C18*D18 -> 0
D19: TOTAL | F19: =SUM(F4:F18) -> 0
A22: Instructions: | B22: • Fill out all columns on the Animal Related Costs Tab for each item. • Add additional lines if needed. • Include backup for each entry. Backup may consist of a vendor quote, information from a website, or a detailed explanation of labor and material costs for custom made items. • Clearly label Animal Related backup with a Reference Document Number in the format of ART000 starting with ART001. Place the Reference Document Number in the upper right hand side of the backup page. If there are several quotes on a page, items not desired must be lined out and each desired item must have a separate reference number placed to the left of the item on the backup page. The Reference Document Number must be listed next to the appropriate item on the Animal Related worksheet under the Reference Document Number column. • Ensure that descriptions and vendors listed on the Animal Related worksheet match information provided in the backup. • Number Reference Document Numbers sequentially so they match the Item number in the Base. For example, Item number 1 should match ART001. If the same items are used again in the options, there is no need to renumber or add additional copies of the backup, but list the items sequentially for each option by Reference Document Number. As an example, ART010 could be used for Base item number 10, Option I item number1 and Option II Item number 6.

Sheet Human Subjects Research
A1: Human Subjects Research (HSR) Related Costs | D1: =General!C2 -> Proposer's Name (Prime or Subcontractor)
